Workbook

Sheet Menu

Sheet Tenda - Operacional
A6: DESTAQUES OPERACIONAIS
A7: (em R$ milhões) | B7: 2T26 | C7: 1T26 | D7: 2025 | E7: 4T25 | F7: 3T25 | G7: 2T25 | H7: 1T25 | I7: 2024 | J7: 4T24 | K7: 3T24 | L7: 2T24 | M7: 1T24 | N7: 2023 | O7: 4T23 | P7: 3T23 | Q7: 2T23 | R7: 1T23 | S7: 2022 | T7: 4T22 | U7: 3T22 | V7: 2T22 | W7: 1T22 | X7: 2021 | Y7: 4T21 | Z7: 3T21 | AA7: 2T21 | AB7: 1T21 | AC7: 2020 | AD7: 4T20 | AE7: 3T20 | AF7: 2T20 | AG7: 1T20 | AH7: 2019 | AI7: 4T19 | AJ7: 3T19 | AK7: 2T19 | AL7: 1T19 | AM7: 2018 | AN7: 4T18 | AO7: 3T18 | AP7: 2T18 | AQ7: 1T18 | AR7: 2017 | AS7: 4T17 | AT7: 3T17 | AU7: 2T17 | AV7: 1T17 | AW7: 2016 | AX7: 4T16 | AY7: 3T16 | AZ7: 2T16 | BA7: 1T16 | BB7: 2015 | BC7: 4T15 | BD7: 3T15 | BE7: 2T15 | BF7: 1T15 | BG7: 2014 | BH7: 4T14 | BI7: 3T14 | BJ7: 2T14 | BK7: 1T14 | BL7: 2013 | BM7: 4T13 | BN7: 3T13 | BO7: 2T13 | BP7: 1T13 | BQ7: 2012 | BR7: 4T12 | BS7: 3T12 | BT7: 2T12 | BU7: 1T12 | BV7: 2011 | BW7: 4T11 | BX7: 3T11 | BY7: 2T11 | BZ7: 1T11
A8: Destaques Operacionais (R$ milhões, VGV)
A9: Lançamentos | B9: ='Consolidado - Operacional'!B9-'Alea - Operacional'!B9 -> 1680.9171 | C9: ='Consolidado - Operacional'!C9-'Alea - Operacional'!C9 -> 1414.4643 | D9: ='Consolidado - Operacional'!D9-'Alea - Operacional'!D9 -> 5099.9102 | E9: ='Consolidado - Operacional'!E9-'Alea - Operacional'!E9 -> 1705.9281 | F9: ='Consolidado - Operacional'!F9-'Alea - Operacional'!F9 -> 1486.7271 | G9: ='Consolidado - Operacional'!G9-'Alea - Operacional'!G9 -> 1088.7786 | H9: ='Consolidado - Operacional'!H9-'Alea - Operacional'!H9 -> 818.47643 | I9: ='Consolidado - Operacional'!I9-'Alea - Operacional'!I9 -> 4903.15 | ... BZ9: ='Consolidado - Operacional'!BZ9-'Alea - Operacional'!BZ9 -> 102.4
A10: Vendas Líquidas | B10: ='Consolidado - Operacional'!B10-'Alea - Operacional'!B10 -> 1318.0564 | C10: ='Consolidado - Operacional'!C10-'Alea - Operacional'!C10 -> 1427.9689 | D10: ='Consolidado - Operacional'!D10-'Alea - Operacional'!D10 -> 4242.9044 | E10: ='Consolidado - Operacional'!E10-'Alea - Operacional'!E10 -> 1104.4221 | F10: ='Consolidado - Operacional'!F10-'Alea - Operacional'!F10 -> 1098.7173 | G10: ='Consolidado - Operacional'!G10-'Alea - Operacional'!G10 -> 1051.3756 | H10: ='Consolidado - Operacional'!H10-'Alea - Operacional'!H10 -> 988.38943 | I10: ='Consolidado - Operacional'!I10-'Alea - Operacional'!I10 -> 4183.4543 | ... BZ10: ='Consolidado - Operacional'!BZ10-'Alea - Operacional'!BZ10 -> 227.8
A11: VSO Líquida (%) | B11: 0.23857792 | C11: 0.26887288 | D11: 0.52898009 | E11: 0.22620323 | F11: 0.25799145 | G11: 0.27699568 | H11: 0.27023508 | I11: 0.59742092 | J11: 0.24725879 | K11: 0.37766371 | L11: 0.32653384 | M11: 0.31218192 | N11: . 58,3% | O11: 0.269 | P11: 0.306 | Q11: 0.262 | R11: 0.244 | S11: 0.543 | T11: 0.256 | U11: 0.211 | V11: 0.232 | W11: 0.265 | X11: 0.651 | Y11: 0.319 | Z11: 0.329 | AA11: 0.342 | AB11: 0.315 | AC11: 0.608 | AD11: 0.325 | AE11: 0.323 | AF11: 0.304 | AG11: 0.255 | AH11: 0.563 | AI11: 0.28 | AJ11: 0.28 | AK11: 0.289 | AL11: 0.275 | AM11: 0.618 | AN11: 0.286 | AO11: 0.315 | AP11: 0.333 | AQ11: 0.291 | AR11: 0.567 | AS11: 0.269 | AT11: 0.247 | AU11: 0.262 | AV11: 0.243 | AW11: 0.513 | AX11: 0.223 | AY11: 0.188 | AZ11: 0.264 | BA11: 0.239 | BB11: 0.53 | BC11: 0.209 | BD11: 0.23 | BE11: 0.282 | BF11: 0.233 | BG11: 0.323 | BH11: 0.133 | BI11: 0.048 | BJ11: 0.208 | BK11: 0.064 | BL11: 0.442 | BM11: 0.209 | BN11: 0.174 | BO11: 0.2 | BP11: 0.009 | BQ11: -0.099 | BR11: -0.037 | BS11: 0.038 | BT11: 0.018 | BU11: -0.11 | BV11: 0.22 | BW11: -0.23 | BX11: 0.091 | BY11: 0.176 | BZ11: 0.21
A12: Unidades Entregues (#) | B12: ='Consolidado - Operacional'!B12-'Alea - Operacional'!B12 -> 3708 | C12: ='Consolidado - Operacional'!C12-'Alea - Operacional'!C12 -> 4625 | D12: ='Consolidado - Operacional'!D12-'Alea - Operacional'!D12 -> 18190 | E12: ='Consolidado - Operacional'!E12-'Alea - Operacional'!E12 -> 5261 | F12: ='Consolidado - Operacional'!F12-'Alea - Operacional'!F12 -> 4780 | G12: ='Consolidado - Operacional'!G12-'Alea - Operacional'!G12 -> 1948 | H12: ='Consolidado - Operacional'!H12-'Alea - Operacional'!H12 -> 6201 | I12: ='Consolidado - Operacional'!I12-'Alea - Operacional'!I12 -> 15710 | ... BZ12: ='Consolidado - Operacional'!BZ12-'Alea - Operacional'!BZ12 -> 1138
A13: Banco de Terrenos | B13: ='Consolidado - Operacional'!B13-'Alea - Operacional'!B13 -> 27667.926 | C13: ='Consolidado - Operacional'!C13-'Alea - Operacional'!C13 -> 23001.774 | D13: ='Consolidado - Operacional'!D13-'Alea - Operacional'!D13 -> 22509.325 | E13: ='Consolidado - Operacional'!E13-'Alea - Operacional'!E13 -> 22509.325 | F13: ='Consolidado - Operacional'!F13-'Alea - Operacional'!F13 -> 20711.191 | G13: ='Consolidado - Operacional'!G13-'Alea - Operacional'!G13 -> 20483.12 | H13: ='Consolidado - Operacional'!H13-'Alea - Operacional'!H13 -> 18276.901 | I13: ='Consolidado - Operacional'!I13-'Alea - Operacional'!I13 -> 17972.016 | ... BZ13: ='Consolidado - Operacional'!BZ13-'Alea - Operacional'!BZ13 -> 4547.5
A14: Estoque a Valor de Mercado | B14: ='Consolidado - Operacional'!B14-'Alea - Operacional'!B14 -> 4206.5807 | C14: ='Consolidado - Operacional'!C14-'Alea - Operacional'!C14 -> 3882.9755 | D14: ='Consolidado - Operacional'!D14-'Alea - Operacional'!D14 -> 3778.0108 | E14: ='Consolidado - Operacional'!E14-'Alea - Operacional'!E14 -> 3778.0108 | F14: ='Consolidado - Operacional'!F14-'Alea - Operacional'!F14 -> 3160.018 | G14: ='Consolidado - Operacional'!G14-'Alea - Operacional'!G14 -> 2744.2635 | H14: ='Consolidado - Operacional'!H14-'Alea - Operacional'!H14 -> 2669.1277 | I14: ='Consolidado - Operacional'!I14-'Alea - Operacional'!I14 -> 2819.0696 | ... BZ14: ='Consolidado - Operacional'!BZ14-'Alea - Operacional'!BZ14 -> 856.2
A16: LANÇAMENTOS¹
A17: Lançamentos¹ | B17: 2T26 | C17: 1T26 | D17: 2025 | E17: 4T25 | F17: 3T25 | G17: =G7 -> 2T25 | H17: =H7 -> 1T25 | I17: =I7 -> 2024 | J17: =J7 -> 4T24 | K17: =K7 -> 3T24 | L17: =L7 -> 2T24 | M17: =M7 -> 1T24 | N17: =N7 -> 2023 | ... BZ17: =BZ7 -> 1T11
A18: Número de Empreendimentos | B18: ='Consolidado - Operacional'!B18-'Alea - Operacional'!B18 -> 14 | C18: ='Consolidado - Operacional'!C18-'Alea - Operacional'!C18 -> 13 | D18: ='Consolidado - Operacional'!D18-'Alea - Operacional'!D18 -> 45 | E18: ='Consolidado - Operacional'!E18-'Alea - Operacional'!E18 -> 14 | F18: ='Consolidado - Operacional'!F18-'Alea - Operacional'!F18 -> 12 | G18: ='Consolidado - Operacional'!G18-'Alea - Operacional'!G18 -> 9 | H18: ='Consolidado - Operacional'!H18-'Alea - Operacional'!H18 -> 10 | I18: ='Consolidado - Operacional'!I18-'Alea - Operacional'!I18 -> 49 | ... BZ18: ='Consolidado - Operacional'!BZ18-'Alea - Operacional'!BZ18 -> 5
A19: VGV (R$ milhões) | B19: ='Consolidado - Operacional'!B19-'Alea - Operacional'!B19 -> 1680.9171 | C19: ='Consolidado - Operacional'!C19-'Alea - Operacional'!C19 -> 1414.4643 | D19: ='Consolidado - Operacional'!D19-'Alea - Operacional'!D19 -> 5099.9102 | E19: ='Consolidado - Operacional'!E19-'Alea - Operacional'!E19 -> 1705.9281 | F19: ='Consolidado - Operacional'!F19-'Alea - Operacional'!F19 -> 1486.7271 | G19: ='Consolidado - Operacional'!G19-'Alea - Operacional'!G19 -> 1088.7786 | H19: ='Consolidado - Operacional'!H19-'Alea - Operacional'!H19 -> 818.47643 | I19: ='Consolidado - Operacional'!I19-'Alea - Operacional'!I19 -> 4903.15 | ... BZ19: ='Consolidado - Operacional'!BZ19-'Alea - Operacional'!BZ19 -> 102.4
A20: Número de unidades | B20: ='Consolidado - Operacional'!B20-'Alea - Operacional'!B20 -> 6715 | C20: ='Consolidado - Operacional'!C20-'Alea - Operacional'!C20 -> 6083 | D20: ='Consolidado - Operacional'!D20-'Alea - Operacional'!D20 -> 22138 | E20: ='Consolidado - Operacional'!E20-'Alea - Operacional'!E20 -> 7146 | F20: ='Consolidado - Operacional'!F20-'Alea - Operacional'!F20 -> 6343 | G20: ='Consolidado - Operacional'!G20-'Alea - Operacional'!G20 -> 5016 | H20: ='Consolidado - Operacional'!H20-'Alea - Operacional'!H20 -> 3633 | I20: ='Consolidado - Operacional'!I20-'Alea - Operacional'!I20 -> 22404 | ... BZ20: ='Consolidado - Operacional'!BZ20-'Alea - Operacional'!BZ20 -> 650
A21: Preço médio por unidade (R$ mil) | B21: 250.32273 | C21: 232.52741 | D21: 230.36906 | E21: 238.72489 | F21: 234.38863 | G21: 217.06113 | H21: 225.28941 | I21: 218.85155 | J21: 219.36045 | K21: 215.26275 | L21: 226.46676 | M21: 219.80007 | N21: 205.8783 | O21: 216.03323 | P21: 198.8879 | Q21: 208.55582 | R21: 192.01797 | S21: 197.21591 | T21: 202.17889 | U21: 210.18145 | V21: 201.13146 | W21: 176.28479 | X21: 149.42392 | Y21: 147.85126 | Z21: 148.86994 | AA21: 150.98135 | AB21: 149.69053 | AC21: 147.08587 | AD21: 144.26917 | AE21: 155.59763 | AF21: 138.81455 | AG21: 147.9779 | AH21: 143.90827 | AI21: 139.95928 | AJ21: 145.88444 | AK21: 145.44656 | AL21: 146.57104 | AM21: 140.26725 | AN21: 148.54772 | AO21: 138.6229 | AP21: 133.0397 | AQ21: 143.80324 | AR21: 144.04889 | AS21: 140.25233 | AT21: 144.14157 | AU21: 146.256 | AV21: 146.64937 | AW21: 137.28048 | AX21: 138.11628 | AY21: 129.69019 | AZ21: 146.11615 | BA21: 132.56601 | BB21: 141.21917 | BC21: 140.609 | BD21: 144.33678 | BE21: 135.55911 | BF21: 143.24185 | BG21: 142.10892 | BH21: 145.48193 | BI21: 140.03067 | BJ21: 143.27062 | BK21: 138.2622 | BL21: 137.72358 | BM21: 147.33333 | BN21: 172.66667 | BO21: 137.91667 | BP21: 111.47059 | BQ21: 0 | BR21: 0 | BS21: 0 | BT21: 0 | BU21: 0 | BV21: 103.40525 | BW21: 0 | BX21: 151.54321 | BY21: 85.729203 | BZ21: 157.53846
A22: Tamanho médio dos lançamentos (em unidades) | B22: 479.64286 | C22: 467.92308 | D22: 491.95556 | E22: 510.42857 | F22: 528.58333 | G22: 557.33333 | H22: 363.3 | I22: 457.22449 | J22: 442.71429 | K22: 451 | L22: 407.22222 | M22: 341.44444 | N22: 370 | O22: 353.30769 | P22: 418 | Q22: 372 | R22: 333 | S22: 356 | T22: 348.3 | U22: 358 | V22: 382.4 | W22: 331 | X22: 354 | Y22: 332.70588 | Z22: 387.09091 | AA22: 343.57895 | AB22: 408 | AC22: 329 | AD22: 307 | AE22: 372 | AF22: 324 | AG22: 280 | AH22: 284 | AI22: 271 | AJ22: 290 | AK22: 313 | AL22: 263 | AM22: 278 | AN22: 298 | AO22: 297 | AP22: 270 | AQ22: 232 | AR22: 262 | AS22: 272 | AT22: 261 | AU22: 254 | AV22: 258 | AW22: 239 | AX22: 251 | AY22: 279 | AZ22: 237 | BA22: 192 | BB22: 257 | BC22: 220 | BD22: 264 | BE22: 282 | BF22: 277 | BG22: 308 | BH22: 277 | BI22: 326 | BJ22: 346 | BK22: 328 | BL22: 351 | BM22: 300 | BN22: 300 | BO22: 240 | BP22: 510 | BQ22: 0 | BR22: 0 | BS22: 0 | BT22: 0 | BU22: 0 | BV22: 240 | BW22: 0 | BX22: 162 | BY22: 319 | BZ22: 130
A23: 1) Os projetos lançados no Novo Modelo de negócios possuem 100% de participação societária da Tenda.
A25: VENDAS E DISTRATOS
A26: (VGV, R$ milhões) | B26: 2T26 | C26: 1T26 | D26: 2025 | E26: 4T25 | F26: 3T25 | G26: =G7 -> 2T25 | H26: =H7 -> 1T25 | I26: =I7 -> 2024 | J26: =J7 -> 4T24 | K26: =K7 -> 3T24 | L26: =L7 -> 2T24 | M26: =M7 -> 1T24 | N26: =N7 -> 2023 | ... BZ26: =BZ7 -> 1T11
A27: Vendas Brutas | B27: ='Consolidado - Operacional'!B27-'Alea - Operacional'!B27 -> 1507.0329 | C27: ='Consolidado - Operacional'!C27-'Alea - Operacional'!C27 -> 1579.4046 | D27: ='Consolidado - Operacional'!D27-'Alea - Operacional'!D27 -> 4748.9919 | E27: ='Consolidado - Operacional'!E27-'Alea - Operacional'!E27 -> 1232.9826 | F27: ='Consolidado - Operacional'!F27-'Alea - Operacional'!F27 -> 1234.9312 | G27: ='Consolidado - Operacional'!G27-'Alea - Operacional'!G27 -> 1186.85 | H27: ='Consolidado - Operacional'!H27-'Alea - Operacional'!H27 -> 1094.2281 | I27: ='Consolidado - Operacional'!I27-'Alea - Operacional'!I27 -> 4587.8674 | ... BZ27: ='Consolidado - Operacional'!BZ27-'Alea - Operacional'!BZ27 -> 0
A28: VSO Bruto | B28: 0.273 | C28: 0.297 | D28: 0.592 | E28: 0.253 | F28: 0.29 | G28: 0.313 | H28: 0.299 | I28: 0.655 | J28: 0.278 | K28: 0.405 | L28: 0.36 | M28: 0.34325023 | N28: 0.682 | O28: 0.308 | P28: 0.35555471 | Q28: 0.30858593 | R28: 0.29771365 | S28: 0.664 | T28: 0.29212787 | U28: 0.23883383 | V28: 0.29994509 | W28: 0.32734412 | X28: 0.753 | Y28: 0.3703752 | Z28: 0.39445156 | AA28: 0.38318225 | AB28: 0.36403368 | AC28: 0.695 | AD28: 0.3496616 | AE28: 0.36337592 | AF28: 0.36342559 | AG28: 0.31311437 | AH28: 0.618 | AI28: 0.30460785 | AJ28: 0.30771264 | AK28: 0.32278724 | AL28: 0.29891445 | AM28: 0.683 | AN28: 0.31444348 | AO28: 0.34974706 | AP28: 0.36569216 | AQ28: 0.32377554 | AR28: 0.663 | AS28: 0.29607304 | AT28: 0.28446639 | AU28: 0.31312314 | AV28: 0.30451142 | AW28: 0.637 | AX28: 0.28872416 | AY28: 0.25149333 | AZ28: 0.31102395 | BA28: 0.28038476 | BB28: 0.631 | BC28: 0.24386499 | BD28: 0.26945027 | BE28: 0.33424839 | BF28: 0.28639881 | BG28: 0.751 | BH28: 0.202 | BI28: 0.244 | BJ28: 0.343 | BK28: 0.305 | BL28: 0.982 | BM28: 0.305 | BN28: 0.328 | BO28: 0.386 | BP28: 0.307 | BQ28: 1.451 | BR28: 0.312 | BS28: 0.313 | BT28: 0.404 | BU28: 0.302 | BV28: 0 | BW28: 0.261 | BX28: 0 | BY28: 0 | BZ28: 0
A29: Distratos | B29: ='Consolidado - Operacional'!B29-'Alea - Operacional'!B29 -> 188.97646 | C29: ='Consolidado - Operacional'!C29-'Alea - Operacional'!C29 -> 151.43561 | D29: ='Consolidado - Operacional'!D29-'Alea - Operacional'!D29 -> 506.08742 | E29: ='Consolidado - Operacional'!E29-'Alea - Operacional'!E29 -> 128.5605 | F29: ='Consolidado - Operacional'!F29-'Alea - Operacional'!F29 -> 136.2139 | G29: ='Consolidado - Operacional'!G29-'Alea - Operacional'!G29 -> 135.47437 | H29: ='Consolidado - Operacional'!H29-'Alea - Operacional'!H29 -> 105.83865 | I29: ='Consolidado - Operacional'!I29-'Alea - Operacional'!I29 -> 404.41319 | ... BZ29: ='Consolidado - Operacional'!BZ29-'Alea - Operacional'!BZ29 -> 0
A30: Vendas Líquidas | B30: ='Consolidado - Operacional'!B30-'Alea - Operacional'!B30 -> 1318.0564 | C30: ='Consolidado - Operacional'!C30-'Alea - Operacional'!C30 -> 1427.9689 | D30: ='Consolidado - Operacional'!D30-'Alea - Operacional'!D30 -> 4242.9044 | E30: ='Consolidado - Operacional'!E30-'Alea - Operacional'!E30 -> 1104.4221 | F30: ='Consolidado - Operacional'!F30-'Alea - Operacional'!F30 -> 1098.7173 | G30: ='Consolidado - Operacional'!G30-'Alea - Operacional'!G30 -> 1051.3756 | H30: ='Consolidado - Operacional'!H30-'Alea - Operacional'!H30 -> 988.38943 | I30: ='Consolidado - Operacional'!I30-'Alea - Operacional'!I30 -> 4183.4543 | ... BZ30: ='Consolidado - Operacional'!BZ30-'Alea - Operacional'!BZ30 -> 227.8
A31: VSO Líquido | B31: =B11 -> 0.23857792 | C31: =C11 -> 0.26887288 | D31: =D11 -> 0.52898009 | E31: =E11 -> 0.22620323 | F31: =F11 -> 0.25799145 | G31: =G11 -> 0.27699568 | H31: =H11 -> 0.27023508 | I31: =I11 -> 0.59742092 | ... BZ31: =BZ11 -> 0.21
A33: (em unidades) | B33: 2T26 | C33: 1T26 | D33: 2025 | E33: 4T25 | F33: 3T25 | G33: =G7 -> 2T25 | H33: =H7 -> 1T25 | I33: =I7 -> 2024 | J33: =J7 -> 4T24 | K33: =K7 -> 3T24 | L33: =L7 -> 2T24 | M33: =M7 -> 1T24 | N33: =N7 -> 2023 | ... BZ33: =BZ7 -> 1T11
A34: Unidades Vendidas Brutas | B34: ='Consolidado - Operacional'!B34-'Alea - Operacional'!B34 -> 6154 | C34: ='Consolidado - Operacional'!C34-'Alea - Operacional'!C34 -> 6647 | D34: ='Consolidado - Operacional'!D34-'Alea - Operacional'!D34 -> 21342 | E34: ='Consolidado - Operacional'!E34-'Alea - Operacional'!E34 -> 5485 | F34: ='Consolidado - Operacional'!F34-'Alea - Operacional'!F34 -> 5602 | G34: ='Consolidado - Operacional'!G34-'Alea - Operacional'!G34 -> 5310 | H34: ='Consolidado - Operacional'!H34-'Alea - Operacional'!H34 -> 4945 | I34: ='Consolidado - Operacional'!I34-'Alea - Operacional'!I34 -> 21437.75 | ... BZ34: ='Consolidado - Operacional'!BZ34-'Alea - Operacional'!BZ34 -> 0
A35: Unidades Distratadas | B35: ='Consolidado - Operacional'!B35-'Alea - Operacional'!B35 -> 811 | C35: ='Consolidado - Operacional'!C35-'Alea - Operacional'!C35 -> 695 | D35: ='Consolidado - Operacional'!D35-'Alea - Operacional'!D35 -> 2311 | E35: ='Consolidado - Operacional'!E35-'Alea - Operacional'!E35 -> 586 | F35: ='Consolidado - Operacional'!F35-'Alea - Operacional'!F35 -> 617 | G35: ='Consolidado - Operacional'!G35-'Alea - Operacional'!G35 -> 615 | H35: ='Consolidado - Operacional'!H35-'Alea - Operacional'!H35 -> 493 | I35: ='Consolidado - Operacional'!I35-'Alea - Operacional'!I35 -> 1893.6 | ... BZ35: ='Consolidado - Operacional'!BZ35-'Alea - Operacional'!BZ35 -> 0
A36: Unidades Vendidas Líquidas | B36: ='Consolidado - Operacional'!B36-'Alea - Operacional'!B36 -> 5343 | C36: ='Consolidado - Operacional'!C36-'Alea - Operacional'!C36 -> 5952 | D36: ='Consolidado - Operacional'!D36-'Alea - Operacional'!D36 -> 19031 | E36: ='Consolidado - Operacional'!E36-'Alea - Operacional'!E36 -> 4899 | F36: ='Consolidado - Operacional'!F36-'Alea - Operacional'!F36 -> 4985 | G36: ='Consolidado - Operacional'!G36-'Alea - Operacional'!G36 -> 4695 | H36: ='Consolidado - Operacional'!H36-'Alea - Operacional'!H36 -> 4452 | I36: ='Consolidado - Operacional'!I36-'Alea - Operacional'!I36 -> 19544.15 | ... BZ36: ='Consolidado - Operacional'!BZ36-'Alea - Operacional'!BZ36 -> 1555
A37: Unidades Distratos / Unidades Vendas Brutas | B37: =IFERROR(B35/B34,0) -> 0.13178421 | C37: =IFERROR(C35/C34,0) -> 0.10455845 | D37: =IFERROR(D35/D34,0) -> 0.10828413 | E37: =IFERROR(E35/E34,0) -> 0.10683683 | F37: =IFERROR(F35/F34,0) -> 0.11013924 | G37: =IFERROR(G35/G34,0) -> 0.11581921 | H37: =IFERROR(H35/H34,0) -> 0.099696663 | I37: =IFERROR(I35/I34,0) -> 0.088330165 | ... BZ37: =IFERROR(BZ35/BZ34,0) -> 0
A38: Preço médio por unidade bruta (em R$ mil) | B38: =IFERROR(B27*1000/B34,0) -> 244.88672 | C38: =IFERROR(C27*1000/C34,0) -> 237.61164 | D38: =IFERROR(D27*1000/D34,0) -> 222.5186 | E38: =IFERROR(E27*1000/E34,0) -> 224.79172 | F38: =IFERROR(F27*1000/F34,0) -> 220.44469 | G38: =IFERROR(G27*1000/G34,0) -> 223.51224 | H38: =IFERROR(H27*1000/H34,0) -> 221.27969 | I38: =IFERROR(I27*1000/I34,0) -> 214.00881 | ... BZ38: =IFERROR(BZ27*1000/BZ34,0) -> 0
A39: Preço médio por unidade líquida (em R$ mil) | B39: =IFERROR(B30*1000/B36,0) -> 246.68846 | C39: =IFERROR(C30*1000/C36,0) -> 239.91414 | D39: =IFERROR(D30*1000/D36,0) -> 222.947 | E39: =IFERROR(E30*1000/E36,0) -> 225.43827 | F39: =IFERROR(F30*1000/F36,0) -> 220.40467 | G39: =IFERROR(G30*1000/G36,0) -> 223.93517 | H39: =IFERROR(H30*1000/H36,0) -> 222.0102 | I39: =IFERROR(I30*1000/I36,0) -> 214.05148 | ... BZ39: =IFERROR(BZ30*1000/BZ36,0) -> 146.49518
A40: Preço médio por unidade distratada (em R$ mil) | B40: =IFERROR(B29*1000/B35,0) -> 233.0166 | C40: =IFERROR(C29*1000/C35,0) -> 217.89297 | D40: =IFERROR(D29*1000/D35,0) -> 218.99066 | E40: =IFERROR(E29*1000/E35,0) -> 219.38653 | F40: =IFERROR(F29*1000/F35,0) -> 220.76807 | G40: =IFERROR(G29*1000/G35,0) -> 220.28353 | H40: =IFERROR(H29*1000/H35,0) -> 214.68287 | I40: =IFERROR(I29*1000/I35,0) -> 213.56843 | ... BZ40: =IFERROR(BZ29*1000/BZ35,0) -> 0
A43: REPASSE, ENTREGA E ANDAMENTO
A44: Repasse, Entrega e Andamento | B44: 2T26 | C44: 1T26 | D44: 2025 | E44: 4T25 | F44: 3T25 | G44: =G7 -> 2T25 | H44: =H7 -> 1T25 | I44: =I7 -> 2024 | J44: =J7 -> 4T24 | K44: =K7 -> 3T24 | L44: =L7 -> 2T24 | M44: =M7 -> 1T24 | N44: =N7 -> 2023 | ... BZ44: =BZ7 -> 1T11
A45: VGV Repassado (em R$ milhões) | B45: ='Consolidado - Operacional'!B45-'Alea - Operacional'!B44 -> 1033.2177 | C45: ='Consolidado - Operacional'!C45-'Alea - Operacional'!C44 -> 1024.1058 | D45: ='Consolidado - Operacional'!D45-'Alea - Operacional'!D44 -> 3434.8012 | E45: ='Consolidado - Operacional'!E45-'Alea - Operacional'!E44 -> 827.56359 | F45: ='Consolidado - Operacional'!F45-'Alea - Operacional'!F44 -> 973.78547 | G45: ='Consolidado - Operacional'!G45-'Alea - Operacional'!G44 -> 914.38897 | H45: ='Consolidado - Operacional'!H45-'Alea - Operacional'!H44 -> 712.29942 | I45: ='Consolidado - Operacional'!I45-'Alea - Operacional'!I44 -> 2698.6999 | ... BZ45: ='Consolidado - Operacional'!BZ45-'Alea - Operacional'!BZ44 -> 124.8
A46: Unidades Repassadas | B46: ='Consolidado - Operacional'!B46-'Alea - Operacional'!B45 -> 5214 | C46: ='Consolidado - Operacional'!C46-'Alea - Operacional'!C45 -> 5436 | D46: ='Consolidado - Operacional'!D46-'Alea - Operacional'!D45 -> 18922 | E46: ='Consolidado - Operacional'!E46-'Alea - Operacional'!E45 -> 4591 | F46: ='Consolidado - Operacional'!F46-'Alea - Operacional'!F45 -> 5336 | G46: ='Consolidado - Operacional'!G46-'Alea - Operacional'!G45 -> 4978 | H46: ='Consolidado - Operacional'!H46-'Alea - Operacional'!H45 -> 4017 | I46: ='Consolidado - Operacional'!I46-'Alea - Operacional'!I45 -> 15573.1 | ... BZ46: ='Consolidado - Operacional'!BZ46-'Alea - Operacional'!BZ45 -> 2040
A47: Unidades Entregues | B47: ='Consolidado - Operacional'!B47-'Alea - Operacional'!B46 -> 3708 | C47: ='Consolidado - Operacional'!C47-'Alea - Operacional'!C46 -> 4625 | D47: ='Consolidado - Operacional'!D47-'Alea - Operacional'!D46 -> 18190 | E47: ='Consolidado - Operacional'!E47-'Alea - Operacional'!E46 -> 5261 | F47: ='Consolidado - Operacional'!F47-'Alea - Operacional'!F46 -> 4780 | G47: ='Consolidado - Operacional'!G47-'Alea - Operacional'!G46 -> 1948 | H47: ='Consolidado - Operacional'!H47-'Alea - Operacional'!H46 -> 6201 | I47: ='Consolidado - Operacional'!I47-'Alea - Operacional'!I46 -> 15710 | ... BZ47: ='Consolidado - Operacional'!BZ47-'Alea - Operacional'!BZ46 -> 1138
A48: Obras em andamento | B48: ='Consolidado - Operacional'!B48-'Alea - Operacional'!B47 -> 72 | C48: ='Consolidado - Operacional'!C48-'Alea - Operacional'!C47 -> 71 | D48: ='Consolidado - Operacional'!D48-'Alea - Operacional'!D47 -> 67 | E48: ='Consolidado - Operacional'!E48-'Alea - Operacional'!E47 -> 67 | F48: ='Consolidado - Operacional'!F48-'Alea - Operacional'!F47 -> 74 | G48: ='Consolidado - Operacional'!G48-'Alea - Operacional'!G47 -> 75 | H48: ='Consolidado - Operacional'!H48-'Alea - Operacional'!H47 -> 62 | I48: ='Consolidado - Operacional'!I48-'Alea - Operacional'!I47 -> 70 | ... BZ48: ='Consolidado - Operacional'!BZ48-'Alea - Operacional'!BZ47 -> 0
A50: ESTOQUE A VALOR DE MERCADO
A51: Estoque a Valor de Mercado | B51: 2T26 | C51: 1T26 | D51: 2025 | E51: 4T25 | F51: 3T25 | G51: =G7 -> 2T25 | H51: =H7 -> 1T25 | I51: =I7 -> 2024 | J51: =J7 -> 4T24 | K51: =K7 -> 3T24 | L51: =L7 -> 2T24 | M51: =M7 -> 1T24 | N51: =N7 -> 2023 | ... BZ51: =BZ7 -> 1T11
A52: VGV (em R$ milhões) | B52: ='Consolidado - Operacional'!B52-'Alea - Operacional'!B51 -> 4206.5807 | C52: ='Consolidado - Operacional'!C52-'Alea - Operacional'!C51 -> 3882.9755 | D52: ='Consolidado - Operacional'!D52-'Alea - Operacional'!D51 -> 3778.0108 | E52: ='Consolidado - Operacional'!E52-'Alea - Operacional'!E51 -> 3778.0108 | F52: ='Consolidado - Operacional'!F52-'Alea - Operacional'!F51 -> 3160.018 | G52: ='Consolidado - Operacional'!G52-'Alea - Operacional'!G51 -> 2744.2635 | H52: ='Consolidado - Operacional'!H52-'Alea - Operacional'!H51 -> 2669.1277 | I52: ='Consolidado - Operacional'!I52-'Alea - Operacional'!I51 -> 2819.0696 | ... BZ52: ='Consolidado - Operacional'!BZ52-'Alea - Operacional'!BZ51 -> 856.2
A53: Número de unidades | B53: ='Consolidado - Operacional'!B53-'Alea - Operacional'!B52 -> 17511 | C53: ='Consolidado - Operacional'!C53-'Alea - Operacional'!C52 -> 16199 | D53: ='Consolidado - Operacional'!D53-'Alea - Operacional'!D52 -> 16091 | E53: ='Consolidado - Operacional'!E53-'Alea - Operacional'!E52 -> 16091 | F53: ='Consolidado - Operacional'!F53-'Alea - Operacional'!F52 -> 13877 | G53: ='Consolidado - Operacional'!G53-'Alea - Operacional'!G52 -> 12564 | H53: ='Consolidado - Operacional'!H53-'Alea - Operacional'!H52 -> 12250 | I53: ='Consolidado - Operacional'!I53-'Alea - Operacional'!I52 -> 13068.35 | ... BZ53: ='Consolidado - Operacional'!BZ53-'Alea - Operacional'!BZ52 -> 0
A54: Preço médio por unidade (em R$ mil) | B54: 240.22504 | C54: 239.70464 | D54: 234.7903 | E54: 234.7903 | F54: 227.71622 | G54: 218.42275 | H54: 217.88798 | I54: 215.71733 | J54: 215.71733 | K54: 217.60584 | L54: 212.60426 | M54: 211.29255 | N54: 208.40968 | O54: 208.40968 | P54: 208.58756 | Q54: 206.1246 | R54: 195.20025 | S54: 194.83233 | T54: 194.83233 | U54: 191.96414 | V54: 176.11009 | W54: 166.09564 | X54: 156.2651 | Y54: 156.2651 | Z54: 158.38547 | AA54: 155.55333 | AB54: 152.85618 | AC54: 151.61217 | AD54: 151.61217 | AE54: 149.65486 | AF54: 142.11448 | AG54: 144.63599 | AH54: 144.26781 | AI54: 144.26781 | AJ54: 147.0622 | AK54: 147.96219 | AL54: 143.27467 | AM54: 143.05683 | AN54: 143.05683 | AO54: 136.91874 | AP54: 132.87702 | AQ54: 146.7449 | AR54: 146.89063 | AS54: 146.89063 | AT54: 149.34644 | AU54: 152.03977 | AV54: 153.3524 | AW54: 148.84222 | AX54: 148.84222 | AY54: 146.40154 | AZ54: 145.47718 | BA54: 145.76526 | BB54: 149.76921 | BC54: 149.76921 | BD54: 148.38994 | BE54: 147.46513 | BF54: 151.86072 | BG54: 0 | BH54: 0 | BI54: 0 | BJ54: 0 | BK54: 0 | BL54: 0 | BM54: 0 | BN54: 0 | BO54: 0 | BP54: 0 | BQ54: 0 | BR54: 0 | BS54: 0 | BT54: 0 | BU54: 0 | BV54: 0 | BW54: 0 | BX54: 0 | BY54: 0 | BZ54: 0
A56: BANCO DE TERRENOS¹
A57: Banco de Terrenos¹ | B57: 2T26 | C57: 1T26 | D57: 2025 | E57: 4T25 | F57: 3T25 | G57: =G7 -> 2T25 | H57: =H7 -> 1T25 | I57: =I7 -> 2024 | J57: =J7 -> 4T24 | K57: =K7 -> 3T24 | L57: =L7 -> 2T24 | M57: =M7 -> 1T24 | N57: =N7 -> 2023 | ... BZ57: =BZ7 -> 1T11
A58: Número de Empreendimentos | B58: ='Consolidado - Operacional'!B58-'Alea - Operacional'!B57 -> 739 | C58: ='Consolidado - Operacional'!C58-'Alea - Operacional'!C57 -> 603 | D58: ='Consolidado - Operacional'!D58-'Alea - Operacional'!D57 -> 590 | E58: ='Consolidado - Operacional'!E58-'Alea - Operacional'!E57 -> 590 | F58: ='Consolidado - Operacional'!F58-'Alea - Operacional'!F57 -> 521 | G58: ='Consolidado - Operacional'!G58-'Alea - Operacional'!G57 -> 526 | H58: ='Consolidado - Operacional'!H58-'Alea - Operacional'!H57 -> 445 | I58: ='Consolidado - Operacional'!I58-'Alea - Operacional'!I57 -> 433 | ... BZ58: ='Consolidado - Operacional'!BZ58-'Alea - Operacional'!BZ57 -> 83
A59: VGV (em R$ milhões) | B59: ='Consolidado - Operacional'!B59-'Alea - Operacional'!B58 -> 27667.926 | C59: ='Consolidado - Operacional'!C59-'Alea - Operacional'!C58 -> 23001.774 | D59: ='Consolidado - Operacional'!D59-'Alea - Operacional'!D58 -> 22509.325 | E59: ='Consolidado - Operacional'!E59-'Alea - Operacional'!E58 -> 22509.325 | F59: ='Consolidado - Operacional'!F59-'Alea - Operacional'!F58 -> 20711.191 | G59: ='Consolidado - Operacional'!G59-'Alea - Operacional'!G58 -> 20482.049 | H59: ='Consolidado - Operacional'!H59-'Alea - Operacional'!H58 -> 18276.901 | I59: ='Consolidado - Operacional'!I59-'Alea - Operacional'!I58 -> 17972.016 | ... BZ59: ='Consolidado - Operacional'!BZ59-'Alea - Operacional'!BZ58 -> 4547
A60: Aquisições/Ajustes (em R$ milhões) | B60: ='Consolidado - Operacional'!B60-'Alea - Operacional'!B59 -> 6347.0685 | C60: ='Consolidado - Operacional'!C60-'Alea - Operacional'!C59 -> 1901.6623 | D60: ='Consolidado - Operacional'!D60-'Alea - Operacional'!D59 -> 10479.64 | E60: ='Consolidado - Operacional'!E60-'Alea - Operacional'!E59 -> 3504.0619 | F60: ='Consolidado - Operacional'!F60-'Alea - Operacional'!F59 -> 1714.7981 | G60: ='Consolidado - Operacional'!G60-'Alea - Operacional'!G59 -> 3293.9271 | H60: ='Consolidado - Operacional'!H60-'Alea - Operacional'!H59 -> 1123.3611 | I60: ='Consolidado - Operacional'!I60-'Alea - Operacional'!I59 -> 6613.9043 | ... BZ60: ='Consolidado - Operacional'!BZ60-'Alea - Operacional'!BZ59 -> 0
A61: Número de unidades | B61: ='Consolidado - Operacional'!B61-'Alea - Operacional'!B60 -> 120491 | C61: ='Consolidado - Operacional'!C61-'Alea - Operacional'!C60 -> 104607 | D61: ='Consolidado - Operacional'!D61-'Alea - Operacional'!D60 -> 103803 | E61: ='Consolidado - Operacional'!E61-'Alea - Operacional'!E60 -> 103803 | F61: ='Consolidado - Operacional'!F61-'Alea - Operacional'!F60 -> 98110 | G61: ='Consolidado - Operacional'!G61-'Alea - Operacional'!G60 -> 97598 | H61: ='Consolidado - Operacional'!H61-'Alea - Operacional'!H60 -> 88127 | I61: ='Consolidado - Operacional'!I61-'Alea - Operacional'!I60 -> 87563 | ... BZ61: ='Consolidado - Operacional'!BZ61-'Alea - Operacional'!BZ60 -> 42607
A62: Preço médio por unidade (em R$ mil) | B62: 229.62649 | C62: 219.88753 | D62: 216.84658 | E62: 216.84658 | F62: 211.10174 | G62: 209.86136 | H62: 207.39275 | I62: 205.24669 | J62: 205.24669 | K62: 200.91027 | L62: 196.86582 | M62: 192.61291 | N62: 190.99438 | O62: 190.99438 | P62: 184 | Q62: 179.5 | R62: 177.43374 | S62: 175.76054 | T62: 175.76054 | U62: 166.51441 | V62: 161.46226 | W62: 159.54165 | X62: 157.89808 | Y62: 157.89808 | Z62: 154.1069 | AA62: 152.77082 | AB62: 152.10161 | AC62: 149.64753 | AD62: 149.6 | AE62: 147.4 | AF62: 148.1 | AG62: 147.4 | AH62: 147.16113 | AI62: 147.2 | AJ62: 146.2 | AK62: 146.5 | AL62: 147 | AM62: 147.92762 | AN62: 147.9 | AO62: 145.9 | AP62: 145.2 | AQ62: 145.5 | AR62: 146.195 | AS62: 146.2 | AT62: 147.4 | AU62: 139.6 | AV62: 137.6 | AW62: 136.4234 | AX62: 136.4 | AY62: 135.1 | AZ62: 134.8 | BA62: 137.5 | BB62: 137.49927 | BC62: 137.5 | BD62: 137 | BE62: 138.3 | BF62: 135.3 | BG62: 136.71402 | BH62: 136.7 | BI62: 135.8 | BJ62: 127.2 | BK62: 122.3 | BL62: 121.29084 | BM62: 121.3 | BN62: 116.1 | BO62: 113.8 | BP62: 114.1 | BQ62: 114.12879 | BR62: 114.1 | BS62: 115.2 | BT62: 115.9 | BU62: 115.4 | BV62: 117.76604 | BW62: 117.8 | BX62: 116.9 | BY62: 109 | BZ62: 106.7
A63: % Permuta Total | B63: 0.59327428 | C63: 0.60575445 | D63: 0.64032923 | E63: 0.64032923 | F63: 0.62103281 | G63: 0.62629766 | H63: 0.6223363 | I63: 0.60580948 | J63: 0.60580948 | K63: 0.56080705 | L63: 0.57897723 | M63: 0.51762846 | N63: 0.528 | O63: 0.528 | P63: 0.488 | Q63: 0.481 | R63: 0.478 | S63: 0.476 | T63: 0.476 | U63: 0.46 | V63: 0.48 | W63: 0.459 | X63: 0.433 | Y63: 0.433 | Z63: 0.417 | AA63: 0.409 | AB63: 0.379 | AC63: 0.385 | AD63: 0.385 | AE63: 0.379 | AF63: 0.348 | AG63: 0.339 | AH63: 0.346 | AI63: 0.346 | AJ63: 0.302 | AK63: 0.262 | AL63: 0.252 | AM63: 0.242 | AN63: 0.242 | AO63: 0.252 | AP63: 0.279 | AQ63: 0.288 | AR63: 0.284 | AS63: 0.284 | AT63: 0.272 | AU63: 0.226 | AV63: 0.148 | AW63: 0.172 | AX63: 0.172 | AY63: 0.125 | AZ63: 0.143 | BA63: 0.128 | BB63: 0 | BC63: 0 | BD63: 0 | BE63: 0 | BF63: 0 | BG63: 0 | BH63: 0 | BI63: 0 | BJ63: 0 | BK63: 0 | BL63: 0 | BM63: 0 | BN63: 0 | BO63: 0 | BP63: 0 | BQ63: 0 | BR63: 0 | BS63: 0 | BT63: 0 | BU63: 0 | BV63: 0 | BW63: 0 | BX63: 0 | BY63: 0 | BZ63: 0
A64: % Permuta Unidades | B64: 0.075857228 | C64: 0.090498021 | D64: 0.089034956 | E64: 0.089034956 | F64: 0.10093387 | G64: 0.11629164 | H64: 0.1187518 | I64: 0.10627862 | J64: 0.10627862 | K64: 0.10831365 | L64: 0.11425269 | M64: 0.11220214 | N64: 0.114 | O64: 0.114 | P64: 0.11 | Q64: 0.106 | R64: 0.109 | S64: 0.106 | T64: 0.106 | U64: 0.094 | V64: 0.103 | W64: 0.098 | X64: 0.086 | Y64: 0.086 | Z64: 0.079 | AA64: 0.084 | AB64: 0.078 | AC64: 0.086 | AD64: 0.086 | AE64: 0.088 | AF64: 0.085 | AG64: 0.082 | AH64: 0.084 | AI64: 0.084 | AJ64: 0.091 | AK64: 0.117 | AL64: 0.109 | AM64: 0.111 | AN64: 0.111 | AO64: 0.122 | AP64: 0.144 | AQ64: 0.178 | AR64: 0.177 | AS64: 0.177 | AT64: 0.171 | AU64: 0.15 | AV64: 0.075 | AW64: 0.104 | AX64: 0.104 | AY64: 0.091 | AZ64: 0.086 | BA64: 0.092 | BB64: 0 | BC64: 0 | BD64: 0 | BE64: 0 | BF64: 0 | BG64: 0 | BH64: 0 | BI64: 0 | BJ64: 0 | BK64: 0 | BL64: 0 | BM64: 0 | BN64: 0 | BO64: 0 | BP64: 0 | BQ64: 0 | BR64: 0 | BS64: 0 | BT64: 0 | BU64: 0 | BV64: 0 | BW64: 0 | BX64: 0 | BY64: 0 | BZ64: 0
A65: % Permuta Financeiro | B65: 0.51741706 | C65: 0.51525643 | D65: 0.55129428 | E65: 0.55129428 | F65: 0.52009894 | G65: 0.51000602 | H65: 0.5035845 | I65: 0.49953086 | J65: 0.49953086 | K65: 0.4524934 | L65: 0.46472453 | M65: 0.40542632 | N65: 0.414 | O65: 0.414 | P65: 0.378 | Q65: 0.376 | R65: 0.369 | S65: 0.37 | T65: 0.37 | U65: 0.365 | V65: 0.377 | W65: 0.361 | X65: 0.347 | Y65: 0.347 | Z65: 0.337 | AA65: 0.324 | AB65: 0.3 | AC65: 0.3 | AD65: 0.3 | AE65: 0.292 | AF65: 0.263 | AG65: 0.258 | AH65: 0.262 | AI65: 0.262 | AJ65: 0.211 | AK65: 0.144 | AL65: 0.143 | AM65: 0.13 | AN65: 0.13 | AO65: 0.13 | AP65: 0.135 | AQ65: 0.11 | AR65: 0.106 | AS65: 0.106 | AT65: 0.101 | AU65: 0.076 | AV65: 0.074 | AW65: 0.068 | AX65: 0.068 | AY65: 0.034 | AZ65: 0.057 | BA65: 0.036 | BB65: 0 | BC65: 0 | BD65: 0 | BE65: 0 | BF65: 0 | BG65: 0 | BH65: 0 | BI65: 0 | BJ65: 0 | BK65: 0 | BL65: 0 | BM65: 0 | BN65: 0 | BO65: 0 | BP65: 0 | BQ65: 0 | BR65: 0 | BS65: 0 | BT65: 0 | BU65: 0 | BV65: 0 | BW65: 0 | BX65: 0 | BY65: 0 | BZ65: 0
A66: 1) A Tenda detém 100% de participação societária de seu Banco de Terrenos.
A68: Relações com Investidores
A69: E-mail: ri@tenda.com
A70: Website: ri.tenda.com
A72: Luiz Mauricio de Garcia
A73: CFO e Diretor Executivo de Relações com Investidores
A75: Marilia Leite
A76: Gerente de Relações com Investidores
A78: Leonardo Dias Wanderley
A79: Coordenador de Relações com Investidores
A81: Felipe Chiavegato Stella
A82: Analista de Relações com Investidores

Sheet Tenda - Tenda Financeiro
A6: DESTAQUES FINANCEIROS
A7: (em R$ milhões) | B7: 2T26 | C7: 1T26 | D7: 2025 | E7: 4T25 | F7: 3T25 | G7: 2T25 | H7: 1T25 | I7: 2024 | J7: 4T24 | K7: 3T24 | L7: 2T24 | M7: 1T24 | N7: 2023 | O7: 4T23 | P7: 3T23 | Q7: 2T23 | R7: 1T23 | S7: 2022 | T7: 4T22 | U7: 3T22 | V7: 2T22 | W7: 1T22 | X7: 2021 | Y7: 4T21 | Z7: 3T21 | AA7: 2T21 | AB7: 1T21 | AC7: 2020 | AD7: 4T20 | AE7: 3T20 | AF7: 2T20 | AG7: 1T20 | AH7: 2019 | AI7: 4T19 | AJ7: 3T19 | AK7: 2T19 | AL7: 1T19 | AM7: 2018 | AN7: 4T18 | AO7: 3T18 | AP7: 2T18 | AQ7: 1T18 | AR7: 2017 | AS7: 4T17 | AT7: 3T17 | AU7: 2T17 | AV7: 1T17 | AW7: 2016 | AX7: 4T16 | AY7: 3T16 | AZ7: 2T16 | BA7: 1T16 | BB7: 2015 | BC7: 4T15 | BD7: 3T15 | BE7: 2T15 | BF7: 1T15 | BG7: 2014 | BH7: 4T14 | BI7: 3T14 | BJ7: 2T14 | BK7: 1T14 | BL7: 2013 | BM7: 4T13 | BN7: 3T13 | BO7: 2T13 | BP7: 1T13 | BQ7: 2012 | BR7: 4T12 | BS7: 3T12 | BT7: 2T12 | BU7: 1T12 | BV7: 2011 | BW7: 4T11 | BX7: 3T11 | BY7: 2T11 | BZ7: 1T11
A8: Destaques Financeiros (R$ milhões)
A9: Receita Líquida | B9: ='Consolidado - Financeiro'!B9-'Alea - Financeiro'!B9 -> 1204.9426 | C9: ='Consolidado - Financeiro'!C9-'Alea - Financeiro'!C9 -> 1111.9233 | D9: ='Consolidado - Financeiro'!D9-'Alea - Financeiro'!D9 -> 3820 | E9: ='Consolidado - Financeiro'!E9-'Alea - Financeiro'!E9 -> 1099.8 | F9: ='Consolidado - Financeiro'!F9-'Alea - Financeiro'!F9 -> 1039.8571 | G9: ='Consolidado - Financeiro'!G9-'Alea - Financeiro'!G9 -> 892.2859 | H9: ='Consolidado - Financeiro'!H9-'Alea - Financeiro'!H9 -> 787.98524 | I9: ='Consolidado - Financeiro'!I9-'Alea - Financeiro'!I9 -> 3023.1216 | ... BZ9: ='Consolidado - Financeiro'!BZ9-'Alea - Financeiro'!BZ9 -> 234
A10: Lucro Bruto Ajustado¹ | B10: ='Consolidado - Financeiro'!B10-'Alea - Financeiro'!B10 -> 480.85556 | C10: ='Consolidado - Financeiro'!C10-'Alea - Financeiro'!C10 -> 421.51281 | D10: ='Consolidado - Financeiro'!D10-'Alea - Financeiro'!D10 -> 1356.2 | E10: ='Consolidado - Financeiro'!E10-'Alea - Financeiro'!E10 -> 398.5 | F10: ='Consolidado - Financeiro'!F10-'Alea - Financeiro'!F10 -> 358.79766 | G10: ='Consolidado - Financeiro'!G10-'Alea - Financeiro'!G10 -> 313.09999 | H10: ='Consolidado - Financeiro'!H10-'Alea - Financeiro'!H10 -> 285.76614 | I10: ='Consolidado - Financeiro'!I10-'Alea - Financeiro'!I10 -> 959.17088 | ... BZ10: ='Consolidado - Financeiro'!BZ10-'Alea - Financeiro'!BZ10 -> 12.9
A11: Margem Bruta Ajustada¹ (%) | B11: =B10/B9 -> 0.39906926 | C11: =C10/C9 -> 0.37908442 | D11: =D10/D9 -> 0.35502618 | E11: =E10/E9 -> 0.36233861 | F11: =F10/F9 -> 0.34504518 | G11: =G10/G9 -> 0.35089648 | H11: =H10/H9 -> 0.36265418 | I11: =I10/I9 -> 0.3172783 | ... BZ11: =BZ10/BZ9 -> 0.055128205
A12: Margem Bruta Ajustada¹ (Sem Pode Entrar + outros) (%) | B12: 0.4035222 | C12: 0.38506923 | D12: 0.368 | E12: 0.374 | F12: 0.36402163 | G12: 0.36503584 | H12: 0.36674799 | I12: 0.32656596 | J12: 0.36216122 | K12: =K11 -> 0.34136717 | L12: =L11 -> 0.31480066 | M12: =M11 -> 0.2848224 | N12: =N11 -> 0.25113514 | O12: =O11 -> 0.2695111 | P12: =P11 -> 0.25021272 | Q12: =Q11 -> 0.23510085 | R12: =R11 -> 0.24863711 | ... BZ12: =BZ11 -> 0.055128205
A13: EBITDA Ajustado² | B13: ='Consolidado - Financeiro'!B13-'Alea - Financeiro'!B12 -> 299.83067 | C13: ='Consolidado - Financeiro'!C13-'Alea - Financeiro'!C12 -> 283.5278 | D13: ='Consolidado - Financeiro'!D13-'Alea - Financeiro'!D12 -> 818.1 | E13: ='Consolidado - Financeiro'!E13-'Alea - Financeiro'!E12 -> 235.4 | F13: ='Consolidado - Financeiro'!F13-'Alea - Financeiro'!F12 -> 222.86352 | G13: ='Consolidado - Financeiro'!G13-'Alea - Financeiro'!G12 -> 190.06356 | H13: ='Consolidado - Financeiro'!H13-'Alea - Financeiro'!H12 -> 169.77663 | I13: ='Consolidado - Financeiro'!I13-'Alea - Financeiro'!I12 -> 536.02187 | ... BZ13: ='Consolidado - Financeiro'!BZ13-'Alea - Financeiro'!BZ12 -> -41.2
A14: Margem EBITDA Ajustada² (%) | B14: =B13/B9 -> 0.24883398 | C14: =C13/C9 -> 0.25498863 | D14: =D13/D9 -> 0.2141623 | E14: =E13/E9 -> 0.21403892 | F14: =F13/F9 -> 0.2143213 | G14: =G13/G9 -> 0.21300747 | H14: =H13/H9 -> 0.21545661 | I14: =I13/I9 -> 0.17730741 | ... BZ14: =BZ13/BZ9 -> -0.17606838
A15: Resultado Financeiro Líquido | B15: ='Consolidado - Financeiro'!B15-'Alea - Financeiro'!B14 -> -21.460066 | C15: ='Consolidado - Financeiro'!C15-'Alea - Financeiro'!C14 -> -1.3445324 | D15: ='Consolidado - Financeiro'!D15-'Alea - Financeiro'!D14 -> 11.2 | E15: ='Consolidado - Financeiro'!E15-'Alea - Financeiro'!E14 -> -41.1 | F15: ='Consolidado - Financeiro'!F15-'Alea - Financeiro'!F14 -> -21.696021 | G15: ='Consolidado - Financeiro'!G15-'Alea - Financeiro'!G14 -> 94.715874 | H15: ='Consolidado - Financeiro'!H15-'Alea - Financeiro'!H14 -> -20.680111 | I15: ='Consolidado - Financeiro'!I15-'Alea - Financeiro'!I14 -> -169.82449 | ... BZ15: ='Consolidado - Financeiro'!BZ15-'Alea - Financeiro'!BZ14 -> 2.2
A16: Lucro Líquido (Prejuízo)³ | B16: ='Consolidado - Financeiro'!B16-'Alea - Financeiro'!B15 -> 208.95693 | C16: ='Consolidado - Financeiro'!C16-'Alea - Financeiro'!C15 -> 216.21724 | D16: ='Consolidado - Financeiro'!D16-'Alea - Financeiro'!D15 -> 636.1 | E16: ='Consolidado - Financeiro'!E16-'Alea - Financeiro'!E15 -> 154.8 | F16: ='Consolidado - Financeiro'!F16-'Alea - Financeiro'!F15 -> 146.434 | G16: ='Consolidado - Financeiro'!G16-'Alea - Financeiro'!G15 -> 229.89893 | H16: ='Consolidado - Financeiro'!H16-'Alea - Financeiro'!H15 -> 104.87035 | I16: ='Consolidado - Financeiro'!I16-'Alea - Financeiro'!I15 -> 178.35864 | ... BZ16: ='Consolidado - Financeiro'!BZ16-'Alea - Financeiro'!BZ15 -> -26.2
A17: Caixa e Disponibilidades⁴ | B17: ='Consolidado - Financeiro'!B20-'Alea - Financeiro'!B19 -> 865.439 | C17: ='Consolidado - Financeiro'!C20-'Alea - Financeiro'!C19 -> 1081.3341 | D17: ='Consolidado - Financeiro'!D20-'Alea - Financeiro'!D19 -> 1017.6 | E17: ='Consolidado - Financeiro'!E20-'Alea - Financeiro'!E19 -> 1017.6 | F17: ='Consolidado - Financeiro'!F20-'Alea - Financeiro'!F19 -> 861.369 | G17: ='Consolidado - Financeiro'!G20-'Alea - Financeiro'!G19 -> 729.758 | H17: ='Consolidado - Financeiro'!H20-'Alea - Financeiro'!H19 -> 581.501 | I17: ='Consolidado - Financeiro'!I20-'Alea - Financeiro'!I19 -> 849.321 | ... BZ17: ='Consolidado - Financeiro'!BZ20-'Alea - Financeiro'!BZ19 -> 408.1
A18: Patrimônio Líquido + Minoritários | B18: ='Consolidado - Financeiro'!B23-'Alea - Financeiro'!B20 -> 1534.624 | C18: ='Consolidado - Financeiro'!C23-'Alea - Financeiro'!C20 -> 1371.2225 | D18: ='Consolidado - Financeiro'!D23-'Alea - Financeiro'!D20 -> 1180.1 | E18: ='Consolidado - Financeiro'!E23-'Alea - Financeiro'!E20 -> 1180.1 | F18: ='Consolidado - Financeiro'!F23-'Alea - Financeiro'!F20 -> 1152.428 | G18: ='Consolidado - Financeiro'!G23-'Alea - Financeiro'!G20 -> 1071.815 | H18: ='Consolidado - Financeiro'!H23-'Alea - Financeiro'!H20 -> 1067.182 | I18: ='Consolidado - Financeiro'!I23-'Alea - Financeiro'!I20 -> 956.355 | ... BZ18: ='Consolidado - Financeiro'!BZ23-'Alea - Financeiro'!BZ20 -> 1853
A19: Lucro Líquido (Prejuízo)³ (Últimos 12 meses) | B19: ='Consolidado - Financeiro'!B26-'Alea - Financeiro'!B21 -> 726.48208 | C19: ='Consolidado - Financeiro'!C26-'Alea - Financeiro'!C21 -> 747.42411 | D19: ='Consolidado - Financeiro'!D26-'Alea - Financeiro'!D21 -> 636.1 | E19: ='Consolidado - Financeiro'!E26-'Alea - Financeiro'!E21 -> 636.1 | F19: ='Consolidado - Financeiro'!F26-'Alea - Financeiro'!F21 -> 523.53856 | G19: ='Consolidado - Financeiro'!G26-'Alea - Financeiro'!G21 -> 469.20857 | H19: ='Consolidado - Financeiro'!H26-'Alea - Financeiro'!H21 -> 263.37666 | I19: ='Consolidado - Financeiro'!I26-'Alea - Financeiro'!I21 -> 178.35864 | ... BZ19: ='Consolidado - Financeiro'!BZ26-'Alea - Financeiro'!BZ21 -> 0
A20: NOPAT5 (Últimos 12 meses) | B20: ='Consolidado - Financeiro'!B27-'Alea - Financeiro'!B22 -> 887.79176 | C20: ='Consolidado - Financeiro'!C27-'Alea - Financeiro'!C22 -> 793.8944 | D20: ='Consolidado - Financeiro'!D27-'Alea - Financeiro'!D22 -> 701.2 | E20: ='Consolidado - Financeiro'!E27-'Alea - Financeiro'!E22 -> 701.2 | F20: ='Consolidado - Financeiro'!F27-'Alea - Financeiro'!F22 -> 601.81831 | G20: ='Consolidado - Financeiro'!G27-'Alea - Financeiro'!G22 -> 551.34672 | H20: ='Consolidado - Financeiro'!H27-'Alea - Financeiro'!H22 -> 479.59697 | I20: ='Consolidado - Financeiro'!I27-'Alea - Financeiro'!I22 -> 433.06212 | ... BZ20: ='Consolidado - Financeiro'!BZ27-'Alea - Financeiro'!BZ22 -> 0
A21: 1) Ajustado por juros capitalizados.
A22: 2) Ajustado por juros capitalizados, despesas com planos de ações (não caixa), minoritários e depreciação no COGS. (* Mudança a partir do 1T23)
A23: 3) Ajustado por minoritários.
A24: 4) A Geração de Caixa Operacional é resultado de um cálculo gerencial interno da companhia que não reflete ou compara-se aos números presentes nas DFs.
A25: 5) NOPAT é composto pelo lucro líquido retirando os efeitos do resultado financeiro e juros capitalizados.
A28: RECEITA OPERACIONAL LÍQUIDA
A29: (em R$ milhões) | B29: 2T26 | C29: 1T26 | D29: 2025 | E29: 4T25 | F29: 3T25 | G29: 2T25 | H29: 1T25 | I29: 2024 | J29: 4T24 | K29: =K7 -> 3T24 | L29: =L7 -> 2T24 | M29: =M7 -> 1T24 | N29: =N7 -> 2023 | O29: =O7 -> 4T23 | P29: =P7 -> 3T23 | Q29: =Q7 -> 2T23 | R29: =R7 -> 1T23 | ... BZ29: =BZ7 -> 1T11
A30: Receita Operacional Bruta | B30: ='Consolidado - Financeiro'!B42-'Alea - Financeiro'!B32 -> 1259.996 | C30: ='Consolidado - Financeiro'!C42-'Alea - Financeiro'!C32 -> 1165.7727 | D30: ='Consolidado - Financeiro'!D42-'Alea - Financeiro'!D32 -> 4014.7 | E30: ='Consolidado - Financeiro'!E42-'Alea - Financeiro'!E32 -> 1161 | F30: ='Consolidado - Financeiro'!F42-'Alea - Financeiro'!F32 -> 1086.5433 | G30: ='Consolidado - Financeiro'!G42-'Alea - Financeiro'!G32 -> 931.04555 | H30: ='Consolidado - Financeiro'!H42-'Alea - Financeiro'!H32 -> 836.11935 | I30: ='Consolidado - Financeiro'!I42-'Alea - Financeiro'!I32 -> 3200.9176 | ... BZ30: ='Consolidado - Financeiro'!BZ42-'Alea - Financeiro'!BZ32 -> 252.3
A31: Provisão para devedores duvidosos e distratos | B31: ='Consolidado - Financeiro'!B43-'Alea - Financeiro'!B33 -> -41.183 | C31: ='Consolidado - Financeiro'!C43-'Alea - Financeiro'!C33 -> -40.168 | D31: ='Consolidado - Financeiro'!D43-'Alea - Financeiro'!D33 -> -140.5 | E31: ='Consolidado - Financeiro'!E43-'Alea - Financeiro'!E33 -> -44.9 | F31: ='Consolidado - Financeiro'!F43-'Alea - Financeiro'!F33 -> -32.149 | G31: ='Consolidado - Financeiro'!G43-'Alea - Financeiro'!G33 -> -26.158 | H31: ='Consolidado - Financeiro'!H43-'Alea - Financeiro'!H33 -> -37.216 | I31: ='Consolidado - Financeiro'!I43-'Alea - Financeiro'!I33 -> -154.369 | ... BZ31: ='Consolidado - Financeiro'!BZ43-'Alea - Financeiro'!BZ33 -> 0
A32: Imposto sobre vendas de imóveis e serviços | B32: ='Consolidado - Financeiro'!B44-'Alea - Financeiro'!B34 -> -13.870412 | C32: ='Consolidado - Financeiro'!C44-'Alea - Financeiro'!C34 -> -13.681371 | D32: ='Consolidado - Financeiro'!D44-'Alea - Financeiro'!D34 -> -54.3 | E32: ='Consolidado - Financeiro'!E44-'Alea - Financeiro'!E34 -> -16.1 | F32: ='Consolidado - Financeiro'!F44-'Alea - Financeiro'!F34 -> -14.537205 | G32: ='Consolidado - Financeiro'!G44-'Alea - Financeiro'!G34 -> -12.601644 | H32: ='Consolidado - Financeiro'!H44-'Alea - Financeiro'!H34 -> -10.918116 | I32: ='Consolidado - Financeiro'!I44-'Alea - Financeiro'!I34 -> -23.426978 | ... BZ32: ='Consolidado - Financeiro'!BZ44-'Alea - Financeiro'!BZ34 -> -18.2
A33: Receita Operacional Líquida | B33: ='Consolidado - Financeiro'!B45-'Alea - Financeiro'!B35 -> 1204.9426 | C33: ='Consolidado - Financeiro'!C45-'Alea - Financeiro'!C35 -> 1111.9233 | D33: ='Consolidado - Financeiro'!D45-'Alea - Financeiro'!D35 -> 3820 | E33: ='Consolidado - Financeiro'!E45-'Alea - Financeiro'!E35 -> 1099.8 | F33: ='Consolidado - Financeiro'!F45-'Alea - Financeiro'!F35 -> 1039.8571 | G33: ='Consolidado - Financeiro'!G45-'Alea - Financeiro'!G35 -> 892.2859 | H33: ='Consolidado - Financeiro'!H45-'Alea - Financeiro'!H35 -> 787.98524 | I33: ='Consolidado - Financeiro'!I45-'Alea - Financeiro'!I35 -> 3023.1216 | ... BZ33: ='Consolidado - Financeiro'!BZ45-'Alea - Financeiro'!BZ35 -> 234
A35: LUCRO BRUTO
A36: (em R$ milhões) | B36: 2T26 | C36: 1T26 | D36: 2025 | E36: 4T25 | F36: 3T25 | G36: 2T25 | H36: 1T25 | I36: 2024 | J36: 4T24 | K36: =K7 -> 3T24 | L36: =L7 -> 2T24 | M36: =M7 -> 1T24 | N36: =N7 -> 2023 | O36: =O7 -> 4T23 | P36: =P7 -> 3T23 | Q36: =Q7 -> 2T23 | R36: =R7 -> 1T23 | ... BZ36: =BZ7 -> 1T11
A37: Receita Líquida | B37: ='Consolidado - Financeiro'!B49-'Alea - Financeiro'!B39 -> 1204.9426 | C37: ='Consolidado - Financeiro'!C49-'Alea - Financeiro'!C39 -> 1111.9233 | D37: ='Consolidado - Financeiro'!D49-'Alea - Financeiro'!D39 -> 3820 | E37: ='Consolidado - Financeiro'!E49-'Alea - Financeiro'!E39 -> 1099.8 | F37: ='Consolidado - Financeiro'!F49-'Alea - Financeiro'!F39 -> 1039.8571 | G37: ='Consolidado - Financeiro'!G49-'Alea - Financeiro'!G39 -> 892.2859 | H37: ='Consolidado - Financeiro'!H49-'Alea - Financeiro'!H39 -> 787.98524 | I37: ='Consolidado - Financeiro'!I49-'Alea - Financeiro'!I39 -> 3023.1216 | ... BZ37: ='Consolidado - Financeiro'!BZ49-'Alea - Financeiro'!BZ39 -> 234
A38: Lucro Bruto | B38: ='Consolidado - Financeiro'!B50-'Alea - Financeiro'!B40 -> 461.59135 | C38: ='Consolidado - Financeiro'!C50-'Alea - Financeiro'!C40 -> 402.37948 | D38: ='Consolidado - Financeiro'!D50-'Alea - Financeiro'!D40 -> 1279.8 | E38: ='Consolidado - Financeiro'!E50-'Alea - Financeiro'!E40 -> 380.2 | F38: ='Consolidado - Financeiro'!F50-'Alea - Financeiro'!F40 -> 339.97175 | G38: ='Consolidado - Financeiro'!G50-'Alea - Financeiro'!G40 -> 292.29396 | H38: ='Consolidado - Financeiro'!H50-'Alea - Financeiro'!H40 -> 267.36438 | I38: ='Consolidado - Financeiro'!I50-'Alea - Financeiro'!I40 -> 869.29686 | ... BZ38: ='Consolidado - Financeiro'!BZ50-'Alea - Financeiro'!BZ40 -> 9.8
A39: Margem Bruta | B39: =B38/B37 -> 0.38308161 | C39: =C38/C37 -> 0.361877 | D39: =D38/D37 -> 0.33502618 | E39: =E38/E37 -> 0.34569922 | F39: =F38/F37 -> 0.32694085 | G39: =G38/G37 -> 0.32757882 | H39: =H38/H37 -> 0.33930125 | I39: =I38/I37 -> 0.28754942 | ... BZ39: =BZ38/BZ37 -> 0.041880342
A40: (-) Custos Financeiros | B40: ='Consolidado - Financeiro'!B52-'Alea - Financeiro'!B42 -> 19.264204 | C40: ='Consolidado - Financeiro'!C52-'Alea - Financeiro'!C42 -> 19.133332 | D40: ='Consolidado - Financeiro'!D52-'Alea - Financeiro'!D42 -> 76.3 | E40: ='Consolidado - Financeiro'!E52-'Alea - Financeiro'!E42 -> 18.2 | F40: ='Consolidado - Financeiro'!F52-'Alea - Financeiro'!F42 -> 18.82591 | G40: ='Consolidado - Financeiro'!G52-'Alea - Financeiro'!G42 -> 20.806024 | H40: ='Consolidado - Financeiro'!H52-'Alea - Financeiro'!H42 -> 18.401759 | I40: ='Consolidado - Financeiro'!I52-'Alea - Financeiro'!I42 -> 89.874019 | ... BZ40: ='Consolidado - Financeiro'!BZ52-'Alea - Financeiro'!BZ42 -> 3.2
A41: Lucro Bruto Ajustado¹ | B41: ='Consolidado - Financeiro'!B53-'Alea - Financeiro'!B43 -> 480.85556 | C41: ='Consolidado - Financeiro'!C53-'Alea - Financeiro'!C43 -> 421.51281 | D41: ='Consolidado - Financeiro'!D53-'Alea - Financeiro'!D43 -> 1356.2 | E41: ='Consolidado - Financeiro'!E53-'Alea - Financeiro'!E43 -> 398.5 | F41: ='Consolidado - Financeiro'!F53-'Alea - Financeiro'!F43 -> 358.79766 | G41: ='Consolidado - Financeiro'!G53-'Alea - Financeiro'!G43 -> 313.09999 | H41: ='Consolidado - Financeiro'!H53-'Alea - Financeiro'!H43 -> 285.76614 | I41: ='Consolidado - Financeiro'!I53-'Alea - Financeiro'!I43 -> 959.17088 | ... BZ41: ='Consolidado - Financeiro'!BZ53-'Alea - Financeiro'!BZ43 -> 12.9
A42: Margem Bruta Ajustada | B42: =B41/B37 -> 0.39906926 | C42: =C41/C37 -> 0.37908442 | D42: =D41/D37 -> 0.35502618 | E42: =E41/E37 -> 0.36233861 | F42: =F41/F37 -> 0.34504518 | G42: =G41/G37 -> 0.35089648 | H42: =H41/H37 -> 0.36265418 | I42: =I41/I37 -> 0.3172783 | ... BZ42: =BZ41/BZ37 -> 0.055128205
A43: Lucro Bruto Ajustado¹ (Sem Pode Entrar + outros) | B43: 474.98289 | C43: 415.17762 | D43: 1331.942 | E43: 383.1 | F43: 355.6876 | G43: 309.84013 | H43: 283.33034 | I43: 955.29103 | J43: 251.18914 | K43: =K41 -> 285.82699 | L43: =L41 -> 221.83204 | M43: =M41 -> 196.44287 | N43: =N41 -> 701.933 | O43: =O41 -> 191.27827 | P43: =P41 -> 188.36485 | Q43: =Q41 -> 161.87437 | R43: =R41 -> 160.10349 | ... BZ43: =BZ41 -> 12.9
A44: Margem Bruta Ajustada (%) (Sem Pode Entrar + outros) | B44: =B12 -> 0.4035222 | C44: =C12 -> 0.38506923 | D44: =D12 -> 0.368 | E44: =E12 -> 0.374 | F44: =F12 -> 0.36402163 | G44: =G12 -> 0.36503584 | H44: =H12 -> 0.36674799 | I44: =I12 -> 0.32656596 | ... BZ44: =BZ12 -> 0.055128205
A45: 1) Ajustado por juros capitalizados.
A47: DESPESAS COM VENDAS, GERAIS E ADMINISTRATIVAS (SG&A)
A48: (em R$ milhões) | B48: 2T26 | C48: 1T26 | D48: 2025 | E48: 4T25 | F48: 3T25 | G48: 2T25 | H48: 1T25 | I48: 2024 | J48: 4T24 | K48: =K7 -> 3T24 | L48: =L7 -> 2T24 | M48: =M7 -> 1T24 | N48: =N7 -> 2023 | O48: =O7 -> 4T23 | P48: =P7 -> 3T23 | Q48: =Q7 -> 2T23 | R48: =R7 -> 1T23 | ... BZ48: =BZ7 -> 1T11
A49: Despesas com Vendas | B49: ='Consolidado - Financeiro'!B61-'Alea - Financeiro'!B49 -> -87.10693 | C49: ='Consolidado - Financeiro'!C61-'Alea - Financeiro'!C49 -> -79.351878 | D49: ='Consolidado - Financeiro'!D61-'Alea - Financeiro'!D49 -> -292.4 | E49: ='Consolidado - Financeiro'!E61-'Alea - Financeiro'!E49 -> -87 | F49: ='Consolidado - Financeiro'!F61-'Alea - Financeiro'!F49 -> -77.425096 | G49: ='Consolidado - Financeiro'!G61-'Alea - Financeiro'!G49 -> -68.98124 | H49: ='Consolidado - Financeiro'!H61-'Alea - Financeiro'!H49 -> -59.055441 | I49: ='Consolidado - Financeiro'!I61-'Alea - Financeiro'!I49 -> -252.08961 | ... BZ49: ='Consolidado - Financeiro'!BZ61-'Alea - Financeiro'!BZ49 -> -24
A50: Despesas Gerais e Administrativas | B50: ='Consolidado - Financeiro'!B62-'Alea - Financeiro'!B50 -> -91.27248 | C50: ='Consolidado - Financeiro'!C62-'Alea - Financeiro'!C50 -> -69.966122 | D50: ='Consolidado - Financeiro'!D62-'Alea - Financeiro'!D50 -> -231.1 | E50: ='Consolidado - Financeiro'!E62-'Alea - Financeiro'!E50 -> -57.4 | F50: ='Consolidado - Financeiro'!F62-'Alea - Financeiro'!F50 -> -58.434558 | G50: ='Consolidado - Financeiro'!G62-'Alea - Financeiro'!G50 -> -64.383407 | H50: ='Consolidado - Financeiro'!H62-'Alea - Financeiro'!H50 -> -50.897821 | I50: ='Consolidado - Financeiro'!I62-'Alea - Financeiro'!I50 -> -183.46018 | ... BZ50: ='Consolidado - Financeiro'!BZ62-'Alea - Financeiro'!BZ50 -> -23.3
A51: Total de despesas SG&A | B51: ='Consolidado - Financeiro'!B63-'Alea - Financeiro'!B51 -> -178.37941 | C51: ='Consolidado - Financeiro'!C63-'Alea - Financeiro'!C51 -> -149.318 | D51: ='Consolidado - Financeiro'!D63-'Alea - Financeiro'!D51 -> -523.5 | E51: ='Consolidado - Financeiro'!E63-'Alea - Financeiro'!E51 -> -144.4 | F51: ='Consolidado - Financeiro'!F63-'Alea - Financeiro'!F51 -> -135.85965 | G51: ='Consolidado - Financeiro'!G63-'Alea - Financeiro'!G51 -> -133.36465 | H51: ='Consolidado - Financeiro'!H63-'Alea - Financeiro'!H51 -> -109.95326 | I51: ='Consolidado - Financeiro'!I63-'Alea - Financeiro'!I51 -> -435.54979 | ... BZ51: ='Consolidado - Financeiro'!BZ63-'Alea - Financeiro'!BZ51 -> -47.3
A52: Vendas Líquidas | B52: ='Consolidado - Financeiro'!B64-'Alea - Financeiro'!B52 -> 1318.0564 | C52: ='Consolidado - Financeiro'!C64-'Alea - Financeiro'!C52 -> 1427.9689 | D52: ='Consolidado - Financeiro'!D64-'Alea - Financeiro'!D52 -> 4242.9044 | E52: ='Consolidado - Financeiro'!E64-'Alea - Financeiro'!E52 -> 1104.4221 | F52: ='Consolidado - Financeiro'!F64-'Alea - Financeiro'!F52 -> 1098.7173 | G52: ='Consolidado - Financeiro'!G64-'Alea - Financeiro'!G52 -> 1051.3756 | H52: ='Consolidado - Financeiro'!H64-'Alea - Financeiro'!H52 -> 988.38943 | I52: ='Consolidado - Financeiro'!I64-'Alea - Financeiro'!I52 -> 4183.4543 | ... BZ52: ='Consolidado - Financeiro'!BZ64-'Alea - Financeiro'!BZ52 -> 227.8
A53: Lançamentos | B53: ='Consolidado - Financeiro'!B65-'Alea - Financeiro'!B53 -> 1680.9171 | C53: ='Consolidado - Financeiro'!C65-'Alea - Financeiro'!C53 -> 1414.4643 | D53: ='Consolidado - Financeiro'!D65-'Alea - Financeiro'!D53 -> 5099.9102 | E53: ='Consolidado - Financeiro'!E65-'Alea - Financeiro'!E53 -> 1705.9281 | F53: ='Consolidado - Financeiro'!F65-'Alea - Financeiro'!F53 -> 1486.7271 | G53: ='Consolidado - Financeiro'!G65-'Alea - Financeiro'!G53 -> 1088.7786 | H53: ='Consolidado - Financeiro'!H65-'Alea - Financeiro'!H53 -> 818.47643 | I53: ='Consolidado - Financeiro'!I65-'Alea - Financeiro'!I53 -> 4903.15 | ... BZ53: ='Consolidado - Financeiro'!BZ65-'Alea - Financeiro'!BZ53 -> 102.4
A54: Despesas com Vendas / Vendas Líquidas | B54: =IFERROR(-B49/B52,0) -> 0.066087405 | C54: =IFERROR(-C49/C52,0) -> 0.055569751 | D54: =IFERROR(-D49/D52,0) -> 0.068915057 | E54: =IFERROR(-E49/E52,0) -> 0.07877423 | F54: =IFERROR(-F49/F52,0) -> 0.070468625 | G54: =IFERROR(-G49/G52,0) -> 0.065610461 | H54: =IFERROR(-H49/H52,0) -> 0.059749164 | I54: =IFERROR(-I49/I52,0) -> 0.060258722 | ... BZ54: =IFERROR(-BZ49/BZ52,0) -> 0.10535558
A55: Despesas Gerais e Administrativas / Lançamentos | B55: =IFERROR(-B50/B53,0) -> 0.054299214 | C55: =IFERROR(-C50/C53,0) -> 0.049464751 | D55: =IFERROR(-D50/D53,0) -> 0.045314524 | E55: =IFERROR(-E50/E53,0) -> 0.033647374 | F55: =IFERROR(-F50/F53,0) -> 0.039304159 | G55: =IFERROR(-G50/G53,0) -> 0.059133608 | H55: =IFERROR(-H50/H53,0) -> 0.062186055 | I55: =IFERROR(-I50/I53,0) -> 0.0374168 | ... BZ55: =IFERROR(-BZ50/BZ53,0) -> 0.22753906
A57: OUTRAS RECEITAS E DESPESAS OPERACIONAIS
A58: (em R$ milhões) | B58: 2T26 | C58: 1T26 | D58: 2025 | E58: 4T25 | F58: 3T25 | G58: 2T25 | H58: 1T25 | I58: 2024 | J58: 4T24 | K58: =K7 -> 3T24 | L58: =L7 -> 2T24 | M58: =M7 -> 1T24 | N58: =N7 -> 2023 | O58: =O7 -> 4T23 | P58: =P7 -> 3T23 | Q58: =Q7 -> 2T23 | R58: =R7 -> 1T23 | ... BZ58: =BZ7 -> 1T11
A59: Outras Receitas e Despesas Operacionais | B59: ='Consolidado - Financeiro'!B71-'Alea - Financeiro'!B59 -> -29.677487 | C59: ='Consolidado - Financeiro'!C71-'Alea - Financeiro'!C59 -> -15.883221 | D59: ='Consolidado - Financeiro'!D71-'Alea - Financeiro'!D59 -> -79.5 | E59: ='Consolidado - Financeiro'!E71-'Alea - Financeiro'!E59 -> -28.8 | F59: ='Consolidado - Financeiro'!F71-'Alea - Financeiro'!F59 -> -24.392139 | G59: ='Consolidado - Financeiro'!G71-'Alea - Financeiro'!G59 -> -4.9764548 | H59: ='Consolidado - Financeiro'!H71-'Alea - Financeiro'!H59 -> -21.324425 | I59: ='Consolidado - Financeiro'!I71-'Alea - Financeiro'!I59 -> -46.329686 | ... BZ59: ='Consolidado - Financeiro'!BZ71-'Alea - Financeiro'!BZ59 -> -4.1
A60: Despesas com demandas judiciais | B60: ='Consolidado - Financeiro'!B72-'Alea - Financeiro'!B60 -> -21.986653 | C60: ='Consolidado - Financeiro'!C72-'Alea - Financeiro'!C60 -> -10.42627 | D60: ='Consolidado - Financeiro'!D72-'Alea - Financeiro'!D60 -> -47.3 | E60: ='Consolidado - Financeiro'!E72-'Alea - Financeiro'!E60 -> -11 | F60: ='Consolidado - Financeiro'!F72-'Alea - Financeiro'!F60 -> -16.344 | G60: ='Consolidado - Financeiro'!G72-'Alea - Financeiro'!G60 -> -5.821 | H60: ='Consolidado - Financeiro'!H72-'Alea - Financeiro'!H60 -> -14.091 | I60: ='Consolidado - Financeiro'!I72-'Alea - Financeiro'!I60 -> -28.904 | ... BZ60: ='Consolidado - Financeiro'!BZ72-'Alea - Financeiro'!BZ60 -> -2.2
A61: Outras Receitas e Despesas operacionais | B61: ='Consolidado - Financeiro'!B73-'Alea - Financeiro'!B61 -> -7.6908334 | C61: ='Consolidado - Financeiro'!C73-'Alea - Financeiro'!C61 -> -5.4569506 | D61: ='Consolidado - Financeiro'!D73-'Alea - Financeiro'!D61 -> -32.2 | E61: ='Consolidado - Financeiro'!E73-'Alea - Financeiro'!E61 -> -17.8 | F61: ='Consolidado - Financeiro'!F73-'Alea - Financeiro'!F61 -> -8.0481395 | G61: ='Consolidado - Financeiro'!G73-'Alea - Financeiro'!G61 -> 0.84454516 | H61: ='Consolidado - Financeiro'!H73-'Alea - Financeiro'!H61 -> -7.2334253 | I61: ='Consolidado - Financeiro'!I73-'Alea - Financeiro'!I61 -> -17.425686 | ... BZ61: ='Consolidado - Financeiro'!BZ73-'Alea - Financeiro'!BZ61 -> -1.8
A62: Equivalência Patrimonial | B62: ='Consolidado - Financeiro'!B74-'Alea - Financeiro'!B62 -> 5.152 | C62: ='Consolidado - Financeiro'!C74-'Alea - Financeiro'!C62 -> 4.533 | D62: ='Consolidado - Financeiro'!D74-'Alea - Financeiro'!D62 -> 25.3 | E62: ='Consolidado - Financeiro'!E74-'Alea - Financeiro'!E62 -> 7.6 | F62: ='Consolidado - Financeiro'!F74-'Alea - Financeiro'!F62 -> 9.212 | G62: ='Consolidado - Financeiro'!G74-'Alea - Financeiro'!G62 -> 3.649 | H62: ='Consolidado - Financeiro'!H74-'Alea - Financeiro'!H62 -> 4.917 | I62: ='Consolidado - Financeiro'!I74-'Alea - Financeiro'!I62 -> 16.699 | ... BZ62: ='Consolidado - Financeiro'!BZ74-'Alea - Financeiro'!BZ62 -> -3.3
A64: RESULTADO FINANCEIRO
A65: (em R$ milhões) | B65: 2T26 | C65: 1T26 | D65: 2025 | E65: 4T25 | F65: 3T25 | G65: 2T25 | H65: 1T25 | I65: 2024 | J65: 4T24 | K65: =K7 -> 3T24 | L65: =L7 -> 2T24 | M65: =M7 -> 1T24 | N65: =N7 -> 2023 | O65: =O7 -> 4T23 | P65: =P7 -> 3T23 | Q65: =Q7 -> 2T23 | R65: =R7 -> 1T23 | ... BZ65: =BZ7 -> 1T11
A66: Receitas Financeiras | B66: ='Consolidado - Financeiro'!B78-'Alea - Financeiro'!B66 -> 52.144877 | C66: ='Consolidado - Financeiro'!C78-'Alea - Financeiro'!C66 -> 66.602302 | D66: ='Consolidado - Financeiro'!D78-'Alea - Financeiro'!D66 -> 243.8 | E66: ='Consolidado - Financeiro'!E78-'Alea - Financeiro'!E66 -> 39.9 | F66: ='Consolidado - Financeiro'!F78-'Alea - Financeiro'!F66 -> 27.421441 | G66: ='Consolidado - Financeiro'!G78-'Alea - Financeiro'!G66 -> 15.92505 | H66: ='Consolidado - Financeiro'!H78-'Alea - Financeiro'!H66 -> 13.76678 | I66: ='Consolidado - Financeiro'!I78-'Alea - Financeiro'!I66 -> 64.412857 | ... BZ66: ='Consolidado - Financeiro'!BZ78-'Alea - Financeiro'!BZ66 -> 6.3
A67: Despesas Financeiras | B67: ='Consolidado - Financeiro'!B82-'Alea - Financeiro'!B67 -> -73.604943 | C67: ='Consolidado - Financeiro'!C82-'Alea - Financeiro'!C67 -> -67.946835 | D67: ='Consolidado - Financeiro'!D82-'Alea - Financeiro'!D67 -> -232.5 | E67: ='Consolidado - Financeiro'!E82-'Alea - Financeiro'!E67 -> -81 | F67: ='Consolidado - Financeiro'!F82-'Alea - Financeiro'!F67 -> -49.117462 | G67: ='Consolidado - Financeiro'!G82-'Alea - Financeiro'!G67 -> 78.790825 | H67: ='Consolidado - Financeiro'!H82-'Alea - Financeiro'!H67 -> -34.44689 | I67: ='Consolidado - Financeiro'!I82-'Alea - Financeiro'!I67 -> -234.23735 | ... BZ67: ='Consolidado - Financeiro'!BZ82-'Alea - Financeiro'!BZ67 -> -4.1
A68: Resultado Financeiro | B68: ='Consolidado - Financeiro'!B87-'Alea - Financeiro'!B68 -> -21.460066 | C68: ='Consolidado - Financeiro'!C87-'Alea - Financeiro'!C68 -> -1.3445324 | D68: ='Consolidado - Financeiro'!D87-'Alea - Financeiro'!D68 -> 11.2 | E68: ='Consolidado - Financeiro'!E87-'Alea - Financeiro'!E68 -> -41.1 | F68: ='Consolidado - Financeiro'!F87-'Alea - Financeiro'!F68 -> -21.696021 | G68: ='Consolidado - Financeiro'!G87-'Alea - Financeiro'!G68 -> 94.715874 | H68: ='Consolidado - Financeiro'!H87-'Alea - Financeiro'!H68 -> -20.680111 | I68: ='Consolidado - Financeiro'!I87-'Alea - Financeiro'!I68 -> -169.82449 | ... BZ68: ='Consolidado - Financeiro'!BZ87-'Alea - Financeiro'!BZ68 -> 2.2
A70: LUCRO LÍQUIDO
A71: (em R$ milhões) | B71: 2T26 | C71: 1T26 | D71: 2025 | E71: 4T25 | F71: 3T25 | G71: 2T25 | H71: 1T25 | I71: 2024 | J71: 4T24 | K71: =K7 -> 3T24 | L71: =L7 -> 2T24 | M71: =M7 -> 1T24 | N71: =N7 -> 2023 | O71: =O7 -> 4T23 | P71: =P7 -> 3T23 | Q71: =Q7 -> 2T23 | R71: =R7 -> 1T23 | ... BZ71: =BZ7 -> 1T11
A72: Resultado Líquido após IR & CSLL | B72: ='Consolidado - Financeiro'!B92-'Alea - Financeiro'!B72 -> 208.96011 | C72: ='Consolidado - Financeiro'!C92-'Alea - Financeiro'!C72 -> 216.21055 | D72: ='Consolidado - Financeiro'!D92-'Alea - Financeiro'!D72 -> 636.1 | E72: ='Consolidado - Financeiro'!E92-'Alea - Financeiro'!E72 -> 154.9 | F72: ='Consolidado - Financeiro'!F92-'Alea - Financeiro'!F72 -> 146.5982 | G72: ='Consolidado - Financeiro'!G92-'Alea - Financeiro'!G72 -> 229.69701 | H72: ='Consolidado - Financeiro'!H92-'Alea - Financeiro'!H72 -> 104.90605 | I72: ='Consolidado - Financeiro'!I92-'Alea - Financeiro'!I72 -> 172.65865 | ... BZ72: ='Consolidado - Financeiro'!BZ92-'Alea - Financeiro'!BZ72 -> -26.2
A73: (-) Participação Minoritários | B73: ='Consolidado - Financeiro'!B93-'Alea - Financeiro'!B73 -> -0.003575245 | C73: ='Consolidado - Financeiro'!C93-'Alea - Financeiro'!C73 -> 0.0070948181 | D73: ='Consolidado - Financeiro'!D93-'Alea - Financeiro'!D73 -> 0 | E73: ='Consolidado - Financeiro'!E93-'Alea - Financeiro'!E73 -> 0 | F73: ='Consolidado - Financeiro'!F93-'Alea - Financeiro'!F73 -> -0.1639707 | G73: ='Consolidado - Financeiro'!G93-'Alea - Financeiro'!G73 -> 0.20173474 | H73: ='Consolidado - Financeiro'!H93-'Alea - Financeiro'!H73 -> -0.035288214 | I73: ='Consolidado - Financeiro'!I93-'Alea - Financeiro'!I73 -> 5.702 | ... BZ73: ='Consolidado - Financeiro'!BZ93-'Alea - Financeiro'!BZ73 -> 0
A74: Lucro Líquido | B74: ='Consolidado - Financeiro'!B94-'Alea - Financeiro'!B74 -> 208.95693 | C74: ='Consolidado - Financeiro'!C94-'Alea - Financeiro'!C74 -> 216.21724 | D74: ='Consolidado - Financeiro'!D94-'Alea - Financeiro'!D74 -> 636.1 | E74: ='Consolidado - Financeiro'!E94-'Alea - Financeiro'!E74 -> 154.8 | F74: ='Consolidado - Financeiro'!F94-'Alea - Financeiro'!F74 -> 146.434 | G74: ='Consolidado - Financeiro'!G94-'Alea - Financeiro'!G74 -> 229.89893 | H74: ='Consolidado - Financeiro'!H94-'Alea - Financeiro'!H74 -> 104.87035 | I74: ='Consolidado - Financeiro'!I94-'Alea - Financeiro'!I74 -> 178.35864 | ... BZ74: ='Consolidado - Financeiro'!BZ94-'Alea - Financeiro'!BZ74 -> -26.2
A75: Margem Líquida | B75: =B74/B9 -> 0.1734165 | C75: =C74/C9 -> 0.19445338 | D75: =D74/D9 -> 0.16651832 | E75: =E74/E9 -> 0.14075286 | F75: =F74/F9 -> 0.14082128 | G75: =G74/G9 -> 0.25765165 | H75: =H74/H9 -> 0.13308669 | I75: =I74/I9 -> 0.05899817 | ... BZ75: =BZ74/BZ9 -> -0.11196581
A77: EBITDA AJUSTADO
A78: (em R$ milhões) | B78: 2T26 | C78: 1T26 | D78: 2025 | E78: 4T25 | F78: 3T25 | G78: 2T25 | H78: 1T25 | I78: 2024 | J78: 4T24 | K78: =K7 -> 3T24 | L78: =L7 -> 2T24 | M78: =M7 -> 1T24 | N78: =N7 -> 2023 | O78: =O7 -> 4T23 | P78: =P7 -> 3T23 | Q78: =Q7 -> 2T23 | R78: =R7 -> 1T23 | ... BZ78: =BZ7 -> 1T11
A79: Lucro Líquido | B79: ='Consolidado - Financeiro'!B99-'Alea - Financeiro'!B79 -> 208.95693 | C79: ='Consolidado - Financeiro'!C99-'Alea - Financeiro'!C79 -> 216.21724 | D79: ='Consolidado - Financeiro'!D99-'Alea - Financeiro'!D79 -> 636.1 | E79: ='Consolidado - Financeiro'!E99-'Alea - Financeiro'!E79 -> 154.8 | F79: ='Consolidado - Financeiro'!F99-'Alea - Financeiro'!F79 -> 146.434 | G79: ='Consolidado - Financeiro'!G99-'Alea - Financeiro'!G79 -> 229.89893 | H79: ='Consolidado - Financeiro'!H99-'Alea - Financeiro'!H79 -> 104.87035 | I79: ='Consolidado - Financeiro'!I99-'Alea - Financeiro'!I79 -> 178.35864 | ... BZ79: ='Consolidado - Financeiro'!BZ99-'Alea - Financeiro'!BZ79 -> -26.2
A80: (+) Resultado financeiro | B80: ='Consolidado - Financeiro'!B100-'Alea - Financeiro'!B80 -> 21.460066 | C80: ='Consolidado - Financeiro'!C100-'Alea - Financeiro'!C80 -> 1.3445324 | D80: ='Consolidado - Financeiro'!D100-'Alea - Financeiro'!D80 -> -11.2 | E80: ='Consolidado - Financeiro'!E100-'Alea - Financeiro'!E80 -> 41.1 | F80: ='Consolidado - Financeiro'!F100-'Alea - Financeiro'!F80 -> 21.696021 | G80: ='Consolidado - Financeiro'!G100-'Alea - Financeiro'!G80 -> -94.715874 | H80: ='Consolidado - Financeiro'!H100-'Alea - Financeiro'!H80 -> 20.680111 | I80: ='Consolidado - Financeiro'!I100-'Alea - Financeiro'!I80 -> 169.82449 | ... BZ80: ='Consolidado - Financeiro'!BZ100-'Alea - Financeiro'!BZ80 -> -2.2
A81: (+) IR / CSLL | B81: ='Consolidado - Financeiro'!B101-'Alea - Financeiro'!B81 -> 16.428914 | C81: ='Consolidado - Financeiro'!C101-'Alea - Financeiro'!C81 -> 15.25802 | D81: ='Consolidado - Financeiro'!D101-'Alea - Financeiro'!D81 -> 38.6 | E81: ='Consolidado - Financeiro'!E101-'Alea - Financeiro'!E81 -> 10.6 | F81: ='Consolidado - Financeiro'!F101-'Alea - Financeiro'!F81 -> 10.613 | G81: ='Consolidado - Financeiro'!G101-'Alea - Financeiro'!G81 -> 11.051 | H81: ='Consolidado - Financeiro'!H101-'Alea - Financeiro'!H81 -> 6.377 | I81: ='Consolidado - Financeiro'!I101-'Alea - Financeiro'!I81 -> 23.571 | ... BZ81: ='Consolidado - Financeiro'!BZ101-'Alea - Financeiro'!BZ81 -> -20.2
A82: (+) Depreciação e amortização | B82: ='Consolidado - Financeiro'!B102-'Alea - Financeiro'!B82 -> 13.03453 | C82: ='Consolidado - Financeiro'!C102-'Alea - Financeiro'!C82 -> 10.526446 | D82: ='Consolidado - Financeiro'!D102-'Alea - Financeiro'!D82 -> 41.6 | E82: ='Consolidado - Financeiro'!E102-'Alea - Financeiro'!E82 -> 9.1 | F82: ='Consolidado - Financeiro'!F102-'Alea - Financeiro'!F82 -> 11.924164 | G82: ='Consolidado - Financeiro'!G102-'Alea - Financeiro'!G82 -> 10.864571 | H82: ='Consolidado - Financeiro'!H102-'Alea - Financeiro'!H82 -> 9.7466855 | I82: ='Consolidado - Financeiro'!I102-'Alea - Financeiro'!I82 -> 39.651477 | ... BZ82: ='Consolidado - Financeiro'!BZ102-'Alea - Financeiro'!BZ82 -> 3.7
A83: (+) Capitalização de Juros | B83: ='Consolidado - Financeiro'!B103-'Alea - Financeiro'!B83 -> 19.264173 | C83: ='Consolidado - Financeiro'!C103-'Alea - Financeiro'!C83 -> 19.135698 | D83: ='Consolidado - Financeiro'!D103-'Alea - Financeiro'!D83 -> 76.3 | E83: ='Consolidado - Financeiro'!E103-'Alea - Financeiro'!E83 -> 18.2 | F83: ='Consolidado - Financeiro'!F103-'Alea - Financeiro'!F83 -> 18.825935 | G83: ='Consolidado - Financeiro'!G103-'Alea - Financeiro'!G83 -> 20.806024 | H83: ='Consolidado - Financeiro'!H103-'Alea - Financeiro'!H83 -> 18.402191 | I83: ='Consolidado - Financeiro'!I103-'Alea - Financeiro'!I83 -> 90.580864 | ... BZ83: ='Consolidado - Financeiro'!BZ103-'Alea - Financeiro'!BZ83 -> 3.2
A84: (+) Despesas com SOP | B84: ='Consolidado - Financeiro'!B104-'Alea - Financeiro'!B84 -> 14.013878 | C84: ='Consolidado - Financeiro'!C104-'Alea - Financeiro'!C84 -> 15.710476 | D84: ='Consolidado - Financeiro'!D104-'Alea - Financeiro'!D84 -> 20.6 | E84: ='Consolidado - Financeiro'!E104-'Alea - Financeiro'!E84 -> 5.8 | F84: ='Consolidado - Financeiro'!F104-'Alea - Financeiro'!F84 -> 5.5984542 | G84: ='Consolidado - Financeiro'!G104-'Alea - Financeiro'!G84 -> 5.6128442 | H84: ='Consolidado - Financeiro'!H104-'Alea - Financeiro'!H84 -> 3.5385177 | I84: ='Consolidado - Financeiro'!I104-'Alea - Financeiro'!I84 -> 14.525204 | ... BZ84: ='Consolidado - Financeiro'!BZ104-'Alea - Financeiro'!BZ84 -> 0.6
A85: (+) Participação dos minoritários | B85: ='Consolidado - Financeiro'!B105-'Alea - Financeiro'!B85 -> 0.003575245 | C85: ='Consolidado - Financeiro'!C105-'Alea - Financeiro'!C85 -> -0.0070948181 | D85: ='Consolidado - Financeiro'!D105-'Alea - Financeiro'!D85 -> 0 | E85: ='Consolidado - Financeiro'!E105-'Alea - Financeiro'!E85 -> 0 | F85: ='Consolidado - Financeiro'!F105-'Alea - Financeiro'!F85 -> 0.1639707 | G85: ='Consolidado - Financeiro'!G105-'Alea - Financeiro'!G85 -> -0.20173474 | H85: ='Consolidado - Financeiro'!H105-'Alea - Financeiro'!H85 -> 0.035288214 | I85: ='Consolidado - Financeiro'!I105-'Alea - Financeiro'!I85 -> -5.702 | ... BZ85: ='Consolidado - Financeiro'!BZ105-'Alea - Financeiro'!BZ85 -> 0
A86: (+) Depreciação do COGS | B86: ='Consolidado - Financeiro'!B106-'Alea - Financeiro'!B86 -> 6.6686086 | C86: ='Consolidado - Financeiro'!C106-'Alea - Financeiro'!C86 -> 5.3424847 | D86: ='Consolidado - Financeiro'!D106-'Alea - Financeiro'!D86 -> 16.191438 | E86: ='Consolidado - Financeiro'!E106-'Alea - Financeiro'!E86 -> -4.2908167 | F86: ='Consolidado - Financeiro'!F106-'Alea - Financeiro'!F86 -> -8.6510045 | G86: ='Consolidado - Financeiro'!G106-'Alea - Financeiro'!G86 -> -7.7908263 | H86: ='Consolidado - Financeiro'!H106-'Alea - Financeiro'!H86 -> -7.1695153 | I86: ='Consolidado - Financeiro'!I106-'Alea - Financeiro'!I86 -> -25.212186 | ... BZ86: ='Consolidado - Financeiro'!BZ106-'Alea - Financeiro'!BZ86 -> 0
A87: EBITDA Ajustado¹ | B87: ='Consolidado - Financeiro'!B107-'Alea - Financeiro'!B87 -> 299.83067 | C87: ='Consolidado - Financeiro'!C107-'Alea - Financeiro'!C87 -> 283.5278 | D87: ='Consolidado - Financeiro'!D107-'Alea - Financeiro'!D87 -> 818.1 | E87: ='Consolidado - Financeiro'!E107-'Alea - Financeiro'!E87 -> 235.4 | F87: ='Consolidado - Financeiro'!F107-'Alea - Financeiro'!F87 -> 222.86352 | G87: ='Consolidado - Financeiro'!G107-'Alea - Financeiro'!G87 -> 190.06356 | H87: ='Consolidado - Financeiro'!H107-'Alea - Financeiro'!H87 -> 169.77663 | I87: ='Consolidado - Financeiro'!I107-'Alea - Financeiro'!I87 -> 536.02187 | ... BZ87: ='Consolidado - Financeiro'!BZ107-'Alea - Financeiro'!BZ87 -> -41.2
A88: Receita Líquida | B88: ='Consolidado - Financeiro'!B108-'Alea - Financeiro'!B88 -> 1204.9426 | C88: ='Consolidado - Financeiro'!C108-'Alea - Financeiro'!C88 -> 1111.9233 | D88: ='Consolidado - Financeiro'!D108-'Alea - Financeiro'!D88 -> 3820 | E88: ='Consolidado - Financeiro'!E108-'Alea - Financeiro'!E88 -> 1099.8 | F88: ='Consolidado - Financeiro'!F108-'Alea - Financeiro'!F88 -> 1039.8571 | G88: ='Consolidado - Financeiro'!G108-'Alea - Financeiro'!G88 -> 892.2859 | H88: ='Consolidado - Financeiro'!H108-'Alea - Financeiro'!H88 -> 787.98524 | I88: ='Consolidado - Financeiro'!I108-'Alea - Financeiro'!I88 -> 3023.1216 | ... BZ88: ='Consolidado - Financeiro'!BZ108-'Alea - Financeiro'!BZ88 -> 234
A89: Margem EBITDA ajustada¹ | B89: =B14 -> 0.24883398 | C89: =C14 -> 0.25498863 | D89: =D14 -> 0.2141623 | E89: =E14 -> 0.21403892 | F89: =F14 -> 0.2143213 | G89: =G14 -> 0.21300747 | H89: =H14 -> 0.21545661 | I89: =I14 -> 0.17730741 | ... BZ89: =BZ14 -> -0.17606838
A90: 1. Ajustado por juros capitalizados, despesas com planos de ações (não caixa), minoritários e depreciação no COGS. (* Mudança a partir do 1T23)
A92: RESULTADO A APROPRIAR
A93: (em R$ milhões) | B93: 2T26 | C93: 1T26 | D93: 2025 | E93: 4T25 | F93: 3T25 | G93: 2T25 | H93: 1T25 | I93: 2024 | J93: 4T24 | K93: 3T24 | L93: 2T24 | M93: 1T24 | N93: 2023 | O93: 4T23 | P93: 3T23 | Q93: 2T23 | R93: 1T23 | S93: 2022 | T93: 4T22 | U93: 3T22 | V93: 2T22 | W93: 1T22 | X93: 2021 | Y93: 4T21 | Z93: 3T21 | AA93: 2T21 | AB93: 1T21 | AC93: 2020 | AD93: 4T20 | AE93: 3T20 | AF93: 2T20 | AG93: 1T20 | AH93: 2019 | AI93: 4T19 | AJ93: 3T19 | AK93: 2T19 | AL93: 1T19 | AM93: 2018 | AN93: 4T18 | AO93: 3T18 | AP93: 2T18 | AQ93: 1T18 | AR93: 2017 | AS93: 4T17 | AT93: 3T17 | AU93: 2T17 | AV93: 1T17 | AW93: 2016 | AX93: 4T16 | AY93: 3T16 | AZ93: 2T16 | BA93: 1T16 | BB93: 2015 | BC93: 4T15 | BD93: 3T15 | BE93: 2T15 | BF93: 1T15 | BG93: 2014 | BH93: 4T14 | BI93: 3T14 | BJ93: 2T14 | BK93: 1T14 | BL93: 2013 | BM93: 4T13 | BN93: 3T13 | BO93: 2T13 | BP93: 1T13 | BQ93: 2012 | BR93: 4T12 | BS93: 3T12 | BT93: 2T12 | BU93: 1T12 | BV93: 2011 | BW93: 4T11 | BX93: 3T11 | BY93: 2T11 | BZ93: 1T11
A94: Receitas a Apropriar (Sem Pode Entrar) | B94: 2674.0245 | C94: 2642.1717 | D94: 2340.9 | E94: 2340.9 | F94: 2328.2227 | G94: 2244.9061 | H94: 2014.145 | I94: 1816.5695 | J94: 1816.5695 | K94: 1724.2427 | L94: 1609.5376 | M94: 1497.3634 | N94: 0 | O94: 0 | P94: 0 | Q94: 0 | R94: 0 | S94: 0 | T94: 0 | U94: 0 | V94: 0 | W94: 0 | X94: 0 | Y94: 0 | Z94: 0 | AA94: 0 | AB94: 0 | AC94: 0 | AD94: 0 | AE94: 0 | AF94: 0 | AG94: 0 | AH94: 0 | AI94: 0 | AJ94: 0 | AK94: 0 | AL94: 0 | AM94: 0 | AN94: 0 | AO94: 0 | AP94: 0 | AQ94: 0 | AR94: 0 | AS94: 0 | AT94: 0 | AU94: 0 | AV94: 0 | AW94: 0 | AX94: 0 | AY94: 0 | AZ94: 0 | BA94: 0 | BB94: 0 | BC94: 0 | BD94: 0 | BE94: 0 | BF94: 0 | BG94: 0 | BH94: 0 | BI94: 0 | BJ94: 0 | BK94: 0 | BL94: 0 | BM94: 0 | BN94: 0 | BO94: 0 | BP94: 0 | BQ94: 0 | BR94: 0 | BS94: 0 | BT94: 0 | BU94: 0 | BV94: 0 | BW94: 0 | BX94: 0 | BY94: 0 | BZ94: 0
A95: Custo das Unidades Vendidas a Apropriar (Sem Pode Entrar) | B95: -1543.7104 | C95: -1527.5281 | D95: -1360.2 | E95: -1360.2 | F95: -1349.5643 | G95: -1302.6506 | H95: -1171.8317 | I95: -1076.0469 | J95: -1076.0469 | K95: -1032.6379 | L95: -975.2737 | M95: -921.47483 | N95: 0 | O95: 0 | P95: 0 | Q95: 0 | R95: 0 | S95: 0 | T95: 0 | U95: 0 | V95: 0 | W95: 0 | X95: 0 | Y95: 0 | Z95: 0 | AA95: 0 | AB95: 0 | AC95: 0 | AD95: 0 | AE95: 0 | AF95: 0 | AG95: 0 | AH95: 0 | AI95: 0 | AJ95: 0 | AK95: 0 | AL95: 0 | AM95: 0 | AN95: 0 | AO95: 0 | AP95: 0 | AQ95: 0 | AR95: 0 | AS95: 0 | AT95: 0 | AU95: 0 | AV95: 0 | AW95: 0 | AX95: 0 | AY95: 0 | AZ95: 0 | BA95: 0 | BB95: 0 | BC95: 0 | BD95: 0 | BE95: 0 | BF95: 0 | BG95: 0 | BH95: 0 | BI95: 0 | BJ95: 0 | BK95: 0 | BL95: 0 | BM95: 0 | BN95: 0 | BO95: 0 | BP95: 0 | BQ95: 0 | BR95: 0 | BS95: 0 | BT95: 0 | BU95: 0 | BV95: 0 | BW95: 0 | BX95: 0 | BY95: 0 | BZ95: 0
A96: Resultado a Apropriar Ajustado (Sem Pode Entrar) | B96: =B94+B95 -> 1130.314 | C96: =C94+C95 -> 1114.6437 | D96: =D94+D95 -> 980.7 | E96: =E94+E95 -> 980.7 | F96: =F94+F95 -> 978.65837 | G96: =G94+G95 -> 942.25547 | H96: =H94+H95 -> 842.31332 | I96: =I94+I95 -> 740.52252 | ... BZ96: =BZ94+BZ95 -> 0
A97: Margem a Apropriar Ajustada1 (Sem Pode Entrar) | B97: =IFERROR(B96/B94,0) -> 0.42270146 | C97: =IFERROR(C96/C94,0) -> 0.42186647 | D97: =IFERROR(D96/D94,0) -> 0.41894143 | E97: =IFERROR(E96/E94,0) -> 0.41894143 | F97: =IFERROR(F96/F94,0) -> 0.42034569 | G97: =IFERROR(G96/G94,0) -> 0.41973046 | H97: =IFERROR(H96/H94,0) -> 0.41819895 | I97: =IFERROR(I96/I94,0) -> 0.40764889 | ... BZ97: =IFERROR(BZ96/BZ94,0) -> 0
A98: 1. Sem Financeiros REF: Composto por Provisão de Distratos, Permutas e Correção Monetária.
A101: Relações com Investidores
A102: E-mail: ri@tenda.com
A103: Website: ri.tenda.com
A105: Luiz Mauricio de Garcia
A106: CFO e Diretor Executivo de Relações com Investidores
A108: Marilia Leite
A109: Gerente de Relações com Investidores
A111: Leonardo Dias Wanderley
A112: Coordenador de Relações com Investidores
A114: Felipe Chiavegato Stella
A115: Analista de Relações com Investidores

Sheet Tenda - DRE
A6: DEMONSTRATIVO DE RESULTADO
A7: (em R$ milhões) | B7: 2T26 | C7: 1T26 | D7: 2025 | E7: 4T25 | F7: 3T25 | G7: 2T25 | H7: 1T25 | I7: 2024 | J7: 4T24 | K7: 3T24 | L7: 2T24 | M7: 1T24 | N7: 2023 | O7: 4T23 | P7: 3T23 | Q7: 2T23 | R7: 1T23 | S7: 2022 | T7: 4T22 | U7: 3T22 | V7: 2T22 | W7: 1T22 | X7: 2021 | Y7: 4T21 | Z7: 3T21 | AA7: 2T21 | AB7: 1T21 | AC7: 2020 | AD7: 4T20 | AE7: 3T20 | AF7: 2T20 | AG7: 1T20 | AH7: 2019 | AI7: 4T19 | AJ7: 3T19 | AK7: 2T19 | AL7: 1T19 | AM7: 2018 | AN7: 4T18 | AO7: 3T18 | AP7: 2T18 | AQ7: 1T18 | AR7: 2017 | AS7: 4T17 | AT7: 3T17 | AU7: 2T17 | AV7: 1T17 | AW7: 2016 | AX7: 4T16 | AY7: 3T16 | AZ7: 2T16 | BA7: 1T16 | BB7: 2015 | BC7: 4T15 | BD7: 3T15 | BE7: 2T15 | BF7: 1T15 | BG7: 2014 | BH7: 4T14 | BI7: 3T14 | BJ7: 2T14 | BK7: 1T14 | BL7: 2013 | BM7: 4T13 | BN7: 3T13 | BO7: 2T13 | BP7: 1T13 | BQ7: 2012 | BR7: 4T12 | BS7: 3T12 | BT7: 2T12 | BU7: 1T12 | BV7: 2011 | BW7: 4T11 | BX7: 3T11 | BY7: 2T11 | BZ7: 1T11
A8: Receita Líquida | B8: ='Consolidado - DRE'!B8-'Alea - DRE'!B8 -> 1204.9426 | C8: ='Consolidado - DRE'!C8-'Alea - DRE'!C8 -> 1111.9233 | D8: ='Consolidado - DRE'!D8-'Alea - DRE'!D8 -> 3820 | E8: ='Consolidado - DRE'!E8-'Alea - DRE'!E8 -> 1099.8 | F8: ='Consolidado - DRE'!F8-'Alea - DRE'!F8 -> 1039.8571 | G8: ='Consolidado - DRE'!G8-'Alea - DRE'!G8 -> 892.2859 | H8: ='Consolidado - DRE'!H8-'Alea - DRE'!H8 -> 787.98524 | I8: ='Consolidado - DRE'!I8-'Alea - DRE'!I8 -> 3023.1216 | ... BZ8: ='Consolidado - DRE'!BZ8-'Alea - DRE'!BZ8 -> 234
A9: Custos Operacionais | B9: ='Consolidado - DRE'!B9-'Alea - DRE'!B9 -> -743.35126 | C9: ='Consolidado - DRE'!C9-'Alea - DRE'!C9 -> -709.54384 | D9: ='Consolidado - DRE'!D9-'Alea - DRE'!D9 -> -2540.2 | E9: ='Consolidado - DRE'!E9-'Alea - DRE'!E9 -> -719.6 | F9: ='Consolidado - DRE'!F9-'Alea - DRE'!F9 -> -699.8853 | G9: ='Consolidado - DRE'!G9-'Alea - DRE'!G9 -> -599.99194 | H9: ='Consolidado - DRE'!H9-'Alea - DRE'!H9 -> -520.62086 | I9: ='Consolidado - DRE'!I9-'Alea - DRE'!I9 -> -2153.8248 | ... BZ9: ='Consolidado - DRE'!BZ9-'Alea - DRE'!BZ9 -> -224.2
A10: Lucro Bruto | B10: ='Consolidado - DRE'!B10-'Alea - DRE'!B10 -> 461.59135 | C10: ='Consolidado - DRE'!C10-'Alea - DRE'!C10 -> 402.37948 | D10: ='Consolidado - DRE'!D10-'Alea - DRE'!D10 -> 1279.8 | E10: ='Consolidado - DRE'!E10-'Alea - DRE'!E10 -> 380.2 | F10: ='Consolidado - DRE'!F10-'Alea - DRE'!F10 -> 339.97175 | G10: ='Consolidado - DRE'!G10-'Alea - DRE'!G10 -> 292.29396 | H10: ='Consolidado - DRE'!H10-'Alea - DRE'!H10 -> 267.36438 | I10: ='Consolidado - DRE'!I10-'Alea - DRE'!I10 -> 869.29686 | ... BZ10: ='Consolidado - DRE'!BZ10-'Alea - DRE'!BZ10 -> 9.8
A11: Lucro Bruto Ajustado¹ | B11: ='Consolidado - DRE'!B11-'Alea - DRE'!B11 -> 480.85556 | C11: ='Consolidado - DRE'!C11-'Alea - DRE'!C11 -> 421.51281 | D11: ='Consolidado - DRE'!D11-'Alea - DRE'!D11 -> 1356.2 | E11: ='Consolidado - DRE'!E11-'Alea - DRE'!E11 -> 398.5 | F11: ='Consolidado - DRE'!F11-'Alea - DRE'!F11 -> 358.79766 | G11: ='Consolidado - DRE'!G11-'Alea - DRE'!G11 -> 313.09999 | H11: ='Consolidado - DRE'!H11-'Alea - DRE'!H11 -> 285.76614 | I11: ='Consolidado - DRE'!I11-'Alea - DRE'!I11 -> 959.17088 | ... BZ11: ='Consolidado - DRE'!BZ11-'Alea - DRE'!BZ11 -> 12.9
A12: Margem Bruta | B12: =B10/B8 -> 0.38308161 | C12: =C10/C8 -> 0.361877 | D12: =D10/D8 -> 0.33502618 | E12: =E10/E8 -> 0.34569922 | F12: =F10/F8 -> 0.32694085 | G12: =G10/G8 -> 0.32757882 | H12: =H10/H8 -> 0.33930125 | I12: =I10/I8 -> 0.28754942 | ... P12: =P10/P8 -> 0.22481583 | Q12: 0.20432669 | R12: 0.22429585 | S12: 0.12989578 | T12: 0.12944053 | U12: 0.067366438 | V12: 0.13205406 | W12: 0.19047423 | X12: 0.18602295 | Y12: -0.097969096 | Z12: 0.21510429 | AA12: 0.26651833 | AB12: 0.29675643 | AC12: 0.31123714 | AD12: 0.30539985 | AE12: 0.32280066 | AF12: 0.30742197 | AG12: 0.30749233 | AH12: 0.33232945 | AI12: 0.31866068 | AJ12: 0.33043617 | AK12: 0.34028285 | AL12: 0.34331589 | AM12: 0.34844824 | AN12: 0.35922206 | AO12: 0.33591422 | AP12: 0.36040434 | AQ12: 0.33783426 | AR12: 0.34510319 | AS12: 0.3547735 | AT12: 0.3626913 | AU12: 0.3289738 | AV12: 0.33051831 | AW12: 0.30683189 | AX12: 0.33433598 | AY12: 0.33614408 | AZ12: 0.25851892 | BA12: 0.29309066 | BB12: 0.28835365 | BC12: 0.28362553 | BD12: 0.3041614 | BE12: 0.28080876 | BF12: 0.28450817 | BG12: 0.22080619 | BH12: 0.31284856 | BI12: 0.17163687 | BJ12: 0.25869446 | BK12: 0.079829355 | BL12: 0.07981308 | BM12: 0.22136186 | BN12: 0.038627333 | BO12: 0.074047669 | BP12: -0.068605853 | BQ12: 0.12201177 | BR12: 0.046431682 | BS12: 0.15670599 | BT12: 0.19801897 | BU12: 0.064853699 | BV12: -0.64161744 | BW12: 0.8974375 | BX12: -0.1122224 | BY12: 0.11832597 | BZ12: 0.04169088
A13: Margem Bruta Ajustada | B13: =B11/B8 -> 0.39906926 | C13: =C11/C8 -> 0.37908442 | D13: =D11/D8 -> 0.35502618 | E13: =E11/E8 -> 0.36233861 | F13: =F11/F8 -> 0.34504518 | G13: =G11/G8 -> 0.35089648 | H13: =H11/H8 -> 0.36265418 | I13: =I11/I8 -> 0.3172783 | ... BZ13: =BZ11/BZ8 -> 0.055128205
A14: Despesas Operacionais | B14: ='Consolidado - DRE'!B14-'Alea - DRE'!B14 -> -215.30473 | C14: ='Consolidado - DRE'!C14-'Alea - DRE'!C14 -> -171.04993 | D14: ='Consolidado - DRE'!D14-'Alea - DRE'!D14 -> -621 | E14: ='Consolidado - DRE'!E14-'Alea - DRE'!E14 -> -175.1 | F14: ='Consolidado - DRE'!F14-'Alea - DRE'!F14 -> -162.53043 | G14: ='Consolidado - DRE'!G14-'Alea - DRE'!G14 -> -147.31852 | H14: ='Consolidado - DRE'!H14-'Alea - DRE'!H14 -> -135.98679 | I14: ='Consolidado - DRE'!I14-'Alea - DRE'!I14 -> -505.07098 | ... BZ14: ='Consolidado - DRE'!BZ14-'Alea - DRE'!BZ14 -> -58.349
A15: Despesas com Vendas | B15: ='Consolidado - DRE'!B15-'Alea - DRE'!B15 -> -87.10693 | C15: ='Consolidado - DRE'!C15-'Alea - DRE'!C15 -> -79.351878 | D15: ='Consolidado - DRE'!D15-'Alea - DRE'!D15 -> -292.4 | E15: ='Consolidado - DRE'!E15-'Alea - DRE'!E15 -> -87 | F15: ='Consolidado - DRE'!F15-'Alea - DRE'!F15 -> -77.425096 | G15: ='Consolidado - DRE'!G15-'Alea - DRE'!G15 -> -68.98124 | H15: ='Consolidado - DRE'!H15-'Alea - DRE'!H15 -> -59.055441 | I15: ='Consolidado - DRE'!I15-'Alea - DRE'!I15 -> -252.08961 | ... BZ15: ='Consolidado - DRE'!BZ15-'Alea - DRE'!BZ15 -> -24
A16: Desp. Gerais e Administrativas | B16: ='Consolidado - DRE'!B16-'Alea - DRE'!B16 -> -91.27248 | C16: ='Consolidado - DRE'!C16-'Alea - DRE'!C16 -> -69.966122 | D16: ='Consolidado - DRE'!D16-'Alea - DRE'!D16 -> -231.1 | E16: ='Consolidado - DRE'!E16-'Alea - DRE'!E16 -> -57.4 | F16: ='Consolidado - DRE'!F16-'Alea - DRE'!F16 -> -58.434558 | G16: ='Consolidado - DRE'!G16-'Alea - DRE'!G16 -> -64.383407 | H16: ='Consolidado - DRE'!H16-'Alea - DRE'!H16 -> -50.897821 | I16: ='Consolidado - DRE'!I16-'Alea - DRE'!I16 -> -183.46018 | ... BZ16: ='Consolidado - DRE'!BZ16-'Alea - DRE'!BZ16 -> -23.3
A17: Outras Desp. e Rec. Operacionais | B17: ='Consolidado - DRE'!B17-'Alea - DRE'!B17 -> -29.677487 | C17: ='Consolidado - DRE'!C17-'Alea - DRE'!C17 -> -15.883221 | D17: ='Consolidado - DRE'!D17-'Alea - DRE'!D17 -> -79.531684 | E17: ='Consolidado - DRE'!E17-'Alea - DRE'!E17 -> -28.796664 | F17: ='Consolidado - DRE'!F17-'Alea - DRE'!F17 -> -24.392 | G17: ='Consolidado - DRE'!G17-'Alea - DRE'!G17 -> -4.976 | H17: ='Consolidado - DRE'!H17-'Alea - DRE'!H17 -> -21.324 | I17: ='Consolidado - DRE'!I17-'Alea - DRE'!I17 -> -46.33 | ... BZ17: ='Consolidado - DRE'!BZ17-'Alea - DRE'!BZ17 -> -4.063
A18: Depreciação e Amortização | B18: ='Consolidado - DRE'!B18-'Alea - DRE'!B18 -> -13.03453 | C18: ='Consolidado - DRE'!C18-'Alea - DRE'!C18 -> -10.526446 | D18: ='Consolidado - DRE'!D18-'Alea - DRE'!D18 -> -41.6 | E18: ='Consolidado - DRE'!E18-'Alea - DRE'!E18 -> -9.1 | F18: ='Consolidado - DRE'!F18-'Alea - DRE'!F18 -> -11.924164 | G18: ='Consolidado - DRE'!G18-'Alea - DRE'!G18 -> -10.864571 | H18: ='Consolidado - DRE'!H18-'Alea - DRE'!H18 -> -9.7466855 | I18: ='Consolidado - DRE'!I18-'Alea - DRE'!I18 -> -39.651477 | ... BZ18: ='Consolidado - DRE'!BZ18-'Alea - DRE'!BZ18 -> -3.7
A19: Equivalência Patrimonial | B19: ='Consolidado - DRE'!B19-'Alea - DRE'!B19 -> 5.152 | C19: ='Consolidado - DRE'!C19-'Alea - DRE'!C19 -> 4.533 | D19: ='Consolidado - DRE'!D19-'Alea - DRE'!D19 -> 25.3 | E19: ='Consolidado - DRE'!E19-'Alea - DRE'!E19 -> 7.6 | F19: ='Consolidado - DRE'!F19-'Alea - DRE'!F19 -> 9.212 | G19: ='Consolidado - DRE'!G19-'Alea - DRE'!G19 -> 3.649 | H19: ='Consolidado - DRE'!H19-'Alea - DRE'!H19 -> 4.917 | I19: ='Consolidado - DRE'!I19-'Alea - DRE'!I19 -> 16.699 | ... BZ19: ='Consolidado - DRE'!BZ19-'Alea - DRE'!BZ19 -> -3.3
A20: Lucro Operacional | B20: ='Consolidado - DRE'!B20-'Alea - DRE'!B20 -> 246.84909 | C20: ='Consolidado - DRE'!C20-'Alea - DRE'!C20 -> 232.8131 | D20: ='Consolidado - DRE'!D20-'Alea - DRE'!D20 -> 663.4 | E20: ='Consolidado - DRE'!E20-'Alea - DRE'!E20 -> 205.1 | F20: ='Consolidado - DRE'!F20-'Alea - DRE'!F20 -> 177.44132 | G20: ='Consolidado - DRE'!G20-'Alea - DRE'!G20 -> 144.97544 | H20: ='Consolidado - DRE'!H20-'Alea - DRE'!H20 -> 131.37758 | I20: ='Consolidado - DRE'!I20-'Alea - DRE'!I20 -> 364.22588 | ... BZ20: ='Consolidado - DRE'!BZ20-'Alea - DRE'!BZ20 -> -48.549
A21: Receita Financeira | B21: ='Consolidado - DRE'!B21-'Alea - DRE'!B21 -> 52.144877 | C21: ='Consolidado - DRE'!C21-'Alea - DRE'!C21 -> 66.602302 | D21: ='Consolidado - DRE'!D21-'Alea - DRE'!D21 -> 243.8 | E21: ='Consolidado - DRE'!E21-'Alea - DRE'!E21 -> 39.9 | F21: ='Consolidado - DRE'!F21-'Alea - DRE'!F21 -> 27.421441 | G21: ='Consolidado - DRE'!G21-'Alea - DRE'!G21 -> 15.92505 | H21: ='Consolidado - DRE'!H21-'Alea - DRE'!H21 -> 13.76678 | I21: ='Consolidado - DRE'!I21-'Alea - DRE'!I21 -> 64.412857 | ... BZ21: ='Consolidado - DRE'!BZ21-'Alea - DRE'!BZ21 -> 6.3
A22: Despesa Financeira | B22: ='Consolidado - DRE'!B22-'Alea - DRE'!B22 -> -73.604943 | C22: ='Consolidado - DRE'!C22-'Alea - DRE'!C22 -> -67.946835 | D22: ='Consolidado - DRE'!D22-'Alea - DRE'!D22 -> -232.5 | E22: ='Consolidado - DRE'!E22-'Alea - DRE'!E22 -> -81 | F22: ='Consolidado - DRE'!F22-'Alea - DRE'!F22 -> -49.117462 | G22: ='Consolidado - DRE'!G22-'Alea - DRE'!G22 -> 78.790825 | H22: ='Consolidado - DRE'!H22-'Alea - DRE'!H22 -> -34.44689 | I22: ='Consolidado - DRE'!I22-'Alea - DRE'!I22 -> -234.23735 | ... BZ22: ='Consolidado - DRE'!BZ22-'Alea - DRE'!BZ22 -> -4.1
A23: Lucro Líquido antes de IR & CSLL | B23: ='Consolidado - DRE'!B23-'Alea - DRE'!B23 -> 225.38903 | C23: ='Consolidado - DRE'!C23-'Alea - DRE'!C23 -> 231.46857 | D23: ='Consolidado - DRE'!D23-'Alea - DRE'!D23 -> 674.7 | E23: ='Consolidado - DRE'!E23-'Alea - DRE'!E23 -> 164 | F23: ='Consolidado - DRE'!F23-'Alea - DRE'!F23 -> 155.7453 | G23: ='Consolidado - DRE'!G23-'Alea - DRE'!G23 -> 239.69131 | H23: ='Consolidado - DRE'!H23-'Alea - DRE'!H23 -> 110.69747 | I23: ='Consolidado - DRE'!I23-'Alea - DRE'!I23 -> 194.40138 | ... BZ23: ='Consolidado - DRE'!BZ23-'Alea - DRE'!BZ23 -> -46.349
A24: Impostos Diferidos | B24: ='Consolidado - DRE'!B24-'Alea - DRE'!B24 -> -1.4947249 | C24: ='Consolidado - DRE'!C24-'Alea - DRE'!C24 -> -3.6596485 | D24: ='Consolidado - DRE'!D24-'Alea - DRE'!D24 -> -3.1 | E24: ='Consolidado - DRE'!E24-'Alea - DRE'!E24 -> -0.8 | F24: ='Consolidado - DRE'!F24-'Alea - DRE'!F24 -> -0.326 | G24: ='Consolidado - DRE'!G24-'Alea - DRE'!G24 -> -2.717 | H24: ='Consolidado - DRE'!H24-'Alea - DRE'!H24 -> 0.8 | I24: ='Consolidado - DRE'!I24-'Alea - DRE'!I24 -> 5.179 | ... BZ24: ='Consolidado - DRE'!BZ24-'Alea - DRE'!BZ24 -> 22.388
A25: IR & CSLL | B25: ='Consolidado - DRE'!B25-'Alea - DRE'!B25 -> -14.934189 | C25: ='Consolidado - DRE'!C25-'Alea - DRE'!C25 -> -11.598371 | D25: ='Consolidado - DRE'!D25-'Alea - DRE'!D25 -> -35.5 | E25: ='Consolidado - DRE'!E25-'Alea - DRE'!E25 -> -9.8 | F25: ='Consolidado - DRE'!F25-'Alea - DRE'!F25 -> -10.287 | G25: ='Consolidado - DRE'!G25-'Alea - DRE'!G25 -> -8.334 | H25: ='Consolidado - DRE'!H25-'Alea - DRE'!H25 -> -7.177 | I25: ='Consolidado - DRE'!I25-'Alea - DRE'!I25 -> -28.75 | ... BZ25: ='Consolidado - DRE'!BZ25-'Alea - DRE'!BZ25 -> -2.188
... A29: Lucro Líquido Ajustado² | B29: ='Consolidado - DRE'!B29-'Alea - DRE'!B29 -> 228.2211 | C29: ='Consolidado - DRE'!C29-'Alea - DRE'!C29 -> 235.35294 | D29: ='Consolidado - DRE'!D29-'Alea - DRE'!D29 -> 712.4 | E29: ='Consolidado - DRE'!E29-'Alea - DRE'!E29 -> 173 | F29: ='Consolidado - DRE'!F29-'Alea - DRE'!F29 -> 165.25993 | G29: ='Consolidado - DRE'!G29-'Alea - DRE'!G29 -> 250.70496 | H29: ='Consolidado - DRE'!H29-'Alea - DRE'!H29 -> 123.27254 | I29: ='Consolidado - DRE'!I29-'Alea - DRE'!I29 -> 268.93951 | ... BZ29: ='Consolidado - DRE'!BZ29-'Alea - DRE'!BZ29 -> -23
A30: Margem Líquida | B30: =B28/B8 -> 0.1734165 | C30: =C28/C8 -> 0.19445338 | D30: =D28/D8 -> 0.16651832 | E30: =E28/E8 -> 0.14075286 | F30: =F28/F8 -> 0.14082128 | G30: =G28/G8 -> 0.25765165 | H30: =H28/H8 -> 0.13308669 | I30: =I28/I8 -> 0.05899817 | ... BZ30: =BZ28/BZ8 -> -0.11196581
A31: Margem Líquida Ajustada² | B31: =B29/B8 -> 0.18940412 | C31: =C29/C8 -> 0.21166292 | D31: =D29/D8 -> 0.18649215 | E31: =E29/E8 -> 0.15730133 | F31: =F29/F8 -> 0.15892563 | G31: =G29/G8 -> 0.28096931 | H31: =H29/H8 -> 0.15644016 | I31: =I29/I8 -> 0.088960862 | ... BZ31: =BZ29/BZ8 -> -0.098290598
A32: 1) Ajustado por juros capitalizados.
A33: 2) Ajustado por juros capitalizados e minoritários.
A36: Relações com Investidores
A37: E-mail: ri@tenda.com
A38: Website: ri.tenda.com
A40: Luiz Mauricio de Garcia
A41: CFO e Diretor Executivo de Relações com Investidores
A43: Marilia Leite
A44: Gerente de Relações com Investidores
A46: Leonardo Dias Wanderley
A47: Coordenador de Relações com Investidores
A49: Felipe Chiavegato Stella
A50: Analista de Relações com Investidores

Sheet Alea - Operacional
A6: DESTAQUES OPERACIONAIS
A7: (em R$ milhões) | B7: 2T26 | C7: 1T26 | D7: 2025 | E7: 4T25 | F7: 3T25 | G7: 2T25 | H7: 1T25 | I7: 2024 | J7: 4T24 | K7: 3T24 | L7: 2T24 | M7: 1T24 | N7: 2023 | O7: 4T23 | P7: 3T23 | Q7: 2T23 | R7: 1T23 | S7: 2022 | T7: 4T22 | U7: 3T22 | V7: 2T22 | W7: 1T22 | X7: 2021 | Y7: 4T21 | Z7: 3T21 | AA7: 2T21 | AB7: 1T21
A8: Destaques Operacionais (R$ milhões, VGV)
A9: Lançamentos | B9: 85.5053 | C9: 47.367054 | D9: 262.80907 | E9: 69.390156 | F9: 76.208171 | G9: 21.220864 | H9: 95.989878 | I9: 555.6129 | J9: 245.92009 | K9: 111.99573 | L9: 109.96966 | M9: 87.72742 | N9: 365.18316 | O9: 157.00288 | P9: 132.58328 | Q9: 32.284 | R9: 43.313 | S9: 63.2661 | T9: 49.7891 | U9: 0 | V9: 13.477 | W9: 0 | X9: 62.74176 | Y9: 36.304872 | Z9: 10.252425 | AA9: 16.184463 | AB9: 0
A10: Vendas Líquidas | B10: 84.232724 | C10: 105.05324 | D10: 499.44228 | E10: 120.94968 | F10: 133.96643 | G10: 144.61138 | H10: 99.914783 | I10: 339.78851 | J10: 58.412277 | K10: 88.88576 | L10: 111.7898 | M10: 80.700668 | N10: 142.76698 | O10: 54.888937 | P10: 50.893064 | Q10: 26.25764 | R10: 10.727341 | S10: 79.39221 | T10: 16.719957 | U10: 24.721082 | V10: 19.129402 | W10: 18.82177 | X10: 27.692978 | Y10: 17.43135 | Z10: 6.3070752 | AA10: 3.9545526 | AB10: 0
A11: VSO Líquida (%) | B11: 0.36498819 | C11: 0.41631194 | D11: 0.71718598 | E11: 0.38046577 | F11: 0.3539696 | G11: 0.31315991 | H11: 0.18047478 | I11: 0.422958 | J11: 0.1119039 | K11: 0.24292057 | L11: 0.30724697 | M11: 0.23857805 | N11: 0.369 | O11: 0.184 | P11: 0.248 | Q11: 0.26015528 | R11: 0.13252573 | S11: 0.687 | T11: 0.3159958 | U11: 0.9305855 | V11: 0.44534204 | W11: 0.45842161 | X11: 0.403 | Y11: 0.29860784 | Z11: 0.23656427 | AA11: 0.26174927 | AB11: 0
A12: Unidades Entregues (#) | B12: 322 | C12: 839 | D12: 1316 | E12: 407 | F12: 542 | G12: 195 | H12: 172 | I12: 866 | J12: 264 | K12: 384 | L12: 218 | M12: 0 | N12: 243 | O12: 168 | P12: 0 | Q12: 75 | R12: 0 | S12: 99 | T12: 0 | U12: 0 | V12: 49 | W12: 50 | X12: 0 | Y12: 0 | Z12: 0 | AA12: 0 | AB12: 0
A13: Banco de Terrenos | B13: 6099.9828 | C13: 6073.2083 | D13: 6076.1806 | E13: 6076.1806 | F13: 5481.0679 | G13: 5639.0168 | H13: 5142.1873 | I13: 4838.4599 | J13: 4838.4599 | K13: 4488.5166 | L13: 4212.2632 | M13: 3321.0261 | N13: 3084.9033 | O13: 3084.9033 | P13: 2929.6834 | Q13: 2521.9429 | R13: 1665.3082 | S13: 1263.668 | T13: 1263.668 | U13: 832.44856 | V13: 638.14452 | W13: 499.008 | X13: 0 | Y13: 0 | Z13: 79.5156 | AA13: 47.3786 | AB13: 63.563063
A14: Estoque a Valor de Mercado | B14: 146.54933 | C14: 147.28937 | D14: 196.94931 | E14: 196.94931 | F14: 244.50232 | G14: 317.16988 | H14: 453.70707 | I14: 463.57379 | J14: 463.57379 | K14: 277.01887 | L14: 252.05366 | M14: 257.55621 | N14: 243.87721 | O14: 243.87721 | P14: 154.011 | Q14: 74.673001 | R14: 70.218001 | S14: 36.192002 | T14: 36.192002 | U14: 1.8440019 | V14: 23.825002 | W14: 22.236002 | X14: 40.944044 | Y14: 40.944044 | Z14: 20.354074 | AA14: 11.153618 | AB14: 0
A16: LANÇAMENTOS¹
A17: Lançamentos¹ | B17: 2T26 | C17: 1T26 | D17: 2025 | E17: 4T25 | F17: 3T25 | G17: =G7 -> 2T25 | H17: =H7 -> 1T25 | I17: =I7 -> 2024 | J17: =J7 -> 4T24 | K17: =K7 -> 3T24 | L17: =L7 -> 2T24 | M17: =M7 -> 1T24 | N17: =N7 -> 2023 | ... AB17: =AB7 -> 1T21
A18: Número de Empreendimentos | B18: 3 | C18: 2 | D18: 7 | E18: 1 | F18: 2 | G18: 1 | H18: 3 | I18: 22 | J18: 9 | K18: 4 | L18: 5 | M18: 4 | N18: 21 | O18: 8 | P18: 6 | Q18: 4 | R18: 3 | S18: 3 | T18: 2 | U18: 0 | V18: 1 | W18: 0 | X18: 5 | Y18: 2 | Z18: 1 | AA18: 2 | AB18: 0
A19: VGV (R$ milhões) | B19: =B9 -> 85.5053 | C19: =C9 -> 47.367054 | D19: =D9 -> 262.80907 | E19: =E9 -> 69.390156 | F19: =F9 -> 76.208171 | G19: =G9 -> 21.220864 | H19: =H9 -> 95.989878 | I19: =I9 -> 555.6129 | ... AB19: =AB9 -> 0
A20: Número de unidades | B20: 384 | C20: 261 | D20: 1256 | E20: 348 | F20: 387 | G20: 112 | H20: 409 | I20: 2920 | J20: 1301 | K20: 570 | L20: 562 | M20: 487 | N20: 2116 | O20: 911 | P20: 743 | Q20: 197 | R20: 265 | S20: 403 | T20: 299 | U20: 0 | V20: 104 | W20: 0 | X20: 423 | Y20: 249 | Z20: 75 | AA20: 99 | AB20: 0
A21: Preço médio por unidade (R$ mil) | B21: 222.67005 | C21: 181.48297 | D21: 209.24289 | E21: 199.397 | F21: 196.92034 | G21: 189.472 | H21: 234.69408 | I21: 190.27839 | J21: 189.0239 | K21: 196.48374 | L21: 195.67554 | M21: 180.13844 | N21: 172.58183 | O21: 172.34125 | P21: 178.44317 | Q21: 163.87817 | R21: 163.44528 | S21: 0.15698784 | T21: 166.51873 | U21: 0 | V21: 129.58654 | W21: 0 | X21: 0.14832567 | Y21: 145.8027 | Z21: 136.699 | AA21: 163.47942 | AB21: 0
A22: Tamanho médio dos lançamentos (em unidades) | B22: 128 | C22: 130.5 | D22: 179.42857 | E22: 348 | F22: 193.5 | G22: 112 | H22: 136.33333 | I22: 132.72727 | J22: 118.27273 | K22: 142.5 | L22: 112 | M22: 121.25 | N22: 101 | O22: 113.875 | P22: 82.555556 | Q22: 49.25 | R22: 88.333333 | S22: 134.33333 | T22: 149.5 | U22: 0 | V22: 104 | W22: 0 | X22: 84.6 | Y22: 124.5 | Z22: 75 | AA22: 19.8 | AB22: 0
A23: 1) Os projetos lançados no Novo Modelo de negócios possuem 100% de participação societária da Tenda.
A25: VENDAS E DISTRATOS
A26: (VGV, R$ milhões) | B26: 2T26 | C26: 1T26 | D26: 2025 | E26: 4T25 | F26: 3T25 | G26: =G7 -> 2T25 | H26: =H7 -> 1T25 | I26: =I7 -> 2024 | J26: =J7 -> 4T24 | K26: =K7 -> 3T24 | L26: =L7 -> 2T24 | M26: =M7 -> 1T24 | N26: =N7 -> 2023 | ... AB26: =AB7 -> 1T21
A27: Vendas Brutas | B27: 102.44459 | C27: 121.59902 | D27: 643.67877 | E27: 170.07541 | F27: 173.70571 | G27: 180.69523 | H27: 119.20242 | I27: 416.47736 | J27: 82.904008 | K27: 104.32894 | L27: 124.99135 | M27: 104.25307 | N27: 163.85863 | O27: 65.586301 | P27: 57.052352 | Q27: 29.136639 | R27: 12.083341 | S27: 81.740036 | T27: 19.067782 | U27: 24.721082 | V27: 19.129402 | W27: 18.82177 | X27: 28.402717 | Y27: 17.657603 | Z27: 6.7905621 | AA27: 3.9545526 | AB27: 0
A28: VSO Bruto | B28: 0.444 | C28: 0.482 | D28: 0.924 | E28: 0.535 | F28: 0.459 | G28: 0.391 | H28: 0.215 | I28: 0.518 | J28: 0.159 | K28: 0.285 | L28: 0.344 | M28: 0.30820724 | N28: 0.424 | O28: 0.22 | P28: 0.278 | Q28: 0.28867982 | R28: 0.14927778 | S28: 0.707 | T28: 0.36036811 | U28: 0.9305855 | V28: 0.44534204 | W28: 0.45842161 | X28: 0.414 | Y28: 0.30248366 | Z28: 0.25469878 | AA28: 0.26174927 | AB28: 0
A29: Distratos | B29: 18.211864 | C29: 16.545777 | D29: 144.23649 | E29: 49.125723 | F29: 39.739278 | G29: 36.083848 | H29: 19.287641 | I29: 76.688858 | J29: 24.491731 | K29: 15.443181 | L29: 13.201548 | M29: 23.552398 | N29: 21.091652 | O29: 10.697364 | P29: 6.1592877 | Q29: 2.8789994 | R29: 1.3560004 | S29: 2.3478258 | T29: 2.3478258 | U29: 0 | V29: 0 | W29: 0 | X29: 0.70973953 | Y29: 0.22625265 | Z29: 0.48348688 | AA29: 0 | AB29: 0
A30: Vendas Líquidas | B30: =B10 -> 84.232724 | C30: =C10 -> 105.05324 | D30: =D10 -> 499.44228 | E30: =E10 -> 120.94968 | F30: =F10 -> 133.96643 | G30: =G10 -> 144.61138 | H30: =H10 -> 99.914783 | I30: =I10 -> 339.78851 | ... AB30: =AB10 -> 0
A31: VSO Líquido | B31: =B11 -> 0.36498819 | C31: =C11 -> 0.41631194 | D31: =D11 -> 0.71718598 | E31: =E11 -> 0.38046577 | F31: =F11 -> 0.3539696 | G31: =G11 -> 0.31315991 | H31: =H11 -> 0.18047478 | I31: =I11 -> 0.422958 | ... AB31: =AB11 -> 0
A33: (em unidades) | B33: 2T26 | C33: 1T26 | D33: 2025 | E33: 4T25 | F33: 3T25 | G33: =G7 -> 2T25 | H33: =H7 -> 1T25 | I33: =I7 -> 2024 | J33: =J7 -> 4T24 | K33: =K7 -> 3T24 | L33: =L7 -> 2T24 | M33: =M7 -> 1T24 | N33: =N7 -> 2023 | ... AB33: =AB7 -> 1T21
A34: Unidades Vendidas Brutas | B34: 503 | C34: 613 | D34: 3387 | E34: 889 | F34: 893 | G34: 964 | H34: 641 | I34: 2230 | J34: 439 | K34: 555 | L34: 676 | M34: 560 | N34: 925 | O34: 361 | P34: 323 | Q34: 171 | R34: 70 | S34: 505 | T34: 118 | U34: 151 | V34: 119 | W34: 117 | X34: 168 | Y34: 100 | Z34: 43 | AA34: 25 | AB34: 0
A35: Unidades Distratadas | B35: 94 | C35: 88 | D35: 771 | E35: 263 | F35: 213 | G35: 191 | H35: 104 | I35: 396 | J35: 131 | K35: 78 | L35: 66 | M35: 121 | N35: 118 | O35: 58 | P35: 35 | Q35: 17 | R35: 8 | S35: 14 | T35: 14 | U35: 0 | V35: 0 | W35: 0 | X35: 4 | Y35: 1 | Z35: 3 | AA35: 0 | AB35: 0
A36: Unidades Vendidas Líquidas | B36: 409 | C36: 525 | D36: 2616 | E36: 626 | F36: 680 | G36: 773 | H36: 537 | I36: 1834 | J36: 308 | K36: 477 | L36: 610 | M36: 439 | N36: 807 | O36: 303 | P36: 288 | Q36: 154 | R36: 62 | S36: 491 | T36: 104 | U36: 151 | V36: 119 | W36: 117 | X36: 164 | Y36: 99 | Z36: 40 | AA36: 25 | AB36: 0
A37: Unidades Distratos / Unidades Vendas Brutas | B37: =IFERROR(B35/B34,0) -> 0.18687873 | C37: =IFERROR(C35/C34,0) -> 0.14355628 | D37: =IFERROR(D35/D34,0) -> 0.22763508 | E37: =IFERROR(E35/E34,0) -> 0.29583802 | F37: =IFERROR(F35/F34,0) -> 0.23852184 | G37: =IFERROR(G35/G34,0) -> 0.19813278 | H37: =IFERROR(H35/H34,0) -> 0.16224649 | I37: =IFERROR(I35/I34,0) -> 0.17757848 | ... AB37: =IFERROR(AB35/AB34,0) -> 0
A38: Preço médio por unidade bruta (em R$ mil) | B38: =IFERROR(B27*1000/B34,0) -> 203.66717 | C38: =IFERROR(C27*1000/C34,0) -> 198.36707 | D38: =IFERROR(D27*1000/D34,0) -> 190.04392 | E38: =IFERROR(E27*1000/E34,0) -> 191.31092 | F38: =IFERROR(F27*1000/F34,0) -> 194.51927 | G38: =IFERROR(G27*1000/G34,0) -> 187.44318 | H38: =IFERROR(H27*1000/H34,0) -> 185.96322 | I38: =IFERROR(I27*1000/I34,0) -> 186.76115 | ... AB38: =IFERROR(AB27*1000/AB34,0) -> 0
A39: Preço médio por unidade líquida (em R$ mil) | B39: =IFERROR(B30*1000/B36,0) -> 205.94798 | C39: =IFERROR(C30*1000/C36,0) -> 200.10141 | D39: =IFERROR(D30*1000/D36,0) -> 190.9183 | E39: =IFERROR(E30*1000/E36,0) -> 193.21036 | F39: =IFERROR(F30*1000/F36,0) -> 197.00946 | G39: =IFERROR(G30*1000/G36,0) -> 187.07811 | H39: =IFERROR(H30*1000/H36,0) -> 186.06105 | I39: =IFERROR(I30*1000/I36,0) -> 185.27181 | ... AB39: =IFERROR(AB30*1000/AB36,0) -> 0
A40: Preço médio por unidade distratada (em R$ mil) | B40: =IFERROR(B29*1000/B35,0) -> 193.74324 | C40: =IFERROR(C29*1000/C35,0) -> 188.02019 | D40: =IFERROR(D29*1000/D35,0) -> 187.07716 | E40: =IFERROR(E29*1000/E35,0) -> 186.78982 | F40: =IFERROR(F29*1000/F35,0) -> 186.56938 | G40: =IFERROR(G29*1000/G35,0) -> 188.92067 | H40: =IFERROR(H29*1000/H35,0) -> 185.45809 | I40: =IFERROR(I29*1000/I35,0) -> 193.65873 | ... AB40: =IFERROR(AB29*1000/AB35,0) -> 0
A42: REPASSE, ENTREGA E ANDAMENTO
A43: Repasse, Entrega e Andamento | B43: 2T26 | C43: 1T26 | D43: 2025 | E43: 4T25 | F43: 3T25 | G43: =G7 -> 2T25 | H43: =H7 -> 1T25 | I43: =I7 -> 2024 | J43: =J7 -> 4T24 | K43: =K7 -> 3T24 | L43: =L7 -> 2T24 | M43: =M7 -> 1T24 | N43: =N7 -> 2023 | ... AB43: =AB7 -> 1T21
A44: VGV Repassado (em R$ milhões) | B44: 91.482342 | C44: 87.941689 | D44: 467.44235 | E44: 129.84892 | F44: 143.19749 | G44: 141.8607 | H44: 59.29898 | I44: 247.68872 | J44: 57.033092 | K44: 86.148492 | L44: 61.979613 | M44: 28.78888 | N44: 68.327595 | O44: 47.032394 | P44: 16.362791 | Q44: 1.196654 | R44: 3.7357565 | S44: 61.014614 | T44: 14.286121 | U44: 16.430356 | V44: 26.768421 | W44: 3.5297157 | X44: 4.4609056 | Y44: 2.2304528 | Z44: 2.2304528 | AA44: 0 | AB44: 0
A45: Unidades Repassadas | B45: 520 | C45: 522 | D45: 2831 | E45: 687 | F45: 895 | G45: 870 | H45: 379 | I45: 1600 | J45: 370 | K45: 557 | L45: 400 | M45: 264 | N45: 462 | O45: 310 | P45: 116 | Q45: 9 | R45: 27 | S45: 446 | T45: 114 | U45: 116 | V45: 196 | W45: 20 | X45: 34 | Y45: 16 | Z45: 18 | AA45: 0 | AB45: 0
A46: Unidades Entregues | B46: =B12 -> 322 | C46: =C12 -> 839 | D46: =D12 -> 1316 | E46: =E12 -> 407 | F46: =F12 -> 542 | G46: =G12 -> 195 | H46: =H12 -> 172 | I46: =I12 -> 866 | ... AB46: =AB12 -> 0
A47: Obras em andamento | B47: 17 | C47: 13 | D47: 25 | E47: 25 | F47: 33 | G47: 26 | H47: 22 | I47: 17 | J47: 17 | K47: 16 | L47: 11 | M47: 10 | N47: 9 | O47: 8 | P47: 7 | Q47: 12 | R47: 9 | S47: 6 | T47: 6 | U47: 4 | V47: 4 | W47: 4 | X47: 5 | Y47: 5 | Z47: 3 | AA47: 2 | AB47: 0
A49: ESTOQUE A VALOR DE MERCADO
A50: Estoque a Valor de Mercado | B50: 2T26 | C50: 1T26 | D50: 2025 | E50: 4T25 | F50: 3T25 | G50: =G7 -> 2T25 | H50: =H7 -> 1T25 | I50: =I7 -> 2024 | J50: =J7 -> 4T24 | K50: =K7 -> 3T24 | L50: =L7 -> 2T24 | M50: =M7 -> 1T24 | N50: =N7 -> 2023 | ... AB50: =AB7 -> 1T21
A51: VGV (em R$ milhões) | B51: =B14 -> 146.54933 | C51: =C14 -> 147.28937 | D51: =D14 -> 196.94931 | E51: =E14 -> 196.94931 | F51: =F14 -> 244.50232 | G51: =G14 -> 317.16988 | H51: =H14 -> 453.70707 | I51: =I14 -> 463.57379 | ... AB51: =AB14 -> 0
A52: Número de unidades | B52: 915 | C52: 940 | D52: 1204 | E52: 1204 | F52: 1482 | G52: 1776 | H52: 2442 | I52: 2571 | J52: 2571 | K52: 1586 | L52: 1494 | M52: 1540 | N52: 1499 | O52: 1499 | P52: 894 | Q52: 445 | R52: 410 | S52: 207 | T52: 207 | U52: 12 | V52: 151 | W52: 149 | X52: 256 | Y52: 256 | Z52: 105 | AA52: 74 | AB52: 0
A53: Preço médio por unidade (em R$ mil) | B53: 160.1632 | C53: 156.69081 | D53: 163.57916 | E53: 163.57916 | F53: 164.98133 | G53: 178.58664 | H53: 185.79323 | I53: 180.30875 | J53: 180.30875 | K53: 174.66511 | L53: 168.71062 | M53: 167.24429 | N53: 162.69327 | O53: 162.69327 | P53: 172.27181 | Q53: 167.8045 | R53: 171.26342 | S53: 174.84059 | T53: 174.84059 | U53: 153.66682 | V53: 157.78147 | W53: 149.23491 | X53: 159.93767 | Y53: 159.93767 | Z53: 193.84832 | AA53: 150.72457 | AB53: 0
A55: BANCO DE TERRENOS
A56: Banco de Terrenos | B56: 2T26 | C56: 1T26 | D56: 2025 | E56: 4T25 | F56: 3T25 | G56: =G7 -> 2T25 | H56: =H7 -> 1T25 | I56: =I7 -> 2024 | J56: =J7 -> 4T24 | K56: =K7 -> 3T24 | L56: =L7 -> 2T24 | M56: =M7 -> 1T24 | N56: =N7 -> 2023 | ... AB56: =AB7 -> 1T21
A57: Número de Empreendimentos | B57: 185 | C57: 183 | D57: 185 | E57: 185 | F57: 174 | G57: 182 | H57: 171 | I57: 171 | J57: 171 | K57: 66 | L57: 50 | M57: 45 | N57: 45 | O57: 45 | P57: 43 | Q57: 34 | R57: 21 | S57: 12 | T57: 12 | U57: 10 | V57: 7 | W57: 5 | X57: 0 | Y57: 0 | Z57: 3 | AA57: 3 | AB57: 5
A58: VGV (em R$ milhões) | B58: 6099.9828 | C58: 6073.2083 | D58: 6076.1806 | E58: 6076.1806 | F58: 5481.0679 | G58: 5639.0168 | H58: 5142.1873 | I58: 4838.4599 | J58: 4838.4599 | K58: 4488.5166 | L58: 4212.2632 | M58: 3321.0261 | N58: 3084.9033 | O58: 3084.9033 | P58: 2929.6834 | Q58: 2521.9429 | R58: 1665.3082 | S58: 1263.668 | T58: 1263.668 | U58: 832.44856 | V58: 638.14452 | W58: 499.008 | X58: 0 | Y58: 0 | Z58: 79.5156 | AA58: 47.3786 | AB58: 63.563063
A59: Aquisições/Ajustes (em R$ milhões) | B59: 112.2798 | C59: 44.39469 | D59: 664.5029 | E59: 664.5029 | F59: -81.740745 | G59: 518.0504 | H59: 406.11054 | I59: 2309.1695 | J59: 595.86337 | K59: 388.2491 | L59: 1001.2068 | M59: 320.57371 | N59: 2186.4185 | O59: 312.22276 | P59: 540.32384 | Q59: 888.91865 | R59: 444.95322 | S59: 1326.9341 | T59: 481.00854 | U59: 194.30404 | V59: 152.61352 | W59: 499.008 | X59: 105.95249 | Y59: 0 | Z59: 42.389425 | AA59: 0 | AB59: 63.563063
A60: Número de unidades | B60: 31898 | C60: 31811 | D60: 31934 | E60: 31934 | F60: 28894 | G60: 29878 | H60: 27396 | I60: 26049 | J60: 26049 | K60: 24452 | L60: 23142 | M60: 18461 | N60: 17244 | O60: 17244 | P60: 16533 | Q60: 14273 | R60: 9486 | S60: 7195 | T60: 7195 | U60: 5449 | V60: 4486 | W60: 3536 | X60: 0 | Y60: 0 | Z60: 567 | AA60: 325 | AB60: 424
A61: Preço médio por unidade (em R$ mil) | B61: 191.23402 | C61: 190.91535 | D61: 190.27308 | E61: 190.27308 | F61: 189.69571 | G61: 188.73475 | H61: 187.69847 | I61: 185.74455 | J61: 185.74455 | K61: 183.5644 | L61: 182.01812 | M61: 179.89416 | N61: 178.8972 | O61: 178.8972 | P61: 177.20217 | Q61: 176.69326 | R61: 175.55431 | S61: 175.63141 | T61: 175.63141 | U61: 152.77089 | V61: 142.25246 | W61: 141.12217 | X61: 0 | Y61: 0 | Z61: 140.23915 | AA61: 145.78031 | AB61: 149.91288
A62: % Permuta Total | B62: 0.97747281 | C62: 0.9802086 | D62: 0.97997753 | E62: 0.97997753 | F62: 0.97759953 | G62: 0.97722866 | H62: 0.98106926 | I62: 0.98522062 | J62: 0.98522062 | K62: 0.96773122 | L62: 0.96669599 | M62: 0.96727238 | N62: 0.963 | O62: 0.963 | P62: 0.972 | Q62: 0.96810908 | R62: 0.98927871 | S62: 0.98148625 | T62: 0.98148625 | U62: 0.94060936 | V62: 0.95526868 | W62: 0.94457358 | X62: 0 | Y62: 0 | Z62: 0.25099206 | AA62: 0.23469388 | AB62: 0.23469388
A63: % Permuta Unidades | B63: 0 | C63: 0 | D63: 0 | E63: 0 | F63: 0 | G63: 0 | H63: 0 | I63: 0 | J63: 0 | K63: 0 | L63: 0 | M63: 0 | N63: 0 | O63: 0 | P63: 0 | Q63: 0 | R63: 0 | S63: 0 | T63: 0 | U63: 0 | V63: 0 | W63: 0 | X63: 0 | Y63: 0 | Z63: 0 | AA63: 0 | AB63: 0
A64: % Permuta Financeiro | B64: 0.97747281 | C64: 0.9802086 | D64: 0.97997753 | E64: 0.97997753 | F64: 0.97759953 | G64: 0.97722866 | H64: 0.98106926 | I64: 0.98522062 | J64: 0.98522062 | K64: 0.96773122 | L64: 0.96669599 | M64: 0.96727238 | N64: 0.963 | O64: 0.963 | P64: 0.972 | Q64: 0.96810908 | R64: 0.98927871 | S64: 0.98148625 | T64: 0.98148625 | U64: 0.94060936 | V64: 0.95526868 | W64: 0.94457358 | X64: 0 | Y64: 0 | Z64: 0.25099206 | AA64: 0.23469388 | AB64: 0.23469388
A67: Relações com Investidores
A68: E-mail: ri@tenda.com
A69: Website: ri.tenda.com
A71: Luiz Mauricio de Garcia
A72: CFO e Diretor Executivo de Relações com Investidores
A74: Marilia Leite
A75: Gerente de Relações com Investidores
A77: Leonardo Dias Wanderley
A78: Coordenador de Relações com Investidores
A80: Felipe Chiavegato Stella
A81: Analista de Relações com Investidores

Sheet Alea - Financeiro
A6: DESTAQUES FINANCEIROS
A7: (em R$ milhões) | B7: 2T26 | C7: 1T26 | D7: 2025 | E7: 4T25 | F7: 3T25 | G7: 2T25 | H7: 1T25 | I7: 2024 | J7: 4T24 | K7: 3T24 | L7: 2T24 | M7: 1T24 | N7: 2023 | O7: 4T23 | P7: 3T23 | Q7: 2T23 | R7: 1T23 | S7: 2022 | T7: 4T22 | U7: 3T22 | V7: 2T22 | W7: 1T22 | X7: 2021 | Y7: 4T21 | Z7: 3T21 | AA7: 2T21 | AB7: 1T21
A8: Destaques Financeiros (R$ milhões)
A9: Receita Líquida | B9: 85.099382 | C9: 72.893685 | D9: 353.4 | E9: 81.5 | F9: 95.498947 | G9: 99.196645 | H9: 77.251761 | I9: 261.27937 | J9: 59.125768 | K9: 74.773262 | L9: 72.231366 | M9: 55.148969 | N9: 108.046 | O9: 45.156842 | P9: 33.49315 | Q9: 21.920377 | R9: 7.4756308 | S9: 30.37388 | T9: 8.729657 | U9: 3.086 | V9: 8.232102 | W9: 10.326121 | X9: 19.056358 | Y9: 11.077469 | Z9: 8.1482783 | AA9: -0.16938973 | AB9: 0
A10: Lucro Bruto Ajustado¹ | B10: 0.42947359 | C10: -0.84417524 | D10: -17.9 | E10: -24 | F10: -3.5966872 | G10: 4.4393686 | H10: 5.2534317 | I10: 25.071088 | J10: 6.6486284 | K10: 7.8081391 | L10: 7.0247741 | M10: 3.589546 | N10: -17.695692 | O10: -4.7990278 | P10: 1.0791475 | Q10: -3.0613687 | R10: -11.903494 | S10: -34.749307 | T10: -11.817818 | U10: -14 | V10: -5.7917578 | W10: -3.5341452 | X10: -17.654806 | Y10: -14.666224 | Z10: -2.8187414 | AA10: -0.16983973 | AB10: 0
A11: Margem Bruta Ajustada¹ (%) | B11: =B10/B9 -> 0.0050467298 | C11: =C10/C9 -> -0.01158091 | D11: =D10/D9 -> -0.050650821 | E11: =E10/E9 -> -0.29447853 | F11: =F10/F9 -> -0.037662062 | G11: =G10/G9 -> 0.044753213 | H11: =H10/H9 -> 0.068004038 | I11: =I10/I9 -> 0.0959551 | ... AA11: =AA10/AA9 -> 1.0026566 | AB11: =IFERROR(AB10/AB9,0) -> 0
A12: EBITDA Ajustado² | B12: -24.621282 | C12: -26.788209 | D12: -132 | E12: -56.1 | F12: -35.830257 | G12: -23.155412 | H12: -16.895728 | I12: -54.931858 | J12: -16.800938 | K12: -11.8096 | L12: -13.045534 | M12: -13.275786 | N12: -60.810755 | O12: -17.114088 | P12: -12.048597 | Q12: -12.164552 | R12: -19.483518 | S12: -78.714099 | T12: -24.313116 | U12: -25.920537 | V12: -17.205994 | W12: -11.274452 | X12: -41.703984 | Y12: -27.960868 | Z12: -9.8345905 | AA12: -3.9085252 | AB12: 0
A13: Margem EBITDA Ajustada² (%) | B13: =B12/B9 -> -0.28932386 | C13: =C12/C9 -> -0.36749697 | D13: =D12/D9 -> -0.37351443 | E13: =E12/E9 -> -0.68834356 | F13: =F12/F9 -> -0.37519007 | G13: =G12/G9 -> -0.23342939 | H13: =H12/H9 -> -0.21870993 | I13: =I12/I9 -> -0.21024185 | ... AA13: =AA12/AA9 -> 23.074157 | AB13: =IFERROR(AB12/AB9,0) -> 0
A14: Resultado Financeiro Líquido | B14: -5.8053225 | C14: -4.6670623 | D14: -6.8 | E14: -6.6 | F14: 1.7832509 | G14: -1.2459073 | H14: -0.81778779 | I14: -1.0215762 | J14: -0.4778791 | K14: -0.15883994 | L14: -0.19068474 | M14: -0.19417238 | N14: 0.219 | O14: -0.0605581 | P14: 0.0323163 | Q14: 0.20668237 | R14: 0.04055943 | S14: 0.0492743 | T14: -0.15316 | U14: 0.047 | V14: 0.10761812 | W14: 0.04781618 | X14: 0.23092601 | Y14: 0.13326 | Z14: 0.006268599 | AA14: -0.003418488 | AB14: 0.0948159
A15: Lucro Líquido (Prejuízo)³ | B15: -29.875926 | C15: -32.787242 | D15: -130.4 | E15: -50.2 | F15: -34.763997 | G15: -26.037934 | H15: -19.366348 | I15: -71.946643 | J15: -21.018276 | K15: -15.940013 | L15: -19.56802 | M15: -15.420549 | N15: -70.131314 | O15: -22.576196 | P15: -13.434517 | Q15: -13.274152 | R15: -20.850577 | S15: -79.593861 | T15: -24.765808 | U15: -22.685 | V15: -19.870174 | W15: -13.318772 | X15: -48.267115 | Y15: -28.383557 | Z15: -10.164116 | AA15: -4.3438291 | AB15: -5.3756128
A16: Receitas a Apropriar Ajustada | B16: 317.14127 | C16: 324.17471 | D16: 299.33449 | E16: 299.33449 | F16: 252.45393 | G16: 211.22913 | H16: 160.44835 | I16: 141.47928 | J16: 141.47928 | K16: 159.30817 | L16: 149.94168 | M16: 114.89845 | N16: 0 | O16: 0 | P16: 0 | Q16: 0 | R16: 0 | S16: 0 | T16: 0 | U16: 0 | V16: 0 | W16: 0 | X16: 0 | Y16: 0 | Z16: 0 | AA16: 0 | AB16: 0
A17: Resultados a Apropriar Ajustado | B17: 55.757495 | C17: 49.947577 | D17: 37.868061 | E17: 37.868061 | F17: 54.715981 | G17: 53.00837 | H17: 43.629033 | I17: 36.022681 | J17: 36.022681 | K17: 36.91401 | L17: 32.760309 | M17: 22.288353 | N17: 0 | O17: 0 | P17: 0 | Q17: 0 | R17: 0 | S17: 0 | T17: 0 | U17: 0 | V17: 0 | W17: 0 | X17: 0 | Y17: 0 | Z17: 0 | AA17: 0 | AB17: 0
A18: Margem Resultados a Apropriar Ajustada (%) | B18: 0.1758128 | C18: 0.1540761 | D18: 0.127 | E18: 0.127 | F18: 0.21673649 | G18: 0.25095198 | H18: 0.27191949 | I18: 0.25461454 | J18: 0.25461454 | K18: 0.23171448 | L18: 0.218487 | M18: 0.19398306 | N18: 0 | O18: 0 | P18: 0 | Q18: 0 | R18: 0 | S18: 0 | T18: 0 | U18: 0 | V18: 0 | W18: 0 | X18: 0 | Y18: 0 | Z18: 0 | AA18: 0 | AB18: 0
A19: Caixa e Disponibilidades⁴ | B19: 0 | C19: 9.2869041 | D19: 29.3 | E19: 29.3 | F19: 55.492 | G19: 31.449 | H19: 0 | I19: 0 | J19: 34.51 | K19: 24.211 | L19: 32.403 | M19: 26.8 | N19: 11.184 | O19: 11.184 | P19: 7.1679283 | Q19: 3.9657718 | R19: -2.1670115 | S19: 1.18721 | T19: 1.18721 | U19: 2.7784795 | V19: 8.9404115 | W19: 8.7248926 | X19: 10.141858 | Y19: 10.141858 | Z19: 2.1199562 | AA19: 6.1603054 | AB19: 42.779699
A20: Patrimônio Líquido | B20: 0 | C20: -12.825457 | D20: 24.8 | E20: 24.8 | F20: 89.148 | G20: 127.518 | H20: 0 | I20: 0 | J20: 102.532 | K20: 86.32 | L20: -1.739 | M20: 14.207 | N20: 30.296 | O20: 30.296 | P20: 23.769718 | Q20: 36.563622 | R20: 16.167404 | S20: 36.389341 | T20: 36.389341 | U20: 29.672133 | V20: 40.135459 | W20: 59.431909 | X20: 73.470624 | Y20: 73.470624 | Z20: 44.867217 | AA20: 41.664889 | AB20: 52.852206
A21: Lucro Líquido (Prejuízo)³ (Últimos 12 meses) | B21: -147.66708 | C21: -143.82911 | D21: -130.4 | E21: -130.4 | F21: -101.18656 | G21: -82.362571 | H21: -75.892657 | I21: -71.946643 | J21: -71.946643 | K21: -73.504677 | L21: -70.99914 | M21: -64.701494 | N21: -68.0481 | O21: -68.0481 | P21: -70.238952 | Q21: -79.49814 | R21: -86.09503 | S21: -79.600749 | T21: -79.600749 | U21: -82.939832 | V21: -70.246687 | W21: -54.502896 | X21: -47.463944 | Y21: -47.463944 | Z21: -21.939468 | AA21: -17.724886 | AB21: 0
A22: NOPAT5 (Últimos 12 meses) | B22: -150.1494 | C22: -149.47459 | D22: -138.3 | E22: -138.3 | F22: -107.56031 | G22: -82.17172 | H22: -71.796967 | I22: -68.001121 | J22: -68.001121 | K22: -70.59349 | L22: -68.907715 | M22: -65.227012 | N22: -69.54203 | O22: -69.54203 | P22: -71.956063 | Q22: -81.509935 | R22: -88.11976 | S22: -79.650024 | T22: -79.650024 | U22: -83.275526 | V22: -70.54165 | W22: -54.686823 | X22: -48.81088 | Y22: -48.81088 | Z22: -22.679875 | AA22: -18.175976 | AB22: 0
A23: 1) Ajustado por juros capitalizados.
A24: 2) Ajustado por juros capitalizados, despesas com planos de ações (não caixa), minoritários e depreciação no COGS. (* Mudança a partir do 1T23)
A25: 3) Ajustado por minoritários.
A26: 4) A Geração de Caixa Operacional é resultado de um cálculo gerencial interno da companhia que não reflete ou compara-se aos números presentes nas DFs.
A27: 5) NOPAT é composto pelo lucro líquido retirando os efeitos do resultado financeiro e juros capitalizados.
A30: RECEITA OPERACIONAL LÍQUIDA
A31: (em R$ milhões) | B31: 2T26 | C31: 1T26 | D31: 2025 | E31: 4T25 | F31: 3T25 | G31: 2T25 | H31: 1T25 | I31: 2024 | J31: 4T24 | K31: =K7 -> 3T24 | L31: =L7 -> 2T24 | M31: =M7 -> 1T24 | N31: =N7 -> 2023 | O31: =O7 -> 4T23 | P31: =P7 -> 3T23 | Q31: =Q7 -> 2T23 | R31: =R7 -> 1T23 | ... AB31: =AB7 -> 1T21
A32: Receita Operacional Bruta | B32: 86.26497 | C32: 75.152315 | D32: 355.6 | E32: 79.3 | F32: 96.735742 | G32: 100.85045 | H32: 78.741645 | I32: 259.32639 | J32: 56.599663 | K32: 72.453171 | L32: 74.009487 | M32: 56.264066 | N32: 105.476 | O32: 49.293412 | P32: 26.78658 | Q32: 21.9 | R32: 7.5 | S32: 30.37388 | T32: 8.729657 | U32: 3.086 | V32: 8.232102 | W32: 10.326121 | X32: 19.056358 | Y32: 11.077469 | Z32: 8.1482783 | AA32: -0.16938973 | AB32: 0
A33: Provisão para devedores duvidosos e distratos | B33: 0 | C33: 0 | D33: 0 | E33: 0 | F33: 0 | G33: 0 | H33: 0 | I33: 0 | J33: 0 | K33: 0 | L33: 0 | M33: 0 | N33: 0 | O33: 0 | P33: 0 | Q33: 0 | R33: 0 | S33: 0 | T33: 0 | U33: 0 | V33: 0 | W33: 0 | X33: 0 | Y33: 0 | Z33: 0 | AA33: 0 | AB33: 0
A34: Imposto sobre vendas de imóveis e serviços | B34: -1.1655876 | C34: -2.2586293 | D34: -2.2 | E34: 2.1 | F34: -1.236795 | G34: -1.6538066 | H34: -1.4898842 | I34: 1.9529785 | J34: 2.5261052 | K34: 2.3200909 | L34: -1.7781209 | M34: -1.1150968 | N34: 2.57 | O34: -4.1365701 | P34: 6.7065701 | Q34: 0 | R34: 0 | S34: 0 | T34: 0 | U34: 0 | V34: 0 | W34: 0 | X34: 0 | Y34: 0 | Z34: 0 | AA34: 0 | AB34: 0
A35: Receita Operacional Líquida | B35: =B9 -> 85.099382 | C35: =C9 -> 72.893685 | D35: =D9 -> 353.4 | E35: =E9 -> 81.5 | F35: =F9 -> 95.498947 | G35: =G9 -> 99.196645 | H35: =H9 -> 77.251761 | I35: =I9 -> 261.27937 | ... M35: =M9 -> 55.148969 | N35: 108.046 | O35: 45.156842 | P35: 33.49315 | Q35: 21.9 | R35: 7.5 | S35: 30.37388 | T35: 8.729657 | U35: 3.086 | V35: 8.232102 | W35: 10.326121 | X35: 19.056358 | Y35: 11.077469 | Z35: 8.1482783 | AA35: -0.16938973 | AB35: 0
A37: LUCRO BRUTO
A38: (em R$ milhões) | B38: 2T26 | C38: 1T26 | D38: 2025 | E38: 4T25 | F38: 3T25 | G38: 2T25 | H38: 1T25 | I38: 2024 | J38: 4T24 | K38: =K7 -> 3T24 | L38: =L7 -> 2T24 | M38: =M7 -> 1T24 | N38: =N7 -> 2023 | O38: =O7 -> 4T23 | P38: =P7 -> 3T23 | Q38: =Q7 -> 2T23 | R38: =R7 -> 1T23 | ... AB38: =AB7 -> 1T21
A39: Receita Líquida | B39: =B9 -> 85.099382 | C39: =C9 -> 72.893685 | D39: =D9 -> 353.4 | E39: =E9 -> 81.5 | F39: =F9 -> 95.498947 | G39: =G9 -> 99.196645 | H39: =H9 -> 77.251761 | I39: =I9 -> 261.27937 | ... AB39: =AB9 -> 0
A40: Lucro Bruto | B40: -0.41335336 | C40: -2.8274771 | D40: -24.4 | E40: -25.5 | F40: -5.5467518 | G40: 2.8255884 | H40: 3.8206226 | I40: 22.147141 | J40: 5.7158315 | K40: 6.8995342 | L40: 6.4065982 | M40: 3.1251774 | N40: -18.506 | O40: -5.1148101 | P40: 1.3594044 | Q40: -2.9493873 | R40: -11.801207 | S40: -34.749307 | T40: -11.817818 | U40: -14 | V40: -5.3973433 | W40: -3.5341452 | X40: -17.654806 | Y40: -14.666224 | Z40: -2.8187414 | AA40: -0.16983973 | AB40: 0
A41: Margem Bruta | B41: -0.0048573015 | C41: -0.038789054 | D41: -0.069 | E41: -0.314 | F41: -0.058081811 | G41: 0.028484717 | H41: 0.049456771 | I41: 0.084764219 | J41: 0.096672426 | K41: 0.092272745 | L41: 0.088695515 | M41: 0.05666792 | N41: -0.1712789 | O41: -0.11326767 | P41: 0.040587536 | Q41: -0.13455003 | R41: -1.5786236 | S41: -1.1440523 | T41: -1.3537551 | U41: -4.536617 | V41: -0.65564583 | W41: -0.34225292 | X41: -0.92645224 | Y41: -1.3239689 | Z41: -0.34593092 | AA41: 1.0026566 | AB41: 0
A42: (-) Custos Financeiros | B42: 0.84282695 | C42: 1.9833019 | D42: 6.6 | E42: 1.6 | F42: 1.9500646 | G42: 1.6137802 | H42: 1.4328091 | I42: 2.9239463 | J42: 0.93279694 | K42: 0.90860487 | L42: 0.61817586 | M42: 0.46436867 | N42: 0.8103079 | O42: 0.28025696 | P42: -0.28025696 | Q42: -0.11198135 | R42: 0.10228734 | S42: 0 | T42: -1.3759187 | U42: -0.4793173 | V42: -0.39441443 | W42: 0 | X42: 0 | Y42: 0 | Z42: 0 | AA42: 0 | AB42: 0
A43: Lucro Bruto Ajustado¹ | B43: =B10 -> 0.42947359 | C43: =C10 -> -0.84417524 | D43: =D10 -> -17.9 | E43: =E10 -> -24 | F43: =F10 -> -3.5966872 | G43: =G10 -> 4.4393686 | H43: =H10 -> 5.2534317 | I43: =I10 -> 25.071088 | ... AB43: =AB10 -> 0
A44: Margem Bruta Ajustada | B44: =B11 -> 0.0050467298 | C44: =C11 -> -0.01158091 | D44: =D11 -> -0.050650821 | E44: =E11 -> -0.29447853 | F44: =F11 -> -0.037662062 | G44: =G11 -> 0.044753213 | H44: =H11 -> 0.068004038 | I44: =I11 -> 0.0959551 | ... AB44: =AB11 -> 0
A45: 1) Ajustado por juros capitalizados.
A47: DESPESAS COM VENDAS, GERAIS E ADMINISTRATIVAS (SG&A)
A48: (em R$ milhões) | B48: 2T26 | C48: 1T26 | D48: 2025 | E48: 4T25 | F48: 3T25 | G48: 2T25 | H48: 1T25 | I48: 2024 | J48: 4T24 | K48: =K7 -> 3T24 | L48: =L7 -> 2T24 | M48: =M7 -> 1T24 | N48: =N7 -> 2023 | O48: =O7 -> 4T23 | P48: =P7 -> 3T23 | Q48: =Q7 -> 2T23 | R48: =R7 -> 1T23 | ... AB48: =AB7 -> 1T21
A49: Despesas com Vendas | B49: -10.89207 | C49: -9.8181216 | D49: -49.9 | E49: -13.8 | F49: -14.259904 | G49: -12.99876 | H49: -8.7845586 | I49: -32.911393 | J49: -8.2216507 | K49: -8.9573593 | L49: -8.2580905 | M49: -7.4742923 | N49: -17.619 | O49: -6.9322414 | P49: -4.9805122 | Q49: -3.3841121 | R49: -2.3221343 | S49: -8.5591124 | T49: -2.554964 | U49: -3.85 | V49: -1.8587315 | W49: -0.29541694 | X49: -1.4326412 | Y49: -0.37532108 | Z49: -0.75452222 | AA49: -0.1072024 | AB49: -0.1955955
A50: Despesas Gerais e Administrativas | B50: -14.44552 | C50: -17.014878 | D50: -61.4 | E50: -8.8 | F50: -18.845442 | G50: -18.357593 | H50: -15.430179 | I50: -56.565816 | J50: -15.683489 | K50: -13.366568 | L50: -15.831966 | M50: -11.683793 | N50: -31.247 | O50: -9.5746873 | P50: -8.9572101 | Q50: -6.3835247 | R50: -6.3315779 | S50: -35.394025 | T50: -9.934635 | U50: -8.066 | V50: -9.9489179 | W50: -7.444472 | X50: -27.804585 | Y50: -12.918332 | Z50: -6.260981 | AA50: -3.6324858 | AB50: -4.9927868
A51: Total de despesas SG&A | B51: =SUM(B49:B50) -> -25.337591 | C51: =SUM(C49:C50) -> -26.832999 | D51: =SUM(D49:D50) -> -111.3 | E51: =SUM(E49:E50) -> -22.6 | F51: =SUM(F49:F50) -> -33.105347 | G51: =SUM(G49:G50) -> -31.356353 | H51: =SUM(H49:H50) -> -24.214738 | I51: =SUM(I49:I50) -> -89.477209 | ... AB51: =SUM(AB49:AB50) -> -5.1883823
A52: Vendas Líquidas | B52: ='Alea - Operacional'!B10 -> 84.232724 | C52: ='Alea - Operacional'!C10 -> 105.05324 | D52: ='Alea - Operacional'!D10 -> 499.44228 | E52: ='Alea - Operacional'!E10 -> 120.94968 | F52: ='Alea - Operacional'!F10 -> 133.96643 | G52: ='Alea - Operacional'!G10 -> 144.61138 | H52: ='Alea - Operacional'!H10 -> 99.914783 | I52: ='Alea - Operacional'!I10 -> 339.78851 | ... AB52: ='Alea - Operacional'!AB10 -> 0
A53: Lançamentos | B53: ='Alea - Operacional'!B9 -> 85.5053 | C53: ='Alea - Operacional'!C9 -> 47.367054 | D53: ='Alea - Operacional'!D9 -> 262.80907 | E53: ='Alea - Operacional'!E9 -> 69.390156 | F53: ='Alea - Operacional'!F9 -> 76.208171 | G53: ='Alea - Operacional'!G9 -> 21.220864 | H53: ='Alea - Operacional'!H9 -> 95.989878 | I53: ='Alea - Operacional'!I9 -> 555.6129 | ... AB53: ='Alea - Operacional'!AB9 -> 0
A54: Despesas com Vendas / Vendas Líquidas | B54: =IFERROR(-B49/B52,0) -> 0.12930925 | C54: =IFERROR(-C49/C52,0) -> 0.093458533 | D54: =IFERROR(-D49/D52,0) -> 0.099911446 | E54: =IFERROR(-E49/E52,0) -> 0.11409703 | F54: =IFERROR(-F49/F52,0) -> 0.10644386 | G54: =IFERROR(-G49/G52,0) -> 0.089887532 | H54: =IFERROR(-H49/H52,0) -> 0.087920509 | I54: =IFERROR(-I49/I52,0) -> 0.096858464 | ... AB54: =IFERROR(-AB49/AB52,0) -> 0
A55: Despesas Gerais e Administrativas / Lançamentos | B55: =IFERROR(-B50/B53,0) -> 0.16894298 | C55: =IFERROR(-C50/C53,0) -> 0.35921334 | D55: =IFERROR(-D50/D53,0) -> 0.23362968 | E55: =IFERROR(-E50/E53,0) -> 0.12681914 | F55: =IFERROR(-F50/F53,0) -> 0.247289 | G55: =IFERROR(-G50/G53,0) -> 0.86507284 | H55: =IFERROR(-H50/H53,0) -> 0.16074798 | I55: =IFERROR(-I50/I53,0) -> 0.10180796 | ... AB55: =IFERROR(-AB50/AB53,0) -> 0
A57: OUTRAS RECEITAS E DESPESAS OPERACIONAIS
A58: (em R$ milhões) | B58: 2T26 | C58: 1T26 | D58: 2025 | E58: 4T25 | F58: 3T25 | G58: 2T25 | H58: 1T25 | I58: 2024 | J58: 4T24 | K58: =K7 -> 3T24 | L58: =L7 -> 2T24 | M58: =M7 -> 1T24 | N58: =N7 -> 2023 | O58: =O7 -> 4T23 | P58: =P7 -> 3T23 | Q58: =Q7 -> 2T23 | R58: =R7 -> 1T23 | ... AB58: =AB7 -> 1T21
A59: Outras Receitas e Despesas Operacionais | B59: -1.0005135 | C59: 0.58522103 | D59: -1.5 | E59: -1.1 | F59: -0.19386051 | G59: -0.15254516 | H59: -0.01857471 | I59: -0.18031443 | J59: -0.15458861 | K59: 0.048676 | L59: -0.07439967 | M59: -2.15e-06 | N59: 0.01668588 | O59: 0.004 | P59: -0.00012731 | Q59: 0.00434294 | R59: 0 | S59: -0.9 | T59: -0.30523102 | U59: 3.184 | V59: -2.8 | W59: -1.0463149 | X59: -0.82976569 | Y59: -0.30523102 | Z59: -0.16807009 | AA59: -0.21544134 | AB59: -0.14102323
A60: Despesas com demandas judiciais | B60: -0.00134693 | C60: -0.00072957 | D60: 0 | E60: 0 | F60: 0 | G60: 0 | H60: 0 | I60: 0 | J60: 0 | K60: 0 | L60: 0 | M60: 0 | N60: 0 | O60: 0 | P60: 0 | Q60: 0 | R60: 0 | S60: 0 | T60: 0 | U60: 0 | V60: 0 | W60: 0 | X60: 0 | Y60: 0 | Z60: 0 | AA60: 0 | AB60: 0
A61: Outras Receitas e Despesas operacionais | B61: -0.99916656 | C61: 0.5859506 | D61: -1.5 | E61: -1.1 | F61: -0.19386051 | G61: -0.15254516 | H61: -0.01857471 | I61: -0.18031443 | J61: -0.15458861 | K61: 0.048676 | L61: -0.07439967 | M61: -2.15e-06 | N61: 0.01668588 | O61: 0.004 | P61: -0.00012731 | Q61: 0.00434294 | R61: 0 | S61: -0.9 | T61: -0.30523102 | U61: 3.184 | V61: -2.8 | W61: -1.0463149 | X61: -0.82976569 | Y61: -0.30523102 | Z61: -0.16807009 | AA61: -0.21544134 | AB61: -0.14102323
A62: Equivalência Patrimonial | B62: 0 | C62: 0 | D62: 0 | E62: 0 | F62: 0 | G62: 0 | H62: 0 | I62: 0 | J62: 0 | K62: 0 | L62: 0 | M62: 0 | N62: 0 | O62: 0 | P62: 0 | Q62: 0 | R62: 0 | S62: 0 | T62: 0 | U62: 0 | V62: 0 | W62: 0 | X62: 0 | Y62: 0 | Z62: 0 | AA62: 0 | AB62: 0
A64: RESULTADO FINANCEIRO
A65: (em R$ milhões) | B65: 2T26 | C65: 1T26 | D65: 2025 | E65: 4T25 | F65: 3T25 | G65: 2T25 | H65: 1T25 | I65: 2024 | J65: 4T24 | K65: =K7 -> 3T24 | L65: =L7 -> 2T24 | M65: =M7 -> 1T24 | N65: =N7 -> 2023 | O65: =O7 -> 4T23 | P65: =P7 -> 3T23 | Q65: =Q7 -> 2T23 | R65: =R7 -> 1T23 | ... AB65: =AB7 -> 1T21
A66: Receitas Financeiras | B66: 0.54173459 | C66: 0.41671577 | D66: 5 | E66: 0.8 | F66: 3.6566702 | G66: 0.21095045 | H66: 0.32970906 | I66: 0.76767641 | J66: 0.23542194 | K66: 0.25515011 | L66: 0.11862709 | M66: 0.15847727 | N66: 1.015 | O66: 0.30448926 | P66: 0.3447044 | Q66: 0.23236685 | R66: 0.13343949 | S66: 0.26264942 | T66: 0 | U66: 0.066 | V66: 0.11222748 | W66: 0.07596894 | X66: 0.31443565 | Y66: 0.2163359 | Z66: 0 | AA66: 0 | AB66: 0.09809975
A67: Despesas Financeiras | B67: -6.3470571 | C67: -5.0837781 | D67: -11.9 | E67: -7.4 | F67: -1.8734193 | G67: -1.4568578 | H67: -1.1474969 | I67: -1.7892526 | J67: -0.71330104 | K67: -0.41399005 | L67: -0.30931183 | M67: -0.35264965 | N67: -0.796 | O67: -0.36504736 | P67: -0.3123881 | Q67: -0.02568448 | R67: -0.09288006 | S67: -0.21337512 | T67: -0.161613 | U67: -0.019 | V67: -0.00460936 | W67: -0.02815276 | X67: -0.086359753 | Y67: -0.083075903 | Z67: 0 | AA67: 0 | AB67: -0.00328385
A68: Resultado Financeiro | B68: -5.8053225 | C68: -4.6670623 | D68: -6.8 | E68: -6.6 | F68: 1.7832509 | G68: -1.2459073 | H68: -0.81778779 | I68: -1.0215762 | J68: -0.4778791 | K68: -0.15883994 | L68: -0.19068474 | M68: -0.19417238 | N68: 0.219 | O68: -0.0605581 | P68: 0.0323163 | Q68: 0.20668237 | R68: 0.04055943 | S68: 0.0492743 | T68: -0.161613 | U68: 0.047 | V68: 0.10761812 | W68: 0.04781618 | X68: 0.2280759 | Y68: 0.13326 | Z68: 0 | AA68: 0 | AB68: 0.0948159
A70: LUCRO LÍQUIDO
A71: (em R$ milhões) | B71: 2T26 | C71: 1T26 | D71: 2025 | E71: 4T25 | F71: 3T25 | G71: 2T25 | H71: 1T25 | I71: 2024 | J71: 4T24 | K71: =K7 -> 3T24 | L71: =L7 -> 2T24 | M71: =M7 -> 1T24 | N71: =N7 -> 2023 | O71: =O7 -> 4T23 | P71: =P7 -> 3T23 | Q71: =Q7 -> 2T23 | R71: =R7 -> 1T23 | ... AB71: =AB7 -> 1T21
A72: Resultado Líquido após IR & CSLL | B72: -34.743501 | C72: -38.129147 | D72: -151.7 | E72: -58.4 | F72: -40.427968 | G72: -30.280199 | H72: -22.521637 | I72: -71.946643 | J72: -21.018276 | K72: -15.940013 | L72: -17.85462 | M72: -17.13395 | N72: -70.131314 | O72: -22.576196 | P72: -13.434517 | Q72: -13.274152 | R72: -20.850577 | S72: -80.5 | T72: -24.765808 | U72: -22.685 | V72: -19.870174 | W72: -13.318772 | X72: -48.267115 | Y72: -28.383557 | Z72: -10.164116 | AA72: -4.3438291 | AB72: -5.3756128
A73: (-) Participação Minoritários | B73: 4.8675752 | C73: 5.3419052 | D73: 21.2 | E73: 8.2 | F73: 5.6639707 | G73: 4.2422653 | H73: 3.1552882 | I73: 0 | J73: 0 | K73: 0 | L73: -1.7134007 | M73: 1.7134007 | N73: 0 | O73: 0 | P73: 0 | Q73: 0 | R73: 0 | S73: 0 | T73: 0 | U73: 0 | V73: 0 | W73: 0 | X73: 0 | Y73: 0 | Z73: 0 | AA73: 0 | AB73: 0
A74: Lucro Líquido | B74: =B15 -> -29.875926 | C74: =C15 -> -32.787242 | D74: =D15 -> -130.4 | E74: =E15 -> -50.2 | F74: =F15 -> -34.763997 | G74: =G15 -> -26.037934 | H74: =H15 -> -19.366348 | I74: =I15 -> -71.946643 | ... AB74: =AB15 -> -5.3756128
A75: Margem Líquida | B75: =B74/B39 -> -0.35107101 | C75: =C74/C39 -> -0.44979536 | D75: =D74/D39 -> -0.36898698 | E75: =E74/E39 -> -0.61595092 | F75: =F74/F39 -> -0.36402492 | G75: =G74/G39 -> -0.26248805 | H75: =H74/H39 -> -0.25069135 | I75: =I74/I39 -> -0.2753629 | ... AA75: =AA74/AA39 -> 25.643993 | AB75: 0
A77: EBITDA AJUSTADO
A78: (em R$ milhões) | B78: 2T26 | C78: 1T26 | D78: 2025 | E78: 4T25 | F78: 3T25 | G78: 2T25 | H78: 1T25 | I78: 2024 | J78: 4T24 | K78: =K7 -> 3T24 | L78: =L7 -> 2T24 | M78: =M7 -> 1T24 | N78: =N7 -> 2023 | O78: =O7 -> 4T23 | P78: =P7 -> 3T23 | Q78: =Q7 -> 2T23 | R78: =R7 -> 1T23 | ... AB78: =AB7 -> 1T21
A79: Lucro Líquido | B79: =B15 -> -29.875926 | C79: =C15 -> -32.787242 | D79: =D15 -> -130.4 | E79: =E15 -> -50.2 | F79: =F15 -> -34.763997 | G79: =G15 -> -26.037934 | H79: =H15 -> -19.366348 | I79: =I15 -> -71.946643 | ... AB79: =AB15 -> -5.3756128
A80: (+) Resultado financeiro | B80: =-B68 -> 5.8053225 | C80: =-C68 -> 4.6670623 | D80: =-D68 -> 6.8 | E80: =-E68 -> 6.6 | F80: =-F68 -> -1.7832509 | G80: =-G68 -> 1.2459073 | H80: =-H68 -> 0.81778779 | I80: =-I68 -> 1.0215762 | ... AB80: =-AB68 -> -0.0948159
A81: (+) IR / CSLL | B81: 0.42708623 | C81: 1.2749804 | D81: 0 | E81: 0 | F81: 0 | G81: 0 | H81: 0 | I81: 0 | J81: 0 | K81: 0 | L81: 0 | M81: 0 | N81: -0.001 | O81: -0.00099999 | P81: -9.9999986e-09 | Q81: 0 | R81: 0 | S81: 0 | T81: 0 | U81: 0 | V81: 0 | W81: 0 | X81: 0 | Y81: 0 | Z81: 0 | AA81: 0 | AB81: 0
A82: (+) Depreciação e amortização | B82: 0.56247048 | C82: 1.483554 | D82: 4.6 | E82: 1.5 | F82: 1.4658363 | G82: 1.056429 | H82: 0.58531451 | I82: 1.8275233 | J82: 0.60921576 | K82: 0.40609098 | L82: -0.09470807 | M82: 0.90692458 | N82: 2.996 | O82: 0.89889951 | P82: 0.88838763 | Q82: 0.76815282 | R82: 0.44056004 | S82: 0.93592448 | T82: 0.30088606 | U82: -3.184 | V82: 2.7727996 | W82: 1.0462388 | X82: 0.80317089 | Y82: 0.27863622 | Z82: 0.16807009 | AA82: 0.21544134 | AB82: 0.14102323
A83: (+) Capitalização de Juros | B83: 0.84282695 | C83: 1.9833019 | D83: 6.6 | E83: 1.6 | F83: 1.9500646 | G83: 1.6137802 | H83: 1.4328091 | I83: 2.9239463 | J83: 0.93279694 | K83: 0.90860487 | L83: 0.61817586 | M83: 0.46436867 | N83: 0.8103079 | O83: 0.31578235 | P83: 0.28025696 | Q83: 0.11198135 | R83: 0.10228724 | S83: 0 | T83: 0 | U83: 0 | V83: 0.39441443 | W83: 0 | X83: 0 | Y83: 0 | Z83: 0 | AA83: 0 | AB83: 0
A84: (+) Despesas com SOP | B84: 1.7791219 | C84: 1.4105242 | D84: -0.5 | E84: -7.9 | F84: 2.4435458 | G84: 2.6871558 | H84: 2.2684823 | I84: 9.3379258 | J84: 1.6759311 | K84: 2.135362 | L84: 3.6645413 | M84: 1.8620914 | N84: 0 | O84: 0 | P84: 0 | Q84: 0 | R84: 0 | S84: 0 | T84: 0 | U84: 0 | V84: 0 | W84: 0 | X84: 0 | Y84: 0 | Z84: 0 | AA84: 0 | AB84: 0
A85: (+) Participação dos minoritários | B85: -4.8675752 | C85: -5.3419052 | D85: -21.2 | E85: -8.2 | F85: -5.6639707 | G85: -4.2422653 | H85: -3.1552882 | I85: 0 | J85: 0 | K85: 0 | L85: 1.7134007 | M85: -1.7134007 | N85: 0 | O85: 0 | P85: 0 | Q85: 0 | R85: 0 | S85: 0 | T85: 0 | U85: 0 | V85: 0 | W85: 0 | X85: 0 | Y85: 0 | Z85: 0 | AA85: 0 | AB85: 0
A86: (+) Depreciação do COGS | B86: 0.70539143 | C86: 0.52151526 | D86: 2.086061 | E86: 0.52151526 | F86: 0.52151526 | G86: 0.52151526 | H86: 0.52151526 | I86: -1.9038142 | J86: 0.52151526 | K86: 0.52151526 | L86: -0.43039182 | M86: -0.43039182 | N86: -1.9664533 | O86: -0.43039182 | P86: -0.23931949 | Q86: -0.43039182 | R86: -0.86635017 | S86: 0 | T86: 0 | U86: 0 | V86: 0 | W86: 0 | X86: 0 | Y86: 0 | Z86: 0 | AA86: 0 | AB86: 0
A87: EBITDA Ajustado¹ | B87: =B12 -> -24.621282 | C87: =C12 -> -26.788209 | D87: =D12 -> -132 | E87: =E12 -> -56.1 | F87: =F12 -> -35.830257 | G87: =G12 -> -23.155412 | H87: =H12 -> -16.895728 | I87: =I12 -> -54.931858 | ... AB87: =AB12 -> 0
A88: Receita Líquida | B88: =B9 -> 85.099382 | C88: =C9 -> 72.893685 | D88: =D9 -> 353.4 | E88: =E9 -> 81.5 | F88: =F9 -> 95.498947 | G88: =G9 -> 99.196645 | H88: =H9 -> 77.251761 | I88: =I9 -> 261.27937 | ... AB88: =AB9 -> 0
A89: Margem EBITDA ajustada¹ | B89: =B13 -> -0.28932386 | C89: =C13 -> -0.36749697 | D89: =D13 -> -0.37351443 | E89: =E13 -> -0.68834356 | F89: =F13 -> -0.37519007 | G89: =G13 -> -0.23342939 | H89: =H13 -> -0.21870993 | I89: =I13 -> -0.21024185 | ... AB89: =AB13 -> 0
A90: 1. Ajustado por juros capitalizados, despesas com planos de ações (não caixa), minoritários e depreciação no COGS. (* Mudança a partir do 1T23)
A95: Relações com Investidores
A96: E-mail: ri@tenda.com
A97: Website: ri.tenda.com
A99: Luiz Mauricio de Garcia
A100: CFO e Diretor Executivo de Relações com Investidores
A102: Marilia Leite
A103: Gerente de Relações com Investidores
A105: Leonardo Dias Wanderley
A106: Coordenador de Relações com Investidores
A108: Felipe Chiavegato Stella
A109: Analista de Relações com Investidores

Sheet Alea - BP
A6: BALANÇO PATRIMONIAL
A7: (em R$ milhões) | B7: 2T26 | C7: 1T26 | D7: 2025 | E7: 4T25 | F7: 3T25 | G7: 2T25 | H7: 1T25 | I7: 2024 | J7: 4T24 | K7: 3T24 | L7: 2T24 | M7: 1T24 | N7: 2023 | O7: 4T23 | P7: 3T23 | Q7: 2T23 | R7: 1T23
A8: Ativo
A9: Caixas, equivalentes de caixa, títulos e valores mobiliários | B9: 21.708862 | C9: 9.2869041 | D9: 29.3 | E9: 29.3 | F9: 55.492 | G9: 31.449 | H9: 23.596 | I9: 35.174 | J9: 35.174 | K9: 24.211 | L9: 32.403 | M9: 26.8 | N9: 11.185 | O9: 11.185 | P9: 7.168 | Q9: 3.966 | R9: 17.974
A10: Contas a receber | B10: 136.59281 | C10: 133.65456 | D10: 132.3 | E10: 132.3 | F10: 142.717 | G10: 152.682 | H10: 122.659 | I10: 107.465 | J10: 107.465 | K10: 110.942 | L10: 100.4 | M10: 59.532 | N10: 43.556 | O10: 43.556 | P10: 27.408 | Q10: 16.2 | R10: 9.438
A11: Imóveis destinados à venda | B11: 548.66718 | C11: 613.19754 | D11: 595.8 | E11: 595.8 | F11: 553.883 | G11: 563.969 | H11: 495.915 | I11: 504.863 | J11: 504.863 | K11: 430.102 | L11: 387.387 | M11: 327.714 | N11: 311.814 | O11: 311.814 | P11: 274.428 | Q11: 173.994 | R11: 151.831
A12: Investimentos | B12: 0 | C12: 0 | D12: 0 | E12: 0 | F12: 0 | G12: 0 | H12: 0 | I12: 0 | J12: 0 | K12: 0 | L12: 0 | M12: 0 | N12: 0 | O12: 0 | P12: 0 | Q12: 0 | R12: 0
A13: Outros ativos | B13: 95.809 | C13: 97.277365 | D13: 90.8 | E13: 90.8 | F13: 84.078 | G13: 119.753 | H13: 133.884 | I13: 67.825 | J13: 67.825 | K13: 144.263 | L13: 129.314 | M13: 100.295 | N13: 95.652 | O13: 95.652 | P13: 82.878 | Q13: 54.508 | R13: 52.031
A14: Ativo Total | B14: 802.77785 | C14: 853.41638 | D14: 848.2 | E14: 848.2 | F14: 836.17 | G14: 867.853 | H14: 776.054 | I14: 715.327 | J14: 715.327 | K14: 709.518 | L14: 649.504 | M14: 514.341 | N14: 462.207 | O14: 462.207 | P14: 391.882 | Q14: 248.668 | R14: 231.274
A15: Passivo
A16: Empréstimos, financiamentos e debentures | B16: 16.861593 | C16: 18.049157 | D16: 38.4 | E16: 38.4 | F16: 45.048 | G16: 52.399 | H16: 35.154 | I16: 41.793 | J16: 41.793 | K16: 22.073 | L16: 22.716 | M16: 20.763 | N16: 9.891 | O16: 9.891 | P16: 10.095 | Q16: 9.632 | R16: 1.252
A17: Obrigações por compra de imóveis e adiantamento de clientes | B17: 584.36126 | C17: 640.62462 | D17: 620.6 | E17: 620.6 | F17: 536.156 | G17: 547.898 | H17: 478.141 | I17: 494.132 | J17: 494.132 | K17: 438.002 | L17: 398.673 | M17: 323.381 | N17: 300.239 | O17: 300.239 | P17: 256.267 | Q17: 157.918 | R17: 141.514
A18: Outros passivos | B18: 249.26918 | C18: 207.56806 | D18: 164.4 | E18: 164.4 | F18: 165.818 | G18: 140.038 | H18: 108.422 | I18: 76.87 | J18: 76.87 | K18: 163.123 | L18: 229.854 | M18: 155.99 | N18: 121.781 | O18: 121.781 | P18: 101.75 | Q18: 44.554 | R18: 72.341
A19: Total do Passivo | B19: 850.49203 | C19: 866.24184 | D19: 823.4 | E19: 823.4 | F19: 747.022 | G19: 740.335 | H19: 621.717 | I19: 612.795 | J19: 612.795 | K19: 623.198 | L19: 651.243 | M19: 500.134 | N19: 431.911 | O19: 431.911 | P19: 368.112 | Q19: 212.104 | R19: 215.107
A20: Patrimônio Líquido | B20: -47.71418 | C20: -12.825457 | D20: 24.8 | E20: 24.8 | F20: 89.148 | G20: 127.518 | H20: 154.337 | I20: 102.532 | J20: 102.532 | K20: 86.32 | L20: -1.739 | M20: 14.207 | N20: 30.296 | O20: 30.296 | P20: 23.77 | Q20: 36.564 | R20: 16.167
A21: Total do Passivo e Patrimônio Líquido | B21: 802.77785 | C21: 853.41638 | D21: 848.2 | E21: 848.2 | F21: 836.17 | G21: 867.853 | H21: 776.054 | I21: 715.327 | J21: 715.327 | K21: 709.518 | L21: 649.504 | M21: 514.341 | N21: 462.207 | O21: 462.207 | P21: 391.882 | Q21: 248.668 | R21: 231.274
A24: Relações com Investidores
A25: E-mail: ri@tenda.com
A26: Website: ri.tenda.com
A28: Luiz Mauricio de Garcia
A29: CFO e Diretor Executivo de Relações com Investidores
A31: Marilia Leite
A32: Gerente de Relações com Investidores
A34: Leonardo Dias Wanderley
A35: Coordenador de Relações com Investidores
A37: Felipe Chiavegato Stella
A38: Analista de Relações com Investidores

Sheet Alea - DRE
A6: DEMONSTRATIVO DE RESULTADO
A7: (em R$ milhões) | B7: 2T26 | C7: 1T26 | D7: 2025 | E7: 4T25 | F7: 3T25 | G7: 2T25 | H7: 1T25 | I7: 2024 | J7: 4T24 | K7: 3T24 | L7: 2T24 | M7: 1T24 | N7: 2023 | O7: 4T23 | P7: 3T23 | Q7: 2T23 | R7: 1T23 | S7: 2022 | T7: 4T22 | U7: 3T22 | V7: 2T22 | W7: 1T22 | X7: 2021 | Y7: 4T21 | Z7: 3T21 | AA7: 2T21 | AB7: 1T21
A8: Receita Líquida | B8: ='Alea - Financeiro'!B9 -> 85.099382 | C8: ='Alea - Financeiro'!C9 -> 72.893685 | D8: ='Alea - Financeiro'!D9 -> 353.4 | E8: ='Alea - Financeiro'!E9 -> 81.5 | F8: ='Alea - Financeiro'!F9 -> 95.498947 | G8: ='Alea - Financeiro'!G9 -> 99.196645 | H8: ='Alea - Financeiro'!H9 -> 77.251761 | I8: ='Alea - Financeiro'!I9 -> 261.27937 | ... AB8: ='Alea - Financeiro'!AB9 -> 0
A9: Custos Operacionais | B9: =B10-B8 -> -85.512736 | C9: =C10-C8 -> -75.721162 | D9: =D10-D8 -> -377.8 | E9: =E10-E8 -> -107 | F9: =F10-F8 -> -101.0457 | G9: =G10-G8 -> -96.371057 | H9: =H10-H8 -> -73.431138 | I9: =I10-I8 -> -239.13222 | ... AB9: =AB10-AB8 -> 0
A10: Lucro Bruto | B10: ='Alea - Financeiro'!B40 -> -0.41335336 | C10: ='Alea - Financeiro'!C40 -> -2.8274771 | D10: ='Alea - Financeiro'!D40 -> -24.4 | E10: ='Alea - Financeiro'!E40 -> -25.5 | F10: ='Alea - Financeiro'!F40 -> -5.5467518 | G10: ='Alea - Financeiro'!G40 -> 2.8255884 | H10: ='Alea - Financeiro'!H40 -> 3.8206226 | I10: ='Alea - Financeiro'!I40 -> 22.147141 | ... AB10: ='Alea - Financeiro'!AB40 -> 0
A11: Lucro Bruto Ajustado¹ | B11: ='Alea - Financeiro'!B43 -> 0.42947359 | C11: ='Alea - Financeiro'!C43 -> -0.84417524 | D11: ='Alea - Financeiro'!D43 -> -17.9 | E11: ='Alea - Financeiro'!E43 -> -24 | F11: ='Alea - Financeiro'!F43 -> -3.5966872 | G11: ='Alea - Financeiro'!G43 -> 4.4393686 | H11: ='Alea - Financeiro'!H43 -> 5.2534317 | I11: ='Alea - Financeiro'!I43 -> 25.071088 | ... AB11: ='Alea - Financeiro'!AB43 -> 0
A12: Margem Bruta | B12: ='Alea - Financeiro'!B41 -> -0.0048573015 | C12: ='Alea - Financeiro'!C41 -> -0.038789054 | D12: ='Alea - Financeiro'!D41 -> -0.069 | E12: ='Alea - Financeiro'!E41 -> -0.314 | F12: ='Alea - Financeiro'!F41 -> -0.058081811 | G12: ='Alea - Financeiro'!G41 -> 0.028484717 | H12: ='Alea - Financeiro'!H41 -> 0.049456771 | I12: ='Alea - Financeiro'!I41 -> 0.084764219 | ... AB12: ='Alea - Financeiro'!AB41 -> 0
A13: Margem Bruta Ajustada | B13: ='Alea - Financeiro'!B44 -> 0.0050467298 | C13: ='Alea - Financeiro'!C44 -> -0.01158091 | D13: ='Alea - Financeiro'!D44 -> -0.050650821 | E13: ='Alea - Financeiro'!E44 -> -0.29447853 | F13: ='Alea - Financeiro'!F44 -> -0.037662062 | G13: ='Alea - Financeiro'!G44 -> 0.044753213 | H13: ='Alea - Financeiro'!H44 -> 0.068004038 | I13: ='Alea - Financeiro'!I44 -> 0.0959551 | ... AB13: ='Alea - Financeiro'!AB44 -> 0
A14: Despesas Operacionais | B14: -27.535269 | C14: -27.876073 | D14: -115.7 | E14: -24.8 | F14: -35.198572 | G14: -30.80348 | H14: -24.939206 | I14: -91.24502 | J14: -25.647109 | K14: -22.274708 | L14: -24.16533 | M14: -19.157872 | N14: -51.845314 | O14: -17.401828 | P14: -14.826237 | Q14: -10.531447 | R14: -9.0899294 | S14: -44.893483 | T14: -12.79483 | U14: -8.732 | V14: -14.580449 | W14: -8.7862038 | X14: -29.872327 | Y14: -13.572289 | Z14: -7.0155032 | AA14: -3.9551295 | AB14: -5.3294055
A15: Despesas com Vendas | B15: ='Alea - Financeiro'!B49 -> -10.89207 | C15: ='Alea - Financeiro'!C49 -> -9.8181216 | D15: ='Alea - Financeiro'!D49 -> -49.9 | E15: ='Alea - Financeiro'!E49 -> -13.8 | F15: ='Alea - Financeiro'!F49 -> -14.259904 | G15: ='Alea - Financeiro'!G49 -> -12.99876 | H15: ='Alea - Financeiro'!H49 -> -8.7845586 | I15: ='Alea - Financeiro'!I49 -> -32.911393 | ... AB15: ='Alea - Financeiro'!AB49 -> -0.1955955
A16: Desp. Gerais e Administrativas | B16: ='Alea - Financeiro'!B50 -> -14.44552 | C16: ='Alea - Financeiro'!C50 -> -17.014878 | D16: ='Alea - Financeiro'!D50 -> -61.4 | E16: ='Alea - Financeiro'!E50 -> -8.8 | F16: ='Alea - Financeiro'!F50 -> -18.845442 | G16: ='Alea - Financeiro'!G50 -> -18.357593 | H16: ='Alea - Financeiro'!H50 -> -15.430179 | I16: ='Alea - Financeiro'!I50 -> -56.565816 | ... AB16: ='Alea - Financeiro'!AB50 -> -4.9927868
A17: Outras Desp. e Rec. Operacionais | B17: -1.0005135 | C17: 0.58522103 | D17: -1.4683163 | E17: -1.1033359 | F17: -0.194 | G17: -0.153 | H17: -0.019 | I17: -0.18 | J17: -0.155 | K17: 0.049 | L17: -0.074 | M17: 0.000215 | N17: 0.013 | O17: 0.004 | P17: -0.00012731 | Q17: 0.00434294 | R17: 0 | S17: -0.005 | T17: -0.00434496 | U17: 0 | V17: 0 | W17: -7.61e-05 | X17: 0.00033293 | Y17: 0 | Z17: 0 | AA17: 0 | AB17: 0
A18: Depreciação e Amortização | B18: =-'Alea - Financeiro'!B82 -> -0.56247048 | C18: =-'Alea - Financeiro'!C82 -> -1.483554 | D18: =-'Alea - Financeiro'!D82 -> -4.6 | E18: =-'Alea - Financeiro'!E82 -> -1.5 | F18: =-'Alea - Financeiro'!F82 -> -1.4658363 | G18: =-'Alea - Financeiro'!G82 -> -1.056429 | H18: =-'Alea - Financeiro'!H82 -> -0.58531451 | I18: =-'Alea - Financeiro'!I82 -> -1.8275233 | ... AB18: =-'Alea - Financeiro'!AB82 -> -0.14102323
A19: Equivalência Patrimonial | B19: ='Alea - Financeiro'!B62 -> 0 | C19: ='Alea - Financeiro'!C62 -> 0 | D19: ='Alea - Financeiro'!D62 -> 0 | E19: ='Alea - Financeiro'!E62 -> 0 | F19: ='Alea - Financeiro'!F62 -> 0 | G19: ='Alea - Financeiro'!G62 -> 0 | H19: ='Alea - Financeiro'!H62 -> 0 | I19: ='Alea - Financeiro'!I62 -> 0 | ... AB19: ='Alea - Financeiro'!AB62 -> 0
A20: Lucro Operacional | B20: =B10+B14+B18 -> -28.511093 | C20: =C10+C14+C18 -> -32.187104 | D20: =D10+D14+D18 -> -144.7 | E20: =E10+E14 -> -50.3 | F20: =F10+F14 -> -40.745324 | G20: =G10+G14 -> -27.977892 | H20: =H10+H14 -> -21.118584 | I20: =I10+I14 -> -69.097878 | J20: =J10+J14 -> -19.931278 | K20: =K10+K14 -> -15.375174 | L20: =L10+L14 -> -17.758732 | ... AB20: =AB10+AB14 -> -5.3294055
A21: Receita Financeira | B21: ='Alea - Financeiro'!B66 -> 0.54173459 | C21: ='Alea - Financeiro'!C66 -> 0.41671577 | D21: ='Alea - Financeiro'!D66 -> 5 | E21: ='Alea - Financeiro'!E66 -> 0.8 | F21: ='Alea - Financeiro'!F66 -> 3.6566702 | G21: ='Alea - Financeiro'!G66 -> 0.21095045 | H21: ='Alea - Financeiro'!H66 -> 0.32970906 | I21: ='Alea - Financeiro'!I66 -> 0.76767641 | ... AB21: ='Alea - Financeiro'!AB66 -> 0.09809975
A22: Despesa Financeira | B22: ='Alea - Financeiro'!B67 -> -6.3470571 | C22: ='Alea - Financeiro'!C67 -> -5.0837781 | D22: ='Alea - Financeiro'!D67 -> -11.9 | E22: ='Alea - Financeiro'!E67 -> -7.4 | F22: ='Alea - Financeiro'!F67 -> -1.8734193 | G22: ='Alea - Financeiro'!G67 -> -1.4568578 | H22: ='Alea - Financeiro'!H67 -> -1.1474969 | I22: ='Alea - Financeiro'!I67 -> -1.7892526 | ... AB22: ='Alea - Financeiro'!AB67 -> -0.00328385
A23: Lucro Líquido antes de IR & CSLL | B23: =B20+B21+B22 -> -34.316415 | C23: =C20+C21+C22 -> -36.854166 | D23: =D20+D21+D22 -> -151.6 | E23: =E20+E21+E22 -> -56.9 | F23: =F20+F21+F22 -> -38.962073 | G23: =G20+G21+G22 -> -29.223799 | H23: =H20+H21+H22 -> -21.936372 | I23: =I20+I21+I22 -> -70.119455 | ... AB23: =AB20+AB21+AB22 -> -5.2345896
A24: Impostos Diferidos | B24: -0.66127512 | C24: -0.60035149 | D24: 0 | E24: 0 | F24: 0 | G24: 0 | H24: 0 | I24: 0 | J24: 0 | K24: 0 | L24: 0 | M24: 0 | N24: 0.001 | O24: 0.00099999 | P24: 9.9999986e-09 | Q24: 0 | R24: 0 | S24: 0 | T24: 0 | U24: 0 | V24: 0 | W24: 0 | X24: 0 | Y24: 0 | Z24: 0 | AA24: 0 | AB24: 0
A25: IR & CSLL | B25: =-'Alea - Financeiro'!B81-B24 -> 0.23418889 | C25: =-'Alea - Financeiro'!C81-C24 -> -0.67462893 | D25: =-'Alea - Financeiro'!D81-D24 -> 0 | E25: =-'Alea - Financeiro'!E81-E24 -> 0 | F25: =-'Alea - Financeiro'!F81-F24 -> 0 | G25: =-'Alea - Financeiro'!G81-G24 -> 0 | H25: =-'Alea - Financeiro'!H81-H24 -> 0 | I25: =-'Alea - Financeiro'!I81-I24 -> 0 | ... AB25: =-'Alea - Financeiro'!AB81-AB24 -> 0
A26: Lucro Líquido após IR & CSLL | B26: =B23+B24+B25 -> -34.743501 | C26: =C23+C24+C25 -> -38.129147 | D26: =D23+D24+D25 -> -151.6 | E26: =E23+E24+E25 -> -56.9 | F26: =F23+F24+F25 -> -38.962073 | G26: =G23+G24+G25 -> -29.223799 | H26: =H23+H24+H25 -> -21.936372 | I26: =I23+I24+I25 -> -70.119455 | ... AB26: =AB23+AB24+AB25 -> -5.2345896
A27: (-) Participações Minoritárias | B27: ='Alea - Financeiro'!B73 -> 4.8675752 | C27: ='Alea - Financeiro'!C73 -> 5.3419052 | D27: ='Alea - Financeiro'!D73 -> 21.2 | E27: ='Alea - Financeiro'!E73 -> 8.2 | F27: ='Alea - Financeiro'!F73 -> 5.6639707 | G27: ='Alea - Financeiro'!G73 -> 4.2422653 | H27: ='Alea - Financeiro'!H73 -> 3.1552882 | I27: ='Alea - Financeiro'!I73 -> 0 | ... AB27: ='Alea - Financeiro'!AB73 -> 0
A28: Lucro Líquido | B28: ='Alea - Financeiro'!B74 -> -29.875926 | C28: ='Alea - Financeiro'!C74 -> -32.787242 | D28: ='Alea - Financeiro'!D74 -> -130.4 | E28: ='Alea - Financeiro'!E74 -> -50.2 | F28: ='Alea - Financeiro'!F74 -> -34.763997 | G28: ='Alea - Financeiro'!G74 -> -26.037934 | H28: ='Alea - Financeiro'!H74 -> -19.366348 | I28: ='Alea - Financeiro'!I74 -> -71.946643 | ... AB28: ='Alea - Financeiro'!AB74 -> -5.3756128
A29: Lucro Líquido Ajustado² | B29: =B28+'Alea - Financeiro'!B83 -> -29.033099 | C29: =C28+'Alea - Financeiro'!C83 -> -30.80394 | D29: =D28+'Alea - Financeiro'!D83 -> -123.8 | E29: =E28+'Alea - Financeiro'!E83 -> -48.6 | F29: =F28+'Alea - Financeiro'!F83 -> -32.813932 | G29: =G28+'Alea - Financeiro'!G83 -> -24.424154 | H29: =H28+'Alea - Financeiro'!H83 -> -17.933539 | I29: =I28+'Alea - Financeiro'!I83 -> -69.022697 | ... AB29: =AB28+'Alea - Financeiro'!AB83 -> -5.3756128
A30: Margem Líquida | B30: ='Alea - Financeiro'!B75 -> -0.35107101 | C30: ='Alea - Financeiro'!C75 -> -0.44979536 | D30: ='Alea - Financeiro'!D75 -> -0.36898698 | E30: ='Alea - Financeiro'!E75 -> -0.61595092 | F30: ='Alea - Financeiro'!F75 -> -0.36402492 | G30: ='Alea - Financeiro'!G75 -> -0.26248805 | H30: ='Alea - Financeiro'!H75 -> -0.25069135 | I30: ='Alea - Financeiro'!I75 -> -0.2753629 | ... AB30: ='Alea - Financeiro'!AB75 -> 0
A31: Margem Líquida Ajustada² | B31: =B29/B8 -> -0.34116698 | C31: =C29/C8 -> -0.42258722 | D31: =D29/D8 -> -0.35031126 | E31: =E29/E8 -> -0.59631902 | F31: =F29/F8 -> -0.34360518 | G31: =G29/G8 -> -0.24621956 | H31: =H29/H8 -> -0.23214408 | I31: =I29/I8 -> -0.26417202 | ... AB31: =AB29/AB8 -> #DIV/0!
A32: 1) Ajustado por juros capitalizados.
A33: 2) Ajustado por juros capitalizados e minoritários.
A36: Relações com Investidores
A37: E-mail: ri@tenda.com
A38: Website: ri.tenda.com
A40: Luiz Mauricio de Garcia
A41: CFO e Diretor Executivo de Relações com Investidores
A43: Marilia Leite
A44: Gerente de Relações com Investidores
A46: Leonardo Dias Wanderley
A47: Coordenador de Relações com Investidores
A49: Felipe Chiavegato Stella
A50: Analista de Relações com Investidores

Sheet Consolidado - Operacional
A6: DESTAQUES OPERACIONAIS
A7: (em R$ milhões) | B7: 2T26 | C7: 1T26 | D7: 2025 | E7: 4T25 | F7: 3T25 | G7: 2T25 | H7: 1T25 | I7: 2024 | J7: 4T24 | K7: 3T24 | L7: 2T24 | M7: 1T24 | N7: 2023 | O7: 4T23 | P7: 3T23 | Q7: 2T23 | R7: 1T23 | S7: 2022 | T7: 4T22 | U7: 3T22 | V7: 2T22 | W7: 1T22 | X7: 2021 | Y7: 4T21 | Z7: 3T21 | AA7: 2T21 | AB7: 1T21 | AC7: 2020 | AD7: 4T20 | AE7: 3T20 | AF7: 2T20 | AG7: 1T20 | AH7: 2019 | AI7: 4T19 | AJ7: 3T19 | AK7: 2T19 | AL7: 1T19 | AM7: 2018 | AN7: 4T18 | AO7: 3T18 | AP7: 2T18 | AQ7: 1T18 | AR7: 2017 | AS7: 4T17 | AT7: 3T17 | AU7: 2T17 | AV7: 1T17 | AW7: 2016 | AX7: 4T16 | AY7: 3T16 | AZ7: 2T16 | BA7: 1T16 | BB7: 2015 | BC7: 4T15 | BD7: 3T15 | BE7: 2T15 | BF7: 1T15 | BG7: 2014 | BH7: 4T14 | BI7: 3T14 | BJ7: 2T14 | BK7: 1T14 | BL7: 2013 | BM7: 4T13 | BN7: 3T13 | BO7: 2T13 | BP7: 1T13 | BQ7: 2012 | BR7: 4T12 | BS7: 3T12 | BT7: 2T12 | BU7: 1T12 | BV7: 2011 | BW7: 4T11 | BX7: 3T11 | BY7: 2T11 | BZ7: 1T11
A8: Destaques Operacionais (R$ milhões, VGV)
A9: Lançamentos | B9: 1766.4224 | C9: 1461.8313 | D9: 5362.7192 | E9: 1775.3182 | F9: 1562.9352 | G9: 1109.9995 | H9: 914.46631 | I9: 5458.7629 | J9: 1605.5161 | K9: 2150.1034 | L9: 939.97034 | M9: 763.17302 | N9: 3484.4453 | O9: 1149.2435 | P9: 880.60066 | Q9: 963.6943 | R9: 490.90688 | S9: 2379.9613 | T9: 753.97817 | U9: 376.2248 | V9: 782.6037 | W9: 467.15468 | X9: 3128.7713 | Y9: 872.55161 | Z9: 644.14065 | AA9: 1001.7907 | AB9: 610.28829 | AC9: 2665.196 | AD9: 885.23564 | AE9: 984.155 | AF9: 630.21807 | AG9: 165.58727 | AH9: 2575.0945 | AI9: 835.83685 | AJ9: 761.37087 | AK9: 592.2584 | AL9: 385.6284 | AM9: 1912.6842 | AN9: 530.61247 | AO9: 576.67128 | AP9: 539.07685 | AQ9: 266.32359 | AR9: 1695.1673 | AS9: 458.34463 | AT9: 488.35165 | AU9: 446.37332 | AV9: 302.0977 | AW9: 1315.0097 | AX9: 346.39564 | AY9: 325.39268 | AZ9: 414.67762 | BA9: 228.5438 | BB9: 1088.941 | BC9: 277.84338 | BD9: 343.3772 | BE9: 229.36601 | BF9: 238.35444 | BG9: 613.2 | BH9: 241.5 | BI9: 91.3 | BJ9: 99 | BK9: 181.4 | BL9: 338.8 | BM9: 88.4 | BN9: 103.6 | BO9: 33.1 | BP9: 113.7 | BQ9: 0 | BR9: 0 | BS9: 0 | BT9: 0 | BU9: 0 | BV9: 397.8 | BW9: 0 | BX9: 49.1 | BY9: 246.3 | BZ9: 102.4
A10: Vendas Líquidas | B10: 1402.2892 | C10: 1533.0222 | D10: 4742.3467 | E10: 1225.3718 | F10: 1232.6837 | G10: 1195.987 | H10: 1088.3042 | I10: 4523.2428 | J10: 984.41413 | K10: 1554.5964 | L10: 1019.4301 | M10: 964.8022 | N10: 3135.6539 | O10: 842.39339 | P10: 923.7 | Q10: 758.46052 | R10: 611.1 | S10: 2362.7 | T10: 673.7 | U10: 514 | V10: 577.6 | W10: 597.38854 | X10: 3140.8 | Y10: 798.4 | Z10: 776.3 | AA10: 862.3 | AB10: 703.9 | AC10: 2553.5 | AD10: 795.2 | AE10: 742.1 | AF10: 576.4 | AG10: 439.7 | AH10: 2039.6 | AI10: 615.9 | AJ10: 536.9 | AK10: 479.9 | AL10: 406.9 | AM10: 1854.8 | AN10: 459.5 | AO10: 489.9 | AP10: 481.3 | AQ10: 424.2 | AR10: 1544.6 | AS10: 433.5 | AT10: 385.3 | AU10: 387 | AV10: 338.9 | AW10: 1141.5 | AX10: 311.7 | AY10: 238.7 | AZ10: 324.9 | BA10: 266.3 | BB10: 1015.4 | BC10: 237.5 | BD10: 245.2 | BE10: 289.4 | BF10: 243.4 | BG10: 396 | BH10: 126.6 | BI10: 35.9 | BJ10: 181.7 | BK10: 51.8 | BL10: 490.4 | BM10: 163.6 | BN10: 150.2 | BO10: 169.8 | BP10: 6.8 | BQ10: -74.3 | BR10: -29.7 | BS10: 30.1 | BT10: 15.7 | BU10: -90.4 | BV10: 330.2 | BW10: -218.8 | BX10: 97.5 | BY10: 223.7 | BZ10: 227.8
A11: VSO Líquida (%) | B11: 0.24364674 | C11: 0.27556051 | D11: 0.54401512 | E11: 0.23563338 | F11: 0.26582477 | G11: 0.28091823 | H11: 0.25843464 | I11: 0.57946563 | J11: 0.23070093 | K11: 0.3660545 | L11: 0.32430147 | M11: 0.30432862 | N11: 0.568 | O11: 0.261 | P11: 0.302 | Q11: 0.262 | R11: 0.244 | S11: 0.547 | T11: 0.256 | U11: 0.211 | V11: 0.232 | W11: 0.265 | X11: 0.648 | Y11: 0.319 | Z11: 0.329 | AA11: 0.342 | AB11: 0.315 | AC11: 0.608 | AD11: 0.325 | AE11: 0.323 | AF11: 0.304 | AG11: 0.255 | AH11: 0.563 | AI11: 0.28 | AJ11: 0.28 | AK11: 0.289 | AL11: 0.275 | AM11: 0.618 | AN11: 0.286 | AO11: 0.315 | AP11: 0.333 | AQ11: 0.291 | AR11: 0.567 | AS11: 0.269 | AT11: 0.247 | AU11: 0.262 | AV11: 0.243 | AW11: 0.513 | AX11: 0.223 | AY11: 0.188 | AZ11: 0.264 | BA11: 0.239 | BB11: 0.53 | BC11: 0.209 | BD11: 0.23 | BE11: 0.282 | BF11: 0.233 | BG11: 0.323 | BH11: 0.133 | BI11: 0.048 | BJ11: 0.208 | BK11: 0.064 | BL11: 0.442 | BM11: 0.209 | BN11: 0.174 | BO11: 0.2 | BP11: 0.009 | BQ11: -0.099 | BR11: -0.037 | BS11: 0.038 | BT11: 0.018 | BU11: -0.11 | BV11: 0.22 | BW11: -0.23 | BX11: 0.091 | BY11: 0.176 | BZ11: 0.21
A12: Unidades Entregues (#) | B12: 4030 | C12: 5464 | D12: 19506 | E12: 5668 | F12: 5322 | G12: 2143 | H12: 6373 | I12: 16576 | J12: 4805 | K12: 3950 | L12: 2864 | M12: 4957 | N12: 16423 | O12: 4487 | P12: 4681 | Q12: 3199 | R12: 4056 | S12: 15497 | T12: 4655 | U12: 2435 | V12: 5013 | W12: 3394 | X12: 14879 | Y12: 3020 | Z12: 3796 | AA12: 6179 | AB12: 1884 | AC12: 9246 | AD12: 2728 | AE12: 2163 | AF12: 2499 | AG12: 1856 | AH12: 10368 | AI12: 1752 | AJ12: 3844 | AK12: 3236 | AL12: 1536 | AM12: 10244 | AN12: 2488 | AO12: 2632 | AP12: 3720 | AQ12: 1404 | AR12: 9707 | AS12: 3252 | AT12: 1672 | AU12: 2136 | AV12: 2647 | AW12: 6838 | AX12: 2668 | AY12: 1811 | AZ12: 1895 | BA12: 464 | BB12: 5712 | BC12: 1480 | BD12: 1304 | BE12: 1240 | BF12: 1688 | BG12: 6264 | BH12: 1624 | BI12: 1183 | BJ12: 2445 | BK12: 1012 | BL12: 7027 | BM12: 3487 | BN12: 1014 | BO12: 1731 | BP12: 795 | BQ12: 16889 | BR12: 6507 | BS12: 3848 | BT12: 4078 | BU12: 2456 | BV12: 14462 | BW12: 3901 | BX12: 6566 | BY12: 2857 | BZ12: 1138
A13: Banco de Terrenos | B13: 33767.908 | C13: 29074.983 | D13: 28585.506 | E13: 28585.506 | F13: 26192.259 | G13: 26122.137 | H13: 23419.088 | I13: 22810.476 | J13: 22810.476 | K13: 20598.707 | L13: 21362.623 | M13: 19061.353 | N13: 19346.165 | O13: 19346.165 | P13: 17949.4 | Q13: 17308.694 | R13: 16771.1 | S13: 16332 | T13: 16332 | U13: 14778.9 | V13: 13570 | W13: 13404.332 | X13: 12392.3 | Y13: 12392.3 | Z13: 12294.5 | AA13: 12044 | AB13: 11434.7 | AC13: 10974.5 | AD13: 10974.5 | AE13: 10802.8 | AF13: 10690.5 | AG13: 10556.7 | AH13: 10619.4 | AI13: 10619.4 | AJ13: 9869.7 | AK13: 9499.3 | AL13: 9418.1 | AM13: 8893.6 | AN13: 8893.6 | AO13: 7843.3 | AP13: 7130.9 | AQ13: 6872 | AR13: 6695 | AS13: 6695 | AT13: 6333.7 | AU13: 5105.6 | AV13: 4516.7 | AW13: 4461.8 | AX13: 4461.8 | AY13: 4204.1 | AZ13: 4450.5 | BA13: 4634.4 | BB13: 4732.9 | BC13: 4732.9 | BD13: 4020.7 | BE13: 3996.6 | BF13: 4074.5 | BG13: 3954.9 | BH13: 3954.9 | BI13: 3368.7 | BJ13: 2710.2 | BK13: 2960.6 | BL13: 2427.6 | BM13: 2427.6 | BN13: 2090.4 | BO13: 1875 | BP13: 2002.6 | BQ13: 1890.8 | BR13: 1890.8 | BS13: 2182.4 | BT13: 2147.6 | BU13: 4323.4 | BV13: 5706.5 | BW13: 5706.5 | BX13: 5458.8 | BY13: 4502.4 | BZ13: 4547.5
A14: Estoque a Valor de Mercado | B14: 4353.1301 | C14: 4030.2648 | D14: 3974.9601 | E14: 3974.9601 | F14: 3404.5203 | G14: 3061.4334 | H14: 3122.8348 | I14: 3282.6434 | J14: 3282.6434 | K14: 2692.3023 | L14: 2124.0342 | M14: 2205.4622 | N14: 2385.0783 | O14: 2385.0783 | P14: 2130.4 | Q14: 2135.919 | R14: 1891.4 | S14: 1954.3 | T14: 1954.3 | U14: 1920.3 | V14: 1916.1 | W14: 1660.1051 | X14: 1706.9 | Y14: 1706.9 | Z14: 1582 | AA14: 1655.7 | AB14: 1527.2 | AC14: 1649.2 | AD14: 1649.2 | AE14: 1558.8 | AF14: 1320.1 | AG14: 1287.7 | AH14: 1581.6 | AI14: 1581.6 | AJ14: 1381.1 | AK14: 1183.4 | AL14: 1075 | AM14: 1144.5 | AN14: 1144.5 | AO14: 1064 | AP14: 963 | AQ14: 1031.2 | AR14: 1179.8 | AS14: 1179.8 | AT14: 1172.5 | AU14: 1090.4 | AV14: 1053.7 | AW14: 1085.4 | AX14: 1085.4 | AY14: 1028.5 | AZ14: 906.3 | BA14: 849.1 | BB14: 899.8 | BC14: 899.8 | BD14: 820.7 | BE14: 738.4 | BF14: 803.5 | BG14: 828.7 | BH14: 828.7 | BI14: 712.4 | BJ14: 691.4 | BK14: 752.3 | BL14: 618.4 | BM14: 618.4 | BN14: 714.8 | BO14: 679.7 | BP14: 773 | BQ14: 826.7 | BR14: 826.7 | BS14: 764.6 | BT14: 838.3 | BU14: 915 | BV14: 1171.5 | BW14: 1171.5 | BX14: 972.4 | BY14: 1043.8 | BZ14: 856.2
A16: LANÇAMENTOS¹
A17: Lançamentos¹ | B17: 2T26 | C17: 1T26 | D17: 2025 | E17: 4T25 | F17: 3T25 | G17: =G7 -> 2T25 | H17: =H7 -> 1T25 | I17: =I7 -> 2024 | J17: =J7 -> 4T24 | K17: =K7 -> 3T24 | L17: =L7 -> 2T24 | M17: =M7 -> 1T24 | N17: =N7 -> 2023 | ... BZ17: =BZ7 -> 1T11
A18: Número de Empreendimentos | B18: 17 | C18: 15 | D18: 52 | E18: 15 | F18: 14 | G18: 10 | H18: 13 | I18: 71 | J18: 23 | K18: 21 | L18: 14 | M18: 13 | N18: 62 | O18: 21 | P18: 15 | Q18: 16 | R18: 10 | S18: 36 | T18: 12 | U18: 5 | V18: 11 | W18: 8 | X18: 63 | Y18: 19 | Z18: 12 | AA18: 22 | AB18: 10 | AC18: 55 | AD18: 20 | AE18: 17 | AF18: 14 | AG18: 4 | AH18: 63 | AI18: 22 | AJ18: 18 | AK18: 13 | AL18: 10 | AM18: 49 | AN18: 12 | AO18: 14 | AP18: 15 | AQ18: 8 | AR18: 45 | AS18: 12 | AT18: 13 | AU18: 12 | AV18: 8 | AW18: 40 | AX18: 10 | AY18: 9 | AZ18: 12 | BA18: 9 | BB18: 30 | BC18: 9 | BD18: 9 | BE18: 6 | BF18: 6 | BG18: 14 | BH18: 6 | BI18: 2 | BJ18: 2 | BK18: 4 | BL18: 7 | BM18: 2 | BN18: 2 | BO18: 1 | BP18: 2 | BQ18: 0 | BR18: 0 | BS18: 0 | BT18: 0 | BU18: 0 | BV18: 16 | BW18: 0 | BX18: 2 | BY18: 9 | BZ18: 5
A19: VGV (R$ milhões) | B19: =B9 -> 1766.4224 | C19: =C9 -> 1461.8313 | D19: =D9 -> 5362.7192 | E19: =E9 -> 1775.3182 | F19: =F9 -> 1562.9352 | G19: =G9 -> 1109.9995 | H19: =H9 -> 914.46631 | I19: =I9 -> 5458.7629 | ... BZ19: =BZ9 -> 102.4
A20: Número de unidades | B20: 7099 | C20: 6344 | D20: 23394 | E20: 7494 | F20: 6730 | G20: 5128 | H20: 4042 | I20: 25324 | J20: 7499 | K20: 10038 | L20: 4227 | M20: 3560 | N20: 17267 | O20: 5504 | P20: 4504 | Q20: 4663 | R20: 2596 | S20: 12150 | T20: 3782 | U20: 1790 | V20: 3928 | W20: 2650 | X20: 20942 | Y20: 5905 | Z20: 4333 | AA20: 6627 | AB20: 4077 | AC20: 18120 | AD20: 6136 | AE20: 6325 | AF20: 4540 | AG20: 1119 | AH20: 17894 | AI20: 5972 | AJ20: 5219 | AK20: 4072 | AL20: 2631 | AM20: 13636 | AN20: 3572 | AO20: 4160 | AP20: 4052 | AQ20: 1852 | AR20: 11768 | AS20: 3268 | AT20: 3388 | AU20: 3052 | AV20: 2060 | AW20: 9579 | AX20: 2508 | AY20: 2509 | AZ20: 2838 | BA20: 1724 | BB20: 7711 | BC20: 1976 | BD20: 2379 | BE20: 1692 | BF20: 1664 | BG20: 4315 | BH20: 1660 | BI20: 652 | BJ20: 691 | BK20: 1312 | BL20: 2460 | BM20: 600 | BN20: 600 | BO20: 240 | BP20: 1020 | BQ20: 0 | BR20: 0 | BS20: 0 | BT20: 0 | BU20: 0 | BV20: 3847 | BW20: 0 | BX20: 324 | BY20: 2873 | BZ20: 650
A21: Preço médio por unidade (R$ mil) | B21: 248.82694 | C21: 230.42738 | D21: 229.23481 | E21: 236.89861 | F21: 232.23406 | G21: 216.45855 | H21: 226.24105 | I21: 215.5569 | J21: 214.09736 | K21: 214.1964 | L21: 222.37292 | M21: 214.37445 | N21: 201.79796 | O21: 208.80151 | P21: 195.5 | Q21: 206.6683 | R21: 189.1 | S21: 195.9 | T21: 199.4 | U21: 210.2 | V21: 199.2 | W21: 176.3 | X21: 149.4 | Y21: 147.8 | Z21: 148.7 | AA21: 151.2 | AB21: 149.7 | AC21: 147.1 | AD21: 144.3 | AE21: 155.6 | AF21: 138.8 | AG21: 148 | AH21: 143.9 | AI21: 140 | AJ21: 145.9 | AK21: 145.4 | AL21: 146.6 | AM21: 140.3 | AN21: 148.5 | AO21: 138.6 | AP21: 133 | AQ21: 143.8 | AR21: 144 | AS21: 140.3 | AT21: 144.1 | AU21: 146.3 | AV21: 146.6 | AW21: 140.1 | AX21: 149.1 | AY21: 129.7 | AZ21: 146.1 | BA21: 132.6 | BB21: 141.2 | BC21: 153.2 | BD21: 133.9 | BE21: 135.6 | BF21: 143.2 | BG21: 142.1 | BH21: 145.5 | BI21: 140 | BJ21: 143.3 | BK21: 138.3 | BL21: 137.7 | BM21: 147.3 | BN21: 172.7 | BO21: 137.7 | BP21: 111.5 | BQ21: 0 | BR21: 0 | BS21: 0 | BT21: 0 | BU21: 0 | BV21: 103.4 | BW21: 0 | BX21: 151.5 | BY21: 85.7 | BZ21: 157.5
A22: Tamanho médio dos lançamentos (em unidades) | B22: 417.58824 | C22: 422.93333 | D22: 449.88462 | E22: 499.6 | F22: 448.66667 | G22: 512.8 | H22: 310.92308 | I22: 356.67606 | J22: 299.96 | K22: 402 | L22: 281.8 | M22: 273.69231 | N22: 279 | O22: 262.09524 | P22: 250 | Q22: 291.4375 | R22: 260 | S22: 338 | T22: 315 | U22: 358 | V22: 357.09091 | W22: 331 | X22: 332 | Y22: 311 | Z22: 361 | AA22: 301 | AB22: 408 | AC22: 329 | AD22: 307 | AE22: 372 | AF22: 324 | AG22: 280 | AH22: 284 | AI22: 271 | AJ22: 290 | AK22: 313 | AL22: 263 | AM22: 278 | AN22: 298 | AO22: 297 | AP22: 270 | AQ22: 232 | AR22: 262 | AS22: 272 | AT22: 261 | AU22: 254 | AV22: 258 | AW22: 239 | AX22: 251 | AY22: 279 | AZ22: 237 | BA22: 192 | BB22: 257 | BC22: 220 | BD22: 264 | BE22: 282 | BF22: 277 | BG22: 308 | BH22: 277 | BI22: 326 | BJ22: 346 | BK22: 328 | BL22: 351 | BM22: 300 | BN22: 300 | BO22: 240 | BP22: 510 | BQ22: 0 | BR22: 0 | BS22: 0 | BT22: 0 | BU22: 0 | BV22: 240 | BW22: 0 | BX22: 162 | BY22: 319 | BZ22: 130
A23: 1) Os projetos lançados no Novo Modelo de negócios possuem 100% de participação societária da Tenda.
A25: VENDAS E DISTRATOS
A26: (em R$ milhões) | B26: 2T26 | C26: 1T26 | D26: 2025 | E26: 4T25 | F26: 3T25 | G26: =G7 -> 2T25 | H26: =H7 -> 1T25 | I26: =I7 -> 2024 | J26: =J7 -> 4T24 | K26: =K7 -> 3T24 | L26: =L7 -> 2T24 | M26: =M7 -> 1T24 | N26: =N7 -> 2023 | ... BZ26: =BZ7 -> 1T11
A27: Vendas Brutas | B27: 1609.4775 | C27: 1701.0036 | D27: 5392.6706 | E27: 1403.058 | F27: 1408.6369 | G27: 1367.5452 | H27: 1213.4305 | I27: 5004.3448 | J27: 1124.4577 | K27: 1676.7306 | L27: 1126.8161 | M27: 1076.3405 | N27: 3663.3001 | O27: 969.04807 | P27: 1070.1 | Q27: 891.15566 | R27: 733 | S27: 2869.7 | T27: 771.3 | U27: 599.8 | V27: 754.2 | W27: 744.4 | X27: 3625.6 | Y27: 923.9 | Z27: 926.5 | AA27: 963 | AB27: 812.2 | AC27: 2921 | AD27: 854.7 | AE27: 836.1 | AF27: 689.3 | AG27: 540.9 | AH27: 2239.4 | AI27: 669.4 | AJ27: 590.2 | AK27: 536.9 | AL27: 443 | AM27: 2047.2 | AN27: 504.3 | AO27: 543.5 | AP27: 528.1 | AQ27: 471.2 | AR27: 1807.5 | AS27: 477.7 | AT27: 443.1 | AU27: 462.8 | AV27: 423.9 | AW27: 1417.6 | AX27: 403.3 | AY27: 318.7 | AZ27: 382.9 | BA27: 312.7 | BB27: 1208.1 | BC27: 277.3 | BD27: 287.2 | BE27: 343.7 | BF27: 299.9 | BG27: 919.4 | BH27: 192.9 | BI27: 182.2 | BJ27: 299.3 | BK27: 244.9 | BL27: 1089.3 | BM27: 238.7 | BN27: 283.6 | BO27: 327.7 | BP27: 239.3 | BQ27: 1091.9 | BR27: 249 | BS27: 249 | BT27: 344.8 | BU27: 249.1 | BV27: 249 | BW27: 249 | BX27: 0 | BY27: 0 | BZ27: 0
A28: VSO Bruto | B28: 0.28 | C28: 0.306 | D28: 0.619 | E28: 0.27 | F28: 0.304 | G28: 0.321 | H28: 0.288 | I28: 0.641 | J28: 0.264 | K28: 0.395 | L28: 0.358 | M28: 0.33951126 | N28: 0.664 | O28: 0.3 | P28: 0.35 | Q28: 0.308 | R28: 0.293 | S28: 0.665 | T28: 0.294 | U28: 0.246 | V28: 0.302 | W28: 0.33 | X28: 0.748 | Y28: 0.369 | Z28: 0.393 | AA28: 0.382 | AB28: 0.364 | AC28: 0.695 | AD28: 0.35 | AE28: 0.363 | AF28: 0.363 | AG28: 0.313 | AH28: 0.618 | AI28: 0.305 | AJ28: 0.308 | AK28: 0.323 | AL28: 0.299 | AM28: 0.683 | AN28: 0.314 | AO28: 0.35 | AP28: 0.366 | AQ28: 0.324 | AR28: 0.663 | AS28: 0.296 | AT28: 0.284 | AU28: 0.313 | AV28: 0.305 | AW28: 0.637 | AX28: 0.289 | AY28: 0.251 | AZ28: 0.311 | BA28: 0.28 | BB28: 0.631 | BC28: 0.244 | BD28: 0.269 | BE28: 0.334 | BF28: 0.286 | BG28: 0.751 | BH28: 0.202 | BI28: 0.244 | BJ28: 0.343 | BK28: 0.305 | BL28: 0.982 | BM28: 0.305 | BN28: 0.328 | BO28: 0.386 | BP28: 0.307 | BQ28: 1.451 | BR28: 0.312 | BS28: 0.313 | BT28: 0.404 | BU28: 0.302 | BV28: 0 | BW28: 0.261 | BX28: 0 | BY28: 0 | BZ28: 0
A29: Distratos | B29: 207.18833 | C29: 167.98139 | D29: 650.32391 | E29: 177.68623 | F29: 175.95317 | G29: 171.55822 | H29: 125.12629 | I29: 481.10205 | J29: 140.04352 | K29: 122.13424 | L29: 107.38601 | M29: 111.53827 | N29: 527.64982 | O29: 126.65467 | P29: 146.4 | Q29: 132.69515 | R29: 121.9 | S29: 507 | T29: 97.6 | U29: 85.8 | V29: 176.6 | W29: 147 | X29: 484.8 | Y29: 125.6 | Z29: 150.2 | AA29: 100.7 | AB29: 108.3 | AC29: 367.5 | AD29: 59.5 | AE29: 94 | AF29: 112.8 | AG29: 101.2 | AH29: 199.8 | AI29: 53.5 | AJ29: 53.3 | AK29: 57 | AL29: 36 | AM29: 192.4 | AN29: 44.9 | AO29: 53.6 | AP29: 46.9 | AQ29: 47 | AR29: 262.7 | AS29: 44.2 | AT29: 57.9 | AU29: 75.2 | AV29: 85.4 | AW29: 276.4 | AX29: 91.8 | AY29: 80 | AZ29: 58.1 | BA29: 46.5 | BB29: 192.7 | BC29: 39.9 | BD29: 42 | BE29: 54.3 | BF29: 56 | BG29: 523.4 | BH29: 66.3 | BI29: 146.3 | BJ29: 117.6 | BK29: 193.2 | BL29: 598.9 | BM29: 75.1 | BN29: 133.5 | BO29: 157.8 | BP29: 232.5 | BQ29: 1166.2 | BR29: 278.7 | BS29: 219 | BT29: 329.1 | BU29: 339.5 | BV29: 467.8 | BW29: 467.8 | BX29: 0 | BY29: 0 | BZ29: 0
A30: Vendas Líquidas | B30: =B10 -> 1402.2892 | C30: =C10 -> 1533.0222 | D30: =D10 -> 4742.3467 | E30: =E10 -> 1225.3718 | F30: =F10 -> 1232.6837 | G30: =G10 -> 1195.987 | H30: =H10 -> 1088.3042 | I30: =I10 -> 4523.2428 | ... BZ30: =BZ10 -> 227.8
A31: VSO Líquido | B31: =B11 -> 0.24364674 | C31: =C11 -> 0.27556051 | D31: =D11 -> 0.54401512 | E31: =E11 -> 0.23563338 | F31: =F11 -> 0.26582477 | G31: =G11 -> 0.28091823 | H31: =H11 -> 0.25843464 | I31: =I11 -> 0.57946563 | ... BZ31: =BZ11 -> 0.21
A33: (em unidades) | B33: 2T26 | C33: 1T26 | D33: 2025 | E33: 4T25 | F33: 3T25 | G33: =G7 -> 2T25 | H33: =H7 -> 1T25 | I33: =I7 -> 2024 | J33: =J7 -> 4T24 | K33: =K7 -> 3T24 | L33: =L7 -> 2T24 | M33: =M7 -> 1T24 | N33: =N7 -> 2023 | ... BZ33: =BZ7 -> 1T11
A34: Unidades Vendidas Brutas | B34: 6657 | C34: 7260 | D34: 24729 | E34: 6374 | F34: 6495 | G34: 6274 | H34: 5586 | I34: 23667.75 | J34: 5197 | K34: 8053.25 | L34: 5313.5 | M34: 5104 | N34: 18049 | O34: 4705 | P34: 5188 | Q34: 4383 | R34: 3773 | S34: 16208 | T34: 4082 | U34: 3251 | V34: 4281 | W34: 4594 | X34: 24076 | Y34: 5856 | Z34: 5973 | AA34: 6541 | AB34: 5706 | AC34: 20761 | AD34: 6042 | AE34: 5860 | AF34: 4947 | AG34: 3912 | AH34: 16397 | AI34: 4831 | AJ34: 4185 | AK34: 4036 | AL34: 3345 | AM34: 14881 | AN34: 3685 | AO34: 3980 | AP34: 3823 | AQ34: 3393 | AR34: 12736 | AS34: 3355 | AT34: 3098 | AU34: 3255 | AV34: 3028 | AW34: 10057 | AX34: 2858 | AY34: 2241 | AZ34: 2782 | BA34: 2176 | BB34: 8108 | BC34: 1902 | BD34: 1962 | BE34: 2289 | BF34: 1955 | BG34: 6089 | BH34: 1256 | BI34: 1202 | BJ34: 2006 | BK34: 1625 | BL34: 8153 | BM34: 1686 | BN34: 2001 | BO34: 2601 | BP34: 1865 | BQ34: 9990 | BR34: 2327 | BS34: 2365 | BT34: 3048 | BU34: 2250 | BV34: 2281 | BW34: 2281 | BX34: 0 | BY34: 0 | BZ34: 0
A35: Unidades Distratadas | B35: 905 | C35: 783 | D35: 3082 | E35: 849 | F35: 830 | G35: 806 | H35: 597 | I35: 2289.6 | J35: 660 | K35: 572.85 | L35: 514.75 | M35: 542 | N35: 2684 | O35: 613 | P35: 706 | Q35: 679 | R35: 686 | S35: 3145 | T35: 567 | U35: 517 | V35: 1110 | W35: 951 | X35: 3353 | Y35: 852 | Z35: 1035 | AA35: 704 | AB35: 762 | AC35: 2671 | AD35: 431 | AE35: 681 | AF35: 817 | AG35: 742 | AH35: 1490 | AI35: 383 | AJ35: 404 | AK35: 427 | AL35: 276 | AM35: 1415 | AN35: 338 | AO35: 395 | AP35: 341 | AQ35: 341 | AR35: 1907 | AS35: 321 | AT35: 419 | AU35: 549 | AV35: 618 | AW35: 1924 | AX35: 653 | AY35: 562 | AZ35: 393 | BA35: 316 | BB35: 1299 | BC35: 268 | BD35: 286 | BE35: 377 | BF35: 368 | BG35: 3466 | BH35: 428 | BI35: 948 | BJ35: 820 | BK35: 1270 | BL35: 4287 | BM35: 491 | BN35: 924 | BO35: 1172 | BP35: 1700 | BQ35: 10852 | BR35: 2509 | BS35: 2202 | BT35: 2984 | BU35: 3157 | BV35: 4444 | BW35: 4444 | BX35: 0 | BY35: 0 | BZ35: 0
A36: Unidades Vendidas Líquidas | B36: 5752 | C36: 6477 | D36: 21647 | E36: 5525 | F36: 5665 | G36: 5468 | H36: 4989 | I36: 21378.15 | J36: 4537 | K36: 7480.4 | L36: 4798.75 | M36: 4562 | N36: 15365 | O36: 4092 | P36: 4482 | Q36: 3704 | R36: 3087 | S36: 13063 | T36: 3515 | U36: 2734 | V36: 3171 | W36: 3643 | X36: 20723 | Y36: 5004 | Z36: 4938 | AA36: 5837 | AB36: 4944 | AC36: 18090 | AD36: 5611 | AE36: 5179 | AF36: 4130 | AG36: 3170 | AH36: 14907 | AI36: 4448 | AJ36: 3781 | AK36: 3609 | AL36: 3069 | AM36: 13466 | AN36: 3347 | AO36: 3585 | AP36: 3482 | AQ36: 3052 | AR36: 10829 | AS36: 3034 | AT36: 2679 | AU36: 2706 | AV36: 2410 | AW36: 8133 | AX36: 2205 | AY36: 1679 | AZ36: 2389 | BA36: 1860 | BB36: 6809 | BC36: 1634 | BD36: 1676 | BE36: 1912 | BF36: 1587 | BG36: 2623 | BH36: 828 | BI36: 254 | BJ36: 1186 | BK36: 355 | BL36: 3866 | BM36: 1195 | BN36: 1077 | BO36: 1429 | BP36: 165 | BQ36: -862 | BR36: -182 | BS36: 163 | BT36: 64 | BU36: -907 | BV36: 1441 | BW36: -2163 | BX36: 528 | BY36: 1521 | BZ36: 1555
A37: Unidades Distratos / Unidades Vendas Brutas | B37: =IFERROR(B35/B34,0) -> 0.13594712 | C37: =IFERROR(C35/C34,0) -> 0.10785124 | D37: =IFERROR(D35/D34,0) -> 0.124631 | E37: =IFERROR(E35/E34,0) -> 0.13319736 | F37: =IFERROR(F35/F34,0) -> 0.12779061 | G37: =IFERROR(G35/G34,0) -> 0.12846669 | H37: =IFERROR(H35/H34,0) -> 0.10687433 | I37: =IFERROR(I35/I34,0) -> 0.096739234 | ... BZ37: =IFERROR(BZ35/BZ34,0) -> 0
A38: Preço médio por unidade bruta (em R$ mil) | B38: =IFERROR(B27*1000/B34,0) -> 241.77219 | C38: =IFERROR(C27*1000/C34,0) -> 234.29801 | D38: =IFERROR(D27*1000/D34,0) -> 218.07071 | E38: =IFERROR(E27*1000/E34,0) -> 220.12206 | F38: =IFERROR(F27*1000/F34,0) -> 216.8802 | G38: =IFERROR(G27*1000/G34,0) -> 217.97023 | H38: =IFERROR(H27*1000/H34,0) -> 217.22709 | I38: =IFERROR(I27*1000/I34,0) -> 211.44151 | ... BZ38: =IFERROR(BZ27*1000/BZ34,0) -> 0
A39: Preço médio por unidade líquida (em R$ mil) | B39: =IFERROR(B30*1000/B36,0) -> 243.79158 | C39: =IFERROR(C30*1000/C36,0) -> 236.68707 | D39: =IFERROR(D30*1000/D36,0) -> 219.07639 | E39: =IFERROR(E30*1000/E36,0) -> 221.78675 | F39: =IFERROR(F30*1000/F36,0) -> 217.59642 | G39: =IFERROR(G30*1000/G36,0) -> 218.72476 | H39: =IFERROR(H30*1000/H36,0) -> 218.14075 | I39: =IFERROR(I30*1000/I36,0) -> 211.58252 | ... BZ39: =IFERROR(BZ30*1000/BZ36,0) -> 146.49518
A40: Preço médio por unidade distratada (em R$ mil) | B40: =IFERROR(B29*1000/B35,0) -> 228.93738 | C40: =IFERROR(C29*1000/C35,0) -> 214.53562 | D40: =IFERROR(D29*1000/D35,0) -> 211.00711 | E40: =IFERROR(E29*1000/E35,0) -> 209.28884 | F40: =IFERROR(F29*1000/F35,0) -> 211.99178 | G40: =IFERROR(G29*1000/G35,0) -> 212.85139 | H40: =IFERROR(H29*1000/H35,0) -> 209.59178 | I40: =IFERROR(I29*1000/I35,0) -> 210.12493 | ... BZ40: =IFERROR(BZ29*1000/BZ35,0) -> 0
A41: 1) Lançamentos do ano corrente.
A43: REPASSE, ENTREGA E ANDAMENTO
A44: Repasse, Entrega e Andamento | B44: 2T26 | C44: 1T26 | D44: 2025 | E44: 4T25 | F44: 3T25 | G44: =G7 -> 2T25 | H44: =H7 -> 1T25 | I44: =I7 -> 2024 | J44: =J7 -> 4T24 | K44: =K7 -> 3T24 | L44: =L7 -> 2T24 | M44: =M7 -> 1T24 | N44: =N7 -> 2023 | ... BZ44: =BZ7 -> 1T11
A45: VGV Repassado (em R$ milhões) | B45: 1124.7 | C45: 1112.0475 | D45: 3902.2435 | E45: 957.41251 | F45: 1116.983 | G45: 1056.2497 | H45: 771.5984 | I45: 2946.3886 | J45: 676.74871 | K45: 864.54935 | L45: 807.43408 | M45: 583.91782 | N45: 2432.6917 | O45: 709.46709 | P45: 711.3 | Q45: 559.72459 | R45: 452.2 | S45: 2071.1 | T45: 493.2 | U45: 562.9 | V45: 467.6 | W45: 547.5 | X45: 2551.1 | Y45: 596.3 | Z45: 727.3 | AA45: 707.3 | AB45: 520.2 | AC45: 2144.8 | AD45: 619.8 | AE45: 626.2 | AF45: 516.5 | AG45: 382.2 | AH45: 1641.1 | AI45: 553.1 | AJ45: 277.3 | AK45: 466 | AL45: 344.7 | AM45: 1648.3 | AN45: 346.8 | AO45: 439.5 | AP45: 448.9 | AQ45: 413.1 | AR45: 1415 | AS45: 358.8 | AT45: 381.8 | AU45: 354.1 | AV45: 320.3 | AW45: 1058.2 | AX45: 321.1 | AY45: 208.8 | AZ45: 261.6 | BA45: 266.8 | BB45: 889.4 | BC45: 205.7 | BD45: 248.6 | BE45: 261 | BF45: 174 | BG45: 706.6 | BH45: 133.3 | BI45: 160.1 | BJ45: 223.7 | BK45: 189.5 | BL45: 1009.5 | BM45: 222 | BN45: 272.8 | BO45: 258 | BP45: 256.8 | BQ45: 1182.6 | BR45: 359.7 | BS45: 306.9 | BT45: 295.6 | BU45: 220.4 | BV45: 702.9 | BW45: 203.3 | BX45: 205.1 | BY45: 169.7 | BZ45: 124.8
A46: Unidades Repassadas | B46: 5734 | C46: 5958 | D46: 21753 | E46: 5278 | F46: 6231 | G46: 5848 | H46: 4396 | I46: 17173.1 | J46: 3896 | K46: 4958.1 | L46: 4703 | M46: 3531 | N46: 15195 | O46: 4371 | P46: 4278 | Q46: 3687 | R46: 2859 | S46: 14883 | T46: 3382 | U46: 3918 | V46: 3501 | W46: 4082 | X46: 20658 | Y46: 4825 | Z46: 5908 | AA46: 5605 | AB46: 4320 | AC46: 17215 | AD46: 4846 | AE46: 5085 | AF46: 4157 | AG46: 3127 | AH46: 13951 | AI46: 4771 | AJ46: 2312 | AK46: 3944 | AL46: 2924 | AM46: 13204 | AN46: 2808 | AO46: 3567 | AP46: 3574 | AQ46: 3255 | AR46: 11176 | AS46: 2806 | AT46: 2986 | AU46: 2807 | AV46: 2577 | AW46: 8270 | AX46: 2551 | AY46: 1632 | AZ46: 2050 | BA46: 2037 | BB46: 6750 | BC46: 1549 | BD46: 1869 | BE46: 1945 | BF46: 1387 | BG46: 5522 | BH46: 1066 | BI46: 1280 | BJ46: 1708 | BK46: 1468 | BL46: 10179 | BM46: 1978 | BN46: 2675 | BO46: 2721 | BP46: 2805 | BQ46: 13187 | BR46: 3452 | BS46: 3313 | BT46: 3624 | BU46: 2798 | BV46: 10405 | BW46: 2835 | BX46: 2974 | BY46: 2556 | BZ46: 2040
A47: Unidades Entregues | B47: =B12 -> 4030 | C47: =C12 -> 5464 | D47: =D12 -> 19506 | E47: =E12 -> 5668 | F47: =F12 -> 5322 | G47: =G12 -> 2143 | H47: =H12 -> 6373 | I47: =I12 -> 16576 | ... BZ47: =BZ12 -> 1138
A48: Obras em andamento | B48: 89 | C48: 84 | D48: 92 | E48: 92 | F48: 107 | G48: 101 | H48: 84 | I48: 87 | J48: 87 | K48: 84 | L48: 81 | M48: 75 | N48: 78 | O48: 78 | P48: 74 | Q48: 77 | R48: 82 | S48: 81 | T48: 81 | U48: 82 | V48: 80 | W48: 89 | X48: 94 | Y48: 94 | Z48: 90 | AA48: 91 | AB48: 95 | AC48: 91 | AD48: 91 | AE48: 82 | AF48: 74 | AG48: 67 | AH48: 68 | AI48: 68 | AJ48: 57 | AK48: 54 | AL48: 46 | AM48: 44 | AN48: 44 | AO48: 43 | AP48: 39 | AQ48: 41 | AR48: 38 | AS48: 38 | AT48: 40 | AU48: 35 | AV48: 33 | AW48: 38 | AX48: 38 | AY48: 37 | AZ48: 35 | BA48: 30 | BB48: 23 | BC48: 23 | BD48: 22 | BE48: 21 | BF48: 15 | BG48: 16 | BH48: 16 | BI48: - | BJ48: - | BK48: - | BL48: 26 | BM48: 26 | BN48: 0 | BO48: 0 | BP48: 0 | BQ48: 59 | BR48: 59 | BS48: 0 | BT48: 0 | BU48: 0 | BV48: 105 | BW48: 105 | BX48: 0 | BY48: 0 | BZ48: 0
A50: ESTOQUE A VALOR DE MERCADO
A51: Estoque a Valor de Mercado | B51: 2T26 | C51: 1T26 | D51: 2025 | E51: 4T25 | F51: 3T25 | G51: =G7 -> 2T25 | H51: =H7 -> 1T25 | I51: =I7 -> 2024 | J51: =J7 -> 4T24 | K51: =K7 -> 3T24 | L51: =L7 -> 2T24 | M51: =M7 -> 1T24 | N51: =N7 -> 2023 | ... BZ51: =BZ7 -> 1T11
A52: VGV (em R$ milhões) | B52: =B14 -> 4353.1301 | C52: =C14 -> 4030.2648 | D52: =D14 -> 3974.9601 | E52: =E14 -> 3974.9601 | F52: =F14 -> 3404.5203 | G52: =G14 -> 3061.4334 | H52: =H14 -> 3122.8348 | I52: =I14 -> 3282.6434 | ... BZ52: =BZ14 -> 856.2
A53: Número de unidades | B53: 18426 | C53: 17139 | D53: 17295 | E53: 17295 | F53: 15359 | G53: 14340 | H53: 14692 | I53: 15639.35 | J53: 15639.35 | K53: 12685.35 | L53: 10299 | M53: 10759 | N53: 11773 | O53: 11773 | P53: 10369 | Q53: 10445 | R53: 9740 | S53: 10052 | T53: 10052 | U53: 10006 | V53: 10896 | W53: 10010 | X53: 10917 | Y53: 10917 | Z53: 9965 | AA53: 10646 | AB53: 9991 | AC53: 10878 | AD53: 10878 | AE53: 10416 | AF53: 9289 | AG53: 8903 | AH53: 10963 | AI53: 10963 | AJ53: 9391 | AK53: 7998 | AL53: 7503 | AM53: 8000 | AN53: 8000 | AO53: 7771 | AP53: 7247 | AQ53: 7027 | AR53: 8032 | AS53: 8032 | AT53: 7851 | AU53: 7172 | AV53: 6871 | AW53: 7292 | AX53: 7292 | AY53: 7025 | AZ53: 6230 | BA53: 5825 | BB53: 6008 | BC53: 6008 | BD53: 5531 | BE53: 5007 | BF53: 5291 | BG53: 0 | BH53: 0 | BI53: 0 | BJ53: 0 | BK53: 0 | BL53: 0 | BM53: 0 | BN53: 0 | BO53: 0 | BP53: 0 | BQ53: 0 | BR53: 0 | BS53: 0 | BT53: 0 | BU53: 0 | BV53: 0 | BW53: 0 | BX53: 0 | BY53: 0 | BZ53: 0
A54: Preço médio por unidade (em R$ mil) | B54: 236.24933 | C54: 235.15169 | D54: 229.8329 | E54: 229.8329 | F54: 221.66289 | G54: 213.48908 | H54: 212.55342 | I54: 209.89641 | J54: 209.89641 | K54: 212.23713 | L54: 206.23694 | M54: 204.98766 | N54: 202.58883 | O54: 202.58883 | P54: 205.5 | Q54: 204.49201 | R54: 194.2 | S54: 194.4 | T54: 194.4 | U54: 191.9 | V54: 175.9 | W54: 165.8 | X54: 156.4 | Y54: 156.4 | Z54: 158.8 | AA54: 155.5 | AB54: 152.9 | AC54: 151.6 | AD54: 151.6 | AE54: 149.7 | AF54: 142.1 | AG54: 144.6 | AH54: 144.3 | AI54: 144.3 | AJ54: 147.1 | AK54: 148 | AL54: 143.3 | AM54: 143.1 | AN54: 143.1 | AO54: 136.9 | AP54: 132.9 | AQ54: 146.7 | AR54: 146.9 | AS54: 146.9 | AT54: 149.3 | AU54: 152 | AV54: 153.4 | AW54: 148.8 | AX54: 148.8 | AY54: 146.4 | AZ54: 145.5 | BA54: 145.8 | BB54: 149.8 | BC54: 149.8 | BD54: 148.4 | BE54: 147.5 | BF54: 151.9 | BG54: 0 | BH54: 0 | BI54: 0 | BJ54: 0 | BK54: 0 | BL54: 0 | BM54: 0 | BN54: 0 | BO54: 0 | BP54: 0 | BQ54: 0 | BR54: 0 | BS54: 0 | BT54: 0 | BU54: 0 | BV54: 0 | BW54: 0 | BX54: 0 | BY54: 0 | BZ54: 0
A56: BANCO DE TERRENOS¹
A57: Banco de Terrenos¹ | B57: 2T26 | C57: 1T26 | D57: 2025 | E57: 4T25 | F57: 3T25 | G57: =G7 -> 2T25 | H57: =H7 -> 1T25 | I57: =I7 -> 2024 | J57: =J7 -> 4T24 | K57: =K7 -> 3T24 | L57: =L7 -> 2T24 | M57: =M7 -> 1T24 | N57: =N7 -> 2023 | ... BZ57: =BZ7 -> 1T11
A58: Número de Empreendimentos | B58: 924 | C58: 786 | D58: 775 | E58: 775 | F58: 695 | G58: 708 | H58: 616 | I58: 604 | J58: 604 | K58: 541 | L58: 457 | M58: 422 | N58: 443 | O58: 443 | P58: 403 | Q58: 393 | R58: 380 | S58: 378 | T58: 378 | U58: 336 | V58: 313 | W58: 317 | X58: 309 | Y58: 309 | Z58: 316 | AA58: 315 | AB58: 299 | AC58: 291 | AD58: 291 | AE58: 291 | AF58: 285 | AG58: 291 | AH58: 292 | AI58: 292 | AJ58: 278 | AK58: 270 | AL58: 268 | AM58: 253 | AN58: 253 | AO58: 229 | AP58: 214 | AQ58: 208 | AR58: 206 | AS58: 206 | AT58: 193 | AU58: 163 | AV58: 139 | AW58: 138 | AX58: 138 | AY58: 127 | AZ58: 130 | BA58: 131 | BB58: 133 | BC58: 133 | BD58: 112 | BE58: 110 | BF58: 112 | BG58: 41 | BH58: 41 | BI58: 38 | BJ58: 32 | BK58: 24 | BL58: 27 | BM58: 27 | BN58: 24 | BO58: 23 | BP58: 24 | BQ58: 25 | BR58: 25 | BS58: 28 | BT58: 28 | BU58: 62 | BV58: 85 | BW58: 85 | BX58: 89 | BY58: 80 | BZ58: 83
A59: VGV (em R$ milhões) | B59: 33767.908 | C59: 29074.983 | D59: 28585.506 | E59: 28585.506 | F59: 26192.259 | G59: 26121.066 | H59: 23419.088 | I59: 22810.476 | J59: 22810.476 | K59: 20598.707 | L59: 21362.623 | M59: 19061.353 | N59: 19346.165 | O59: 19346.165 | P59: 17949.4 | Q59: 17308.694 | R59: 16771 | S59: 16332 | T59: 16332 | U59: 14779 | V59: 13570 | W59: 13404 | X59: 12392 | Y59: 12392 | Z59: 12294 | AA59: 12044 | AB59: 11498 | AC59: 10975 | AD59: 10975 | AE59: 10803 | AF59: 10690 | AG59: 10557 | AH59: 10619 | AI59: 10619 | AJ59: 9870 | AK59: 9499 | AL59: 9418 | AM59: 8894 | AN59: 8894 | AO59: 7843 | AP59: 7131 | AQ59: 6872 | AR59: 6695 | AS59: 6695 | AT59: 6334 | AU59: 5106 | AV59: 4517 | AW59: 4462 | AX59: 4462 | AY59: 4204 | AZ59: 4451 | BA59: 4634 | BB59: 4733 | BC59: 4733 | BD59: 4021 | BE59: 3997 | BF59: 4074 | BG59: 3955 | BH59: 3955 | BI59: 3369 | BJ59: 2710 | BK59: 2961 | BL59: 2428 | BM59: 2428 | BN59: 2090 | BO59: 1874 | BP59: 2023 | BQ59: 1891 | BR59: 1891 | BS59: 2182 | BT59: 2148 | BU59: 4323 | BV59: 5706 | BW59: 5706 | BX59: 5459 | BY59: 4502 | BZ59: 4547
A60: Aquisições/Ajustes (em R$ milhões) | B60: 6459.3483 | C60: 1946.0569 | D60: 11144.143 | E60: 4168.5648 | F60: 1633.0574 | G60: 3811.9775 | H60: 1529.4716 | I60: 8923.0738 | J60: 3817.2848 | K60: 1386.1874 | L60: 3241.2405 | M60: 475.08453 | N60: 6498.5754 | O60: 2546.0173 | P60: 1521.3 | Q60: 1501.2581 | R60: 930 | S60: 6320 | T60: 2307 | U60: 1585 | V60: 948 | W60: 1479 | X60: 4547 | Y60: 970 | Z60: 895 | AA60: 1548 | AB60: 1134 | AC60: 1057 | AD60: 1057 | AE60: 1096 | AF60: 764 | AG60: 103 | AH60: 1585 | AI60: 1585 | AJ60: 1132 | AK60: 674 | AL60: 910 | AM60: 1581 | AN60: 1581 | AO60: 1289 | AP60: 798 | AQ60: 443 | AR60: 820 | AS60: 820 | AT60: 1716 | AU60: 1035 | AV60: 357 | AW60: 604 | AX60: 604 | AY60: 79 | AZ60: 231 | BA60: 130 | BB60: 990 | BC60: 990 | BD60: 367 | BE60: 151 | BF60: 0 | BG60: 2141 | BH60: 828 | BI60: 750 | BJ60: -151 | BK60: 714 | BL60: 876 | BM60: 426 | BN60: 320 | BO60: -116 | BP60: 246 | BQ60: 0 | BR60: 0 | BS60: 0 | BT60: 0 | BU60: 0 | BV60: 1454 | BW60: 248 | BX60: 1006 | BY60: 201 | BZ60: 0
A61: Número de unidades | B61: 152389 | C61: 136418 | D61: 135737 | E61: 135737 | F61: 127004 | G61: 127476 | H61: 115523 | I61: 113612 | J61: 113612 | K61: 104638 | L61: 110259 | M61: 100181 | N61: 102384 | O61: 102384 | P61: 98147 | Q61: 96641 | R61: 94621 | S61: 92927 | T61: 92927 | U61: 89204 | V61: 84578 | W61: 84426 | X61: 78483 | Y61: 78483 | Z61: 79830 | AA61: 78852 | AB61: 75602 | AC61: 73339 | AD61: 73339 | AE61: 73266 | AF61: 72167 | AG61: 71625 | AH61: 72159 | AI61: 72159 | AJ61: 67527 | AK61: 64846 | AL61: 64084 | AM61: 60124 | AN61: 60124 | AO61: 53746 | AP61: 49123 | AQ61: 47219 | AR61: 45795 | AS61: 45795 | AT61: 42975 | AU61: 36575 | AV61: 32827 | AW61: 32707 | AX61: 32707 | AY61: 31123 | AZ61: 33024 | BA61: 33702 | BB61: 34422 | BC61: 34422 | BD61: 29348 | BE61: 28895 | BF61: 30107 | BG61: 28929 | BH61: 28929 | BI61: 24800 | BJ61: 21311 | BK61: 24199 | BL61: 20018 | BM61: 20018 | BN61: 18007 | BO61: 16467 | BP61: 17728 | BQ61: 16569 | BR61: 16569 | BS61: 18943 | BT61: 18532 | BU61: 37466 | BV61: 48452 | BW61: 48452 | BX61: 46683 | BY61: 41317 | BZ61: 42607
A62: Preço médio por unidade (em R$ mil) | B62: 221.5902 | C62: 213.13157 | D62: 210.5948 | E62: 210.5948 | F62: 206.23177 | G62: 204.90968 | H62: 202.7223 | I62: 200.77523 | J62: 200.77523 | K62: 196.85685 | L62: 193.74947 | M62: 190.26914 | N62: 188.95692 | O62: 188.95692 | P62: 182.9 | Q62: 179.10301 | R62: 177.2 | S62: 175.8 | T62: 175.8 | U62: 165.7 | V62: 160.4 | W62: 158.8 | X62: 157.9 | Y62: 157.9 | Z62: 154 | AA62: 152.7 | AB62: 152.1 | AC62: 149.6 | AD62: 149.6 | AE62: 147.4 | AF62: 148.1 | AG62: 147.4 | AH62: 147.2 | AI62: 147.2 | AJ62: 146.2 | AK62: 146.5 | AL62: 147 | AM62: 147.9 | AN62: 147.9 | AO62: 145.9 | AP62: 145.2 | AQ62: 145.5 | AR62: 146.2 | AS62: 146.2 | AT62: 147.4 | AU62: 139.6 | AV62: 137.6 | AW62: 136.4 | AX62: 136.4 | AY62: 135.1 | AZ62: 134.8 | BA62: 137.5 | BB62: 137.5 | BC62: 137.5 | BD62: 137 | BE62: 138.3 | BF62: 135.3 | BG62: 136.7 | BH62: 136.7 | BI62: 135.8 | BJ62: 127.2 | BK62: 122.3 | BL62: 121.3 | BM62: 121.3 | BN62: 116.1 | BO62: 113.8 | BP62: 114.1 | BQ62: 114.1 | BR62: 114.1 | BS62: 115.2 | BT62: 115.9 | BU62: 115.4 | BV62: 117.8 | BW62: 117.8 | BX62: 116.9 | BY62: 109 | BZ62: 106.7
A63: % Permuta Total | B63: 0.68070098 | C63: 0.71206546 | D63: 0.7392464 | E63: 0.7392464 | F63: 0.72179138 | G63: 0.72660153 | H63: 0.71728078 | I63: 0.70340107 | J63: 0.70340107 | K63: 0.66718137 | L63: 0.67570246 | M63: 0.62306189 | N63: 0.63 | O63: 0.63 | P63: 0.597 | Q63: 0.579 | R63: 0.641 | S63: 0.568 | T63: 0.568 | U63: 0.522 | V63: 0.504 | W63: 0.498 | X63: 0.433 | Y63: 0.433 | Z63: 0.419 | AA63: 0.407 | AB63: 0.384 | AC63: 0.385 | AD63: 0.385 | AE63: 0.379 | AF63: 0.348 | AG63: 0.339 | AH63: 0.346 | AI63: 0.346 | AJ63: 0.302 | AK63: 0.262 | AL63: 0.252 | AM63: 0.242 | AN63: 0.242 | AO63: 0.252 | AP63: 0.279 | AQ63: 0.288 | AR63: 0.284 | AS63: 0.284 | AT63: 0.272 | AU63: 0.226 | AV63: 0.148 | AW63: 0.142 | AX63: 0.172 | AY63: 0.125 | AZ63: 0.143 | BA63: 0.128 | BB63: 0 | BC63: 0 | BD63: 0 | BE63: 0 | BF63: 0 | BG63: 0 | BH63: 0 | BI63: 0 | BJ63: 0 | BK63: 0 | BL63: 0 | BM63: 0 | BN63: 0 | BO63: 0 | BP63: 0 | BQ63: 0 | BR63: 0 | BS63: 0 | BT63: 0 | BU63: 0 | BV63: 0 | BW63: 0 | BX63: 0 | BY63: 0 | BZ63: 0
A64: % Permuta Unidades | B64: 0.058595458 | C64: 0.064804793 | D64: 0.063104942 | E64: 0.063104942 | F64: 0.072411991 | G64: 0.083052902 | H64: 0.087322214 | I64: 0.078941783 | J64: 0.078941783 | K64: 0.079999306 | L64: 0.085749769 | M64: 0.085892752 | N64: 0.087 | O64: 0.087 | P64: 0.085 | Q64: 0.085 | R64: 0.109 | S64: 0.106 | T64: 0.106 | U64: 0.094 | V64: 0.098 | W64: 0.098 | X64: 0.086 | Y64: 0.086 | Z64: 0.079 | AA64: 0.084 | AB64: 0.079 | AC64: 0.086 | AD64: 0.086 | AE64: 0.088 | AF64: 0.085 | AG64: 0.082 | AH64: 0.084 | AI64: 0.084 | AJ64: 0.091 | AK64: 0.117 | AL64: 0.109 | AM64: 0.111 | AN64: 0.111 | AO64: 0.122 | AP64: 0.144 | AQ64: 0.178 | AR64: 0.177 | AS64: 0.177 | AT64: 0.171 | AU64: 0.15 | AV64: 0.075 | AW64: 0.093 | AX64: 0.104 | AY64: 0.091 | AZ64: 0.086 | BA64: 0.092 | BB64: 0 | BC64: 0 | BD64: 0 | BE64: 0 | BF64: 0 | BG64: 0 | BH64: 0 | BI64: 0 | BJ64: 0 | BK64: 0 | BL64: 0 | BM64: 0 | BN64: 0 | BO64: 0 | BP64: 0 | BQ64: 0 | BR64: 0 | BS64: 0 | BT64: 0 | BU64: 0 | BV64: 0 | BW64: 0 | BX64: 0 | BY64: 0 | BZ64: 0
A65: % Permuta Financeiro | B65: 0.62210552 | C65: 0.64726067 | D65: 0.67614145 | E65: 0.67614145 | F65: 0.64937939 | G65: 0.64354863 | H65: 0.62995857 | I65: 0.62445929 | J65: 0.62445929 | K65: 0.58718207 | L65: 0.58995269 | M65: 0.53716914 | N65: 0.543 | O65: 0.543 | P65: 0.512 | Q65: 0.494 | R65: 0.532 | S65: 0.462 | T65: 0.462 | U65: 0.428 | V65: 0.407 | W65: 0.4 | X65: 0.347 | Y65: 0.347 | Z65: 0.339 | AA65: 0.323 | AB65: 0.305 | AC65: 0.3 | AD65: 0.3 | AE65: 0.292 | AF65: 0.263 | AG65: 0.258 | AH65: 0.262 | AI65: 0.262 | AJ65: 0.211 | AK65: 0.144 | AL65: 0.143 | AM65: 0.13 | AN65: 0.13 | AO65: 0.13 | AP65: 0.135 | AQ65: 0.11 | AR65: 0.106 | AS65: 0.106 | AT65: 0.101 | AU65: 0.076 | AV65: 0.074 | AW65: 0.049 | AX65: 0.068 | AY65: 0.034 | AZ65: 0.057 | BA65: 0.036 | BB65: 0 | BC65: 0 | BD65: 0 | BE65: 0 | BF65: 0 | BG65: 0 | BH65: 0 | BI65: 0 | BJ65: 0 | BK65: 0 | BL65: 0 | BM65: 0 | BN65: 0 | BO65: 0 | BP65: 0 | BQ65: 0 | BR65: 0 | BS65: 0 | BT65: 0 | BU65: 0 | BV65: 0 | BW65: 0 | BX65: 0 | BY65: 0 | BZ65: 0
A66: 1) A Tenda detém 100% de participação societária de seu Banco de Terrenos.
A68: Relações com Investidores
A69: E-mail: ri@tenda.com
A70: Website: ri.tenda.com
A72: Luiz Mauricio de Garcia
A73: CFO e Diretor Executivo de Relações com Investidores
A75: Marilia Leite
A76: Gerente de Relações com Investidores
A78: Leonardo Dias Wanderley
A79: Coordenador de Relações com Investidores
A81: Felipe Chiavegato Stella
A82: Analista de Relações com Investidores

Sheet Consolidado - Financeiro
A6: DESTAQUES FINANCEIROS
A7: (em R$ milhões) | B7: 2T26 | C7: 1T26 | D7: 2025 | E7: 4T25 | F7: 3T25 | G7: 2T25 | H7: 1T25 | I7: 2024 | J7: 4T24 | K7: 3T24 | L7: 2T24 | M7: 1T24 | N7: 2023 | O7: 4T23 | P7: 3T23 | Q7: 2T23 | R7: 1T23 | S7: 2022 | T7: 4T22 | U7: 3T22 | V7: 2T22 | W7: 1T22 | X7: 2021 | Y7: 4T21 | Z7: 3T21 | AA7: 2T21 | AB7: 1T21 | AC7: 2020 | AD7: 4T20 | AE7: 3T20 | AF7: 2T20 | AG7: 1T20 | AH7: 2019 | AI7: 4T19 | AJ7: 3T19 | AK7: 2T19 | AL7: 1T19 | AM7: 2018 | AN7: 4T18 | AO7: 3T18 | AP7: 2T18 | AQ7: 1T18 | AR7: 2017 | AS7: 4T17 | AT7: 3T17 | AU7: 2T17 | AV7: 1T17 | AW7: 2016 | AX7: 4T16 | AY7: 3T16 | AZ7: 2T16 | BA7: 1T16 | BB7: 2015 | BC7: 4T15 | BD7: 3T15 | BE7: 2T15 | BF7: 1T15 | BG7: 2014 | BH7: 4T14 | BI7: 3T14 | BJ7: 2T14 | BK7: 1T14 | BL7: 2013 | BM7: 4T13 | BN7: 3T13 | BO7: 2T13 | BP7: 1T13 | BQ7: 2012 | BR7: 4T12 | BS7: 3T12 | BT7: 2T12 | BU7: 1T12 | BV7: 2011 | BW7: 4T11 | BX7: 3T11 | BY7: 2T11 | BZ7: 1T11
A8: Destaques Financeiros (R$ milhões)
A9: Receita Líquida | B9: 1290.042 | C9: 1184.817 | D9: 4173.4 | E9: 1181.3 | F9: 1135.356 | G9: 991.48255 | H9: 865.237 | I9: 3284.401 | J9: 850.569 | K9: 912.074 | L9: 776.906 | M9: 744.852 | N9: 2903.087 | O9: 754.88 | P9: 786.312 | Q9: 710.452 | R9: 651.4 | S9: 2412.6 | T9: 631.1 | U9: 573.2 | V9: 626.9 | W9: 581.4 | X9: 2540 | Y9: 517.2 | Z9: 721.2 | AA9: 698.7 | AB9: 602.9 | AC9: 2282.4 | AD9: 685.9 | AE9: 654.5 | AF9: 526.1 | AG9: 415.8 | AH9: 1950.1 | AI9: 543.1 | AJ9: 508.5 | AK9: 489.1 | AL9: 409.3 | AM9: 1681.3 | AN9: 454.6 | AO9: 461.5 | AP9: 399.1 | AQ9: 366.1 | AR9: 1357.9 | AS9: 357.2 | AT9: 361.4 | AU9: 314.6 | AV9: 324.7 | AW9: 1052.7 | AX9: 286.9 | AY9: 270.5 | AZ9: 260.7 | BA9: 234.6 | BB9: 851 | BC9: 206.8 | BD9: 221.6 | BE9: 243.1 | BF9: 179.4 | BG9: 570.1 | BH9: 158.3 | BI9: 128.9 | BJ9: 176.9 | BK9: 106 | BL9: 817.5 | BM9: 214.9 | BN9: 195.8 | BO9: 266.5 | BP9: 140.3 | BQ9: 1069.1 | BR9: 194 | BS9: 307.8 | BT9: 273.4 | BU9: 293.8 | BV9: 439.3 | BW9: -335.3 | BX9: 237.3 | BY9: 303.3 | BZ9: 234
A10: Lucro Bruto Ajustado¹ | B10: 481.28503 | C10: 420.66863 | D10: 1338.3 | E10: 374.5 | F10: 355.20097 | G10: 317.53935 | H10: 291.01957 | I10: 984.24197 | J10: 261.71762 | K10: 293.63512 | L10: 228.85681 | M10: 200.03242 | N10: 684.23731 | O10: 186.47924 | P10: 189.444 | Q10: 158.813 | R10: 148.2 | S10: 337 | T10: 82.8 | U10: 32.2 | V10: 102.2 | W10: 119.8 | X10: 487.7 | Y10: -56.6 | Z10: 162.7 | AA10: 194.1 | AB10: 187.5 | AC10: 734.6 | AD10: 216.4 | AE10: 216.3 | AF10: 169.8 | AG10: 132.1 | AH10: 681.7 | AI10: 181.7 | AJ10: 177.3 | AK10: 176.4 | AL10: 146.4 | AM10: 610.5 | AN10: 170.2 | AO10: 161.3 | AP10: 150 | AQ10: 128.9 | AR10: 498.8 | AS10: 134 | AT10: 143.7 | AU10: 108.8 | AV10: 112.3 | AW10: 351.1 | AX10: 109.1 | AY10: 94.8 | AZ10: 73 | BA10: 74.3 | BB10: 260.2 | BC10: 61.9 | BD10: 71.2 | BE10: 73.3 | BF10: 53.8 | BG10: 153.1 | BH10: 45.3 | BI10: 38.5 | BJ10: 53.8 | BK10: 15.6 | BL10: 122.7 | BM10: 61.2 | BN10: 24.2 | BO10: 35.4 | BP10: 1.9 | BQ10: 184.5 | BR10: 16.1 | BS10: 73.5 | BT10: 69.6 | BU10: 25.3 | BV10: -264.1 | BW10: -297.6 | BX10: -21.4 | BY10: 42 | BZ10: 12.9
A11: Margem Bruta Ajustada¹ (%) | B11: =B10/B9 -> 0.37307702 | C11: =C10/C9 -> 0.35504946 | D11: =D10/D9 -> 0.32067379 | E11: =E10/E9 -> 0.31702362 | F11: =F10/F9 -> 0.31285427 | G11: =G10/G9 -> 0.32026721 | H11: =H10/H9 -> 0.33634665 | I11: =I10/I9 -> 0.29967168 | ... BZ11: =BZ10/BZ9 -> 0.055128205
A12: Margem Bruta Ajustada¹ (Sem Pode Entrar + outros) (%) | B12: 0.37665622 | C12: 0.37542636 | D12: 0.329 | E12: 0.319 | F12: 0.32825787 | G12: 0.33152183 | H12: 0.33959041 | I12: 0.3076571 | J12: 0.34254618 | K12: 0.32194222 | L12: 0.29457465 | M12: 0.26855324 | N12: 0.23569301 | O12: 0.24703163 | P12: 0.24092727 | Q12: 0.22353797 | R12: 0.22750998 | S12: 0.13968333 | T12: 0.13119949 | U12: 0.056175855 | V12: 0.16302441 | W12: 0.20605435 | X12: 0.19200787 | Y12: -0.10943542 | Z12: 0.22559623 | AA12: 0.27780163 | AB12: 0.31099685 | AC12: 0.32185419 | AD12: 0.31549789 | AE12: 0.33048128 | AF12: 0.32275233 | AG12: 0.31770082 | AH12: 0.34957182 | AI12: 0.33456085 | AJ12: 0.34867257 | AK12: 0.36066244 | AL12: 0.35768385 | AM12: 0.36311188 | AN12: 0.37439507 | AO12: 0.34951246 | AP12: 0.37584565 | AQ12: 0.35208959 | AR12: 0.36733191 | AS12: 0.37513998 | AT12: 0.39762037 | AU12: 0.34583598 | AV12: 0.34585771 | AW12: 0.33352332 | AX12: 0.38027187 | AY12: 0.35046211 | AZ12: 0.28001534 | BA12: 0.31670929 | BB12: 0.30575793 | BC12: 0.29932302 | BD12: 0.32129964 | BE12: 0.30152201 | BF12: 0.29988852 | BG12: 0.26854938 | BH12: 0.28616551 | BI12: 0.29868115 | BJ12: 0.30412663 | BK12: 0.14716981 | BL12: 0.15009174 | BM12: 0.28478362 | BN12: 0.12359551 | BO12: 0.13283302 | BP12: 0.013542409 | BQ12: 0.17257506 | BR12: 0.082989691 | BS12: 0.23879142 | BT12: 0.25457206 | BU12: 0.086113002 | BV12: -0.6011837 | BW12: 0.88756338 | BX12: -0.090181205 | BY12: 0.13847676 | BZ12: 0.055128205
A13: EBITDA Ajustado² | B13: 275.20939 | C13: 256.73959 | D13: 686.1 | E13: 179.3 | F13: 187.03326 | G13: 166.90815 | H13: 152.8809 | I13: 481.09001 | J13: 130.68564 | K13: 150.77442 | L13: 98.042948 | M13: 101.58633 | N13: 217.47951 | O13: 52.908507 | P13: 56.392 | Q13: 52.852 | R13: 55.327 | S13: -203.8 | T13: -54.2 | U13: -121.9 | V13: -32.3 | W13: 4.7 | X13: -4.7 | Y13: -216.9 | Z13: 48.6 | AA13: 78.1 | AB13: 85.4 | AC13: 330 | AD13: 110.2 | AE13: 105.6 | AF13: 72.3 | AG13: 42 | AH13: 353.5 | AI13: 99.9 | AJ13: 88.4 | AK13: 95.3 | AL13: 69.9 | AM13: 278.8 | AN13: 69.5 | AO13: 82.7 | AP13: 68.3 | AQ13: 58.3 | AR13: 169.5 | AS13: 58.5 | AT13: 48.7 | AU13: 30.7 | AV13: 31.7 | AW13: 130.2 | AX13: 47.4 | AY13: 38.2 | AZ13: 21.9 | BA13: 22.8 | BB13: 62.2 | BC13: 1.5 | BD13: 24.4 | BE13: 15.2 | BF13: 21.1 | BG13: -67.5 | BH13: -30.9 | BI13: -9.8 | BJ13: -1.9 | BK13: -24.9 | BL13: -30.5 | BM13: 28.9 | BN13: -28 | BO13: -5.8 | BP13: -25.5 | BQ13: -31.3 | BR13: -57.9 | BS13: 26.5 | BT13: 11.5 | BU13: -11.4 | BV13: -596.1 | BW13: -483.9 | BX13: -68.1 | BY13: -3.1 | BZ13: -41.2
A14: Margem EBITDA Ajustada² (%) | B14: =B13/B9 -> 0.21333367 | C14: =C13/C9 -> 0.21669135 | D14: =D13/D9 -> 0.16439833 | E14: =E13/E9 -> 0.15178194 | F14: =F13/F9 -> 0.16473534 | G14: =G13/G9 -> 0.16834199 | H14: =H13/H9 -> 0.17669251 | I14: =I13/I9 -> 0.14647725 | ... BZ14: =BZ13/BZ9 -> -0.17606838
A15: Resultado Financeiro Líquido | B15: -27.265388 | C15: -6.0115947 | D15: 4.4 | E15: -47.7 | F15: -19.91277 | G15: 93.469967 | H15: -21.497898 | I15: -170.84607 | J15: -42.911637 | K15: -19.794424 | L15: -54.718691 | M15: -53.599 | N15: -130.751 | O15: -33.48 | P15: -27.913 | Q15: -15.622 | R15: -53.7 | S15: -195.3 | T15: -64 | U15: -61.7 | V15: -32.1 | W15: -37.5 | X15: -60.1 | Y15: -23.6 | Z15: -12 | AA15: -15.1 | AB15: -9.5 | AC15: -23.1 | AD15: -7.1 | AE15: -6.7 | AF15: -6.3 | AG15: -3 | AH15: 8.8 | AI15: 4 | AJ15: 2.1 | AK15: 2.4 | AL15: 0.3 | AM15: 8.5 | AN15: 0.9 | AO15: 1 | AP15: 3.4 | AQ15: 3.2 | AR15: -0.9 | AS15: -0.1 | AT15: -0.8 | AU15: 0.7 | AV15: -0.7 | AW15: -20 | AX15: -5.5 | AY15: -12.2 | AZ15: -0.4 | BA15: -1.9 | BB15: 5.8 | BC15: 0.6 | BD15: -2 | BE15: 5.7 | BF15: 1.5 | BG15: 7.3 | BH15: 1 | BI15: 5.1 | BJ15: 1.3 | BK15: -0.1 | BL15: -3.8 | BM15: -2.3 | BN15: -6.4 | BO15: 1.9 | BP15: 2.9 | BQ15: 0.7 | BR15: 0.3 | BS15: -1.4 | BT15: 1.7 | BU15: 0.1 | BV15: 15.7 | BW15: 1.8 | BX15: 3.4 | BY15: 8.2 | BZ15: 2.2
A16: Lucro Líquido (Prejuízo)³ | B16: 179.081 | C16: 183.43 | D16: 505.7 | E16: 104.6 | F16: 111.67 | G16: 203.861 | H16: 85.504 | I16: 106.412 | J16: 21.316 | K16: 76.164 | L16: 4.5 | M16: 4.432 | N16: -95.847 | O16: -19.646 | P16: -23.764 | Q16: -10.535 | R16: -41.9 | S16: -547.3 | T16: -155.1 | U16: -210.4 | V16: -114.4 | W16: -67.3 | X16: -191.5 | Y16: -268.5 | Z16: 6.4 | AA16: 33.8 | AB16: 36.9 | AC16: 200.3 | AD16: 72 | AE16: 70.5 | AF16: 40.3 | AG16: 17.6 | AH16: 263.5 | AI16: 76.2 | AJ16: 64.6 | AK16: 73 | AL16: 49.8 | AM16: 200.3 | AN16: 48 | AO16: 64.4 | AP16: 51.6 | AQ16: 36.3 | AR16: 106.7 | AS16: 36.2 | AT16: 30.7 | AU16: 20.8 | AV16: 18.9 | AW16: 56.7 | AX16: 20.2 | AY16: 23 | AZ16: 8.6 | BA16: 4.8 | BB16: 30.3 | BC16: -13 | BD16: 11.8 | BE16: 20 | BF16: 11.4 | BG16: -109.4 | BH16: -28.8 | BI16: -25.2 | BJ16: -18 | BK16: -37.5 | BL16: -118.4 | BM16: 12.5 | BN16: -61 | BO16: -26 | BP16: -43.9 | BQ16: -123.6 | BR16: -61.7 | BS16: -18.7 | BT16: -12.4 | BU16: -30.7 | BV16: -660.1 | BW16: -575.3 | BX16: -55.7 | BY16: -2.9 | BZ16: -26.2
A17: Receitas a Apropriar | B17: 3101.5135 | C17: 3110.4412 | D17: 2812 | E17: 2812 | F17: 2824.3652 | G17: 2780.6881 | H17: 2546.4635 | I17: 2370.9378 | J17: 2370.9378 | K17: 1997.2161 | L17: 1864.1937 | M17: 1719.9563 | N17: 1541.1153 | O17: 1541.1153 | P17: 1522.8382 | Q17: 1404.486 | R17: 1370.7 | S17: 1391.9 | T17: 1391.9 | U17: 1416.1 | V17: 1552.9 | W17: 1566.9 | X17: 1605.5 | Y17: 1605.5 | Z17: 1361.9 | AA17: 1275.4 | AB17: 1077.5 | AC17: 949.5 | AD17: 949.5 | AE17: 745.3 | AF17: 687 | AG17: 638.5 | AH17: 555.2 | AI17: 555.2 | AJ17: 582.7 | AK17: 528.6 | AL17: 531.5 | AM17: 546.7 | AN17: 546.7 | AO17: 524 | AP17: 480.5 | AQ17: 422.8 | AR17: 325.1 | AS17: 325.1 | AT17: 302.2 | AU17: 299.7 | AV17: 257.1 | AW17: 255.4 | AX17: 255.4 | AY17: 281.7 | AZ17: 314.8 | BA17: 294.3 | BB17: 275.3 | BC17: 275.3 | BD17: 258.6 | BE17: 246.7 | BF17: 194.2 | BG17: 130.6 | BH17: 130.6 | BI17: 138.4 | BJ17: 199.2 | BK17: 197.9 | BL17: 238.2 | BM17: 238.2 | BN17: 267.3 | BO17: 301 | BP17: 327.7 | BQ17: 553.4 | BR17: 553.4 | BS17: 746.2 | BT17: 959.8 | BU17: 1056.4 | BV17: 1315.7 | BW17: 1315.7 | BX17: 1440 | BY17: 1597.6 | BZ17: 1690.6
A18: Resultados a Apropriar | B18: 1204.4376 | C18: 1098.5918 | D18: 950.1 | E18: 950.1 | F18: 979.88714 | G18: 967.68694 | H18: 869.73171 | I18: 774.09641 | J18: 774.09641 | K18: 711.29148 | L18: 667.19372 | M18: 596.21209 | N18: 516.4912 | O18: 516.4912 | P18: 504.2259 | Q18: 441.04427 | R18: 409.7 | S18: 357.6 | T18: 357.6 | U18: 363.7 | V18: 386.2 | W18: 372.5 | X18: 395.8 | Y18: 395.8 | Z18: 437.4 | AA18: 417 | AB18: 367 | AC18: 333.9 | AD18: 333.9 | AE18: 270.4 | AF18: 255.1 | AG18: 245.3 | AH18: 217.7 | AI18: 217.7 | AJ18: 225.5 | AK18: 200.2 | AL18: 225.1 | AM18: 238.3 | AN18: 238.3 | AO18: 230.3 | AP18: 209.8 | AQ18: 188.9 | AR18: 158 | AS18: 158 | AT18: 145 | AU18: 147.2 | AV18: 112.2 | AW18: 118.9 | AX18: 118.9 | AY18: 123.8 | AZ18: 135.8 | BA18: 125.1 | BB18: 125.4 | BC18: 125.4 | BD18: 115.6 | BE18: 106.7 | BF18: 78 | BG18: 43.9 | BH18: 43.9 | BI18: 43.9 | BJ18: 65.1 | BK18: 62.7 | BL18: 70.4 | BM18: 70.4 | BN18: 67.2 | BO18: 67.1 | BP18: 67.7 | BQ18: 168.2 | BR18: 168.2 | BS18: 244.8 | BT18: 312.7 | BU18: 268.4 | BV18: 338 | BW18: 338 | BX18: 495.2 | BY18: 543.5 | BZ18: 609
A19: Margem Resultados a Apropriar (%) | B19: 0.38833865 | C19: 0.35319483 | D19: 0.338 | E19: 0.338 | F19: 0.34694067 | G19: 0.34800268 | H19: 0.34154493 | I19: 0.32649377 | J19: 0.32649377 | K19: 0.35614147 | L19: 0.35789935 | M19: 0.34664374 | N19: 0.33514119 | O19: 0.33514119 | P19: 0.3311093 | Q19: 0.3140254 | R19: 0.304 | S19: 0.257 | T19: 0.257 | U19: 0.257 | V19: 0.249 | W19: 0.238 | X19: 0.246 | Y19: 0.246 | Z19: 0.321 | AA19: 0.327 | AB19: 0.341 | AC19: 0.352 | AD19: 0.352 | AE19: 0.363 | AF19: 0.371 | AG19: 0.384 | AH19: 0.392 | AI19: 0.392 | AJ19: 0.387 | AK19: 0.379 | AL19: 0.424 | AM19: 0.436 | AN19: 0.436 | AO19: 0.439 | AP19: 0.437 | AQ19: 0.447 | AR19: 0.486 | AS19: 0.486 | AT19: 0.48 | AU19: 0.491 | AV19: 0.436 | AW19: 0.465 | AX19: 0.465 | AY19: 0.439 | AZ19: 0.431 | BA19: 0.425 | BB19: 0.455 | BC19: 0.455 | BD19: 0.447 | BE19: 0.432 | BF19: 0.402 | BG19: 0.336 | BH19: 0.336 | BI19: 0.317 | BJ19: 0.327 | BK19: 0.317 | BL19: 0.296 | BM19: 0.296 | BN19: 0.251 | BO19: 0.223 | BP19: 0.207 | BQ19: 0.304 | BR19: 0.304 | BS19: 0.328 | BT19: 0.326 | BU19: 0.254 | BV19: 0.257 | BW19: 0.257 | BX19: 0.344 | BY19: 0.34 | BZ19: 0.36
A20: Caixa e Disponibilidades⁴ | B20: 865.439 | C20: 1090.621 | D20: 1046.9 | E20: 1046.9 | F20: 916.861 | G20: 761.207 | H20: 581.501 | I20: 849.321 | J20: 849.321 | K20: 738.017 | L20: 721.904 | M20: 747.388 | N20: 718.816 | O20: 718.816 | P20: 748.15756 | Q20: 733.51192 | R20: 603.6 | S20: 674.2 | T20: 674.2 | U20: 716 | V20: 823.9 | W20: 803.4 | X20: 1064.9 | Y20: 1064.9 | Z20: 1041.8 | AA20: 945.2 | AB20: 998.7 | AC20: 1305.5 | AD20: 1305.5 | AE20: 1402.8 | AF20: 1534.9 | AG20: 1060.7 | AH20: 1070.5 | AI20: 1070.5 | AJ20: 976.3 | AK20: 1045.9 | AL20: 854.5 | AM20: 855.6 | AN20: 855.6 | AO20: 847.5 | AP20: 656.8 | AQ20: 660.4 | AR20: 497.7 | AS20: 497.7 | AT20: 387.5 | AU20: 352.2 | AV20: 284.3 | AW20: 223.5 | AX20: 223.5 | AY20: 254.5 | AZ20: 314.2 | BA20: 334.9 | BB20: 234.3 | BC20: 234.3 | BD20: 325.2 | BE20: 335.1 | BF20: 435.8 | BG20: 494.6 | BH20: 494.6 | BI20: 559.5 | BJ20: 618.1 | BK20: 594.7 | BL20: 642.7 | BM20: 642.7 | BN20: 443.6 | BO20: 768.9 | BP20: 770.1 | BQ20: 774.7 | BR20: 774.7 | BS20: 832.8 | BT20: 636.4 | BU20: 514.6 | BV20: 624.4 | BW20: 624.4 | BX20: 402.7 | BY20: 410.6 | BZ20: 408.1
A21: Dívida Líquida | B21: 303.242 | C21: 324.865 | D21: 266 | E21: 266 | F21: 200.932 | G21: 315.785 | H21: 267.55 | I21: 192.215 | J21: 192.215 | K21: 432.412 | L21: 383.786 | M21: 353.77186 | N21: 461.27859 | O21: 461.27859 | P21: 452.79058 | Q21: 625.64777 | R21: 754.8 | S21: 799.9 | T21: 799.9 | U21: 786.9 | V21: 661.9 | W21: 581.9 | X21: 331.8 | Y21: 331.8 | Z21: 298 | AA21: 184.8 | AB21: 38 | AC21: -148.3 | AD21: -148.3 | AE21: -250.7 | AF21: -187.7 | AG21: -131.8 | AH21: -200 | AI21: -200 | AJ21: -231.5 | AK21: -289.6 | AL21: -299.4 | AM21: -313.1 | AN21: -313.1 | AO21: -306.2 | AP21: -273 | AQ21: -282.6 | AR21: -227.6 | AS21: -227.6 | AT21: -256.8 | AU21: -173.6 | AV21: -110.9 | AW21: -88.5 | AX21: -88.5 | AY21: -55.1 | AZ21: -47.9 | BA21: -41.9 | BB21: 14.1 | BC21: 14.1 | BD21: 19.3 | BE21: 9.4 | BF21: -3 | BG21: -56 | BH21: -56 | BI21: -93.3 | BJ21: -86.5 | BK21: -7.5 | BL21: -3.9 | BM21: -3.9 | BN21: 552.8 | BO21: 252.1 | BP21: 153.7 | BQ21: 140.4 | BR21: 140.4 | BS21: 88.8 | BT21: 214.2 | BU21: 246.6 | BV21: 110 | BW21: 110 | BX21: 325.6 | BY21: 270 | BZ21: 281.5
A22: Dívida Líquida Ajustada | B22: 303.242 | C22: 324.865 | D22: 266 | E22: 266 | F22: 200.932 | G22: 315.785 | H22: 267.55 | I22: 192.215 | J22: 192.215 | K22: 432.412 | L22: 383.786 | M22: 353.77186 | N22: 461.27859 | O22: 461.27859 | P22: 452.79058 | Q22: 625.64777 | R22: 754.8 | S22: 799.9 | T22: 799.9 | U22: 786.9 | V22: 661.9 | W22: 581.9 | X22: 331.8 | Y22: 331.8 | Z22: 298 | AA22: 184.8 | AB22: 38 | AC22: -148.3 | AD22: -148.3 | AE22: -250.7 | AF22: -187.7 | AG22: -131.8 | AH22: -200 | AI22: -200 | AJ22: -231.5 | AK22: -289.6 | AL22: -299.4 | AM22: -313.1 | AN22: -313.1 | AO22: -306.2 | AP22: -273 | AQ22: -282.6 | AR22: -227.6 | AS22: -227.6 | AT22: -152.9 | AU22: -72 | AV22: -10.9 | AW22: 11.5 | AX22: 11.5 | AY22: -55.1 | AZ22: -47.9 | BA22: -41.9 | BB22: 14.1 | BC22: 14.1 | BD22: 19.3 | BE22: 9.4 | BF22: -3 | BG22: -56 | BH22: -56 | BI22: -93.3 | BJ22: -86.5 | BK22: -7.5 | BL22: -3.9 | BM22: -3.9 | BN22: 552.8 | BO22: 252.1 | BP22: 153.7 | BQ22: 140.4 | BR22: 140.4 | BS22: 88.8 | BT22: 214.2 | BU22: 246.6 | BV22: 110 | BW22: 110 | BX22: 325.6 | BY22: 270 | BZ22: 281.5
A23: Patrimônio Líquido + Minoritários | B23: 1534.624 | C23: 1358.397 | D23: 1204.9 | E23: 1204.9 | F23: 1241.576 | G23: 1199.333 | H23: 1067.182 | I23: 956.355 | J23: 956.355 | K23: 956.539 | L23: 871.446 | M23: 896.141 | N23: 864.43687 | O23: 864.43687 | P23: 899.73284 | Q23: 693.85614 | R23: 676.7 | S23: 717.6 | T23: 717.6 | U23: 848.8 | V23: 1047.1 | W23: 1155.7 | X23: 1212.6 | Y23: 1212.6 | Z23: 1487.6 | AA23: 1496 | AB23: 1476.4 | AC23: 1518.1 | AD23: 1518.1 | AE23: 1480.5 | AF23: 1408.1 | AG23: 1371.1 | AH23: 1351.7 | AI23: 1351.7 | AJ23: 1304.4 | AK23: 1252.4 | AL23: 1201 | AM23: 1203.8 | AN23: 1203.8 | AO23: 1218.08 | AP23: 1190.4 | AQ23: 1209.8 | AR23: 1163.7 | AS23: 1163.7 | AT23: 1126.79 | AU23: 1094.6 | AV23: 1100.9 | AW23: 1075.6 | AX23: 1075.6 | AY23: 1158.1 | AZ23: 1141.6 | BA23: 1132.2 | BB23: 1126.8 | BC23: 1126.8 | BD23: 1137.7 | BE23: 1125 | BF23: 1106.6 | BG23: 1082.3 | BH23: 1082.3 | BI23: 1049.1 | BJ23: 1074.6 | BK23: 1092.3 | BL23: 1152.6 | BM23: 1152.6 | BN23: 1719.7 | BO23: 1773.5 | BP23: 1835.7 | BQ23: 1876.7 | BR23: 1876.7 | BS23: 1504.4 | BT23: 1508.7 | BU23: 1521.1 | BV23: 2083.3 | BW23: 2083.3 | BX23: 2104.7 | BY23: 1891.5 | BZ23: 1853
A24: Dívida Líquida / (PL+Minoritários) (%) | B24: =IFERROR(B21/B23,0) -> 0.19760019 | C24: =IFERROR(C21/C23,0) -> 0.23915321 | D24: =IFERROR(D21/D23,0) -> 0.22076521 | E24: =IFERROR(E21/E23,0) -> 0.22076521 | F24: =IFERROR(F21/F23,0) -> 0.16183625 | G24: =IFERROR(G21/G23,0) -> 0.26330052 | H24: =IFERROR(H21/H23,0) -> 0.250707 | I24: =IFERROR(I21/I23,0) -> 0.20098708 | ... BZ24: =IFERROR(BZ21/BZ23,0) -> 0.15191581
A25: Dívida Líquida Ajustada / (PL + Minoritários) | B25: =IFERROR(B22/B23,0) -> 0.19760019 | C25: =IFERROR(C22/C23,0) -> 0.23915321 | D25: =IFERROR(D22/D23,0) -> 0.22076521 | E25: =IFERROR(E22/E23,0) -> 0.22076521 | F25: =IFERROR(F22/F23,0) -> 0.16183625 | G25: =IFERROR(G22/G23,0) -> 0.26330052 | H25: =IFERROR(H22/H23,0) -> 0.250707 | I25: =IFERROR(I22/I23,0) -> 0.20098708 | ... BZ25: =IFERROR(BZ22/BZ23,0) -> 0.15191581
A26: Lucro Líquido (Prejuízo)³ (Últimos 12 meses) | B26: 578.815 | C26: 603.595 | D26: 505.7 | E26: 505.7 | F26: 422.352 | G26: 386.846 | H26: 187.484 | I26: 106.412 | J26: 106.412 | K26: 65.45 | L26: -34.478 | M26: -49.513 | N26: -95.847 | O26: -95.847 | P26: -231.312 | Q26: -417.957 | R26: -521.9 | S26: -547.3 | T26: -547.3 | U26: -660.7 | V26: -443.9 | W26: -295.7 | X26: -191.5 | Y26: -191.5 | Z26: 149 | AA26: 213.1 | AB26: 219.6 | AC26: 200.3 | AD26: 200.3 | AE26: 204.6 | AF26: 198.7 | AG26: 231.4 | AH26: 263.5 | AI26: 263.5 | AJ26: 235.4 | AK26: 235.1 | AL26: 213.8 | AM26: 200.3 | AN26: 200.3 | AO26: 188.5 | AP26: 154.8 | AQ26: 124 | AR26: 106.7 | AS26: 106.7 | AT26: 90.7 | AU26: 83 | AV26: 70.8 | AW26: 56.7 | AX26: 56.7 | AY26: 23.5 | AZ26: 12.3 | BA26: 23.7 | BB26: 30.3 | BC26: 30.3 | BD26: 14.5 | BE26: -22.5 | BF26: -60.5 | BG26: -109.4 | BH26: -109.4 | BI26: -68.2 | BJ26: -103.9 | BK26: -112 | BL26: -118.4 | BM26: -118.4 | BN26: -192.6 | BO26: -150.3 | BP26: -136.7 | BQ26: -123.6 | BR26: -123.6 | BS26: -637.2 | BT26: -674.2 | BU26: -664.6 | BV26: -660.1 | BW26: -660.1
